Workbook

Sheet Кош-Агачский р-он
A5: Анализ поступления налоговых и неналоговых доходов консолидированного бюджета муниципального образования
A7: по состоянию на 1 февраля 2026 г.
F9: Кош-Агачский район
A11: Единица измерения: тыс. руб
A13: Наименование показателя | B13: Код Дохода | C13: Годовой план | F13: Фактическое поступление за прошлый финансовый год | I13: Фактическое поступление в отчетном финансовом году | L13: Темп роста КБ МО, % | O13: Отклонение (+/-) | R13: % выполнения плана
C15: МР | D15: СП | E15: КБ МО | F15: МР | G15: СП | H15: КБ МО | I15: МР | J15: СП | K15: КБ МО | L15: МР | M15: СП | N15: КБ МО | O15: МР | P15: СП | Q15: КБ МО | R15: МР | S15: СП | T15: КБ МО
A17: 1 | B17: 2 | C17: 3 | D17: 4 | E17: 5 | F17: 6 | G17: 7 | H17: 8 | I17: 9 | J17: 10 | K17: 11 | L17: 12 | M17: 13 | N17: 14 | O17: 15 | P17: 16 | Q17: 17 | R17: 18 | S17: 19 | T17: 20
A18: НАЛОГОВЫЕ И НЕНАЛОГОВЫЕ ДОХОДЫ | B18: 00010000000000000000 | C18: 336292.7 | D18: 15408.25 | E18: 351700.95 | F18: 16306.628 | G18: 920.7964 | H18: 17227.424 | I18: 13223.012 | J18: 534.8951 | K18: 13757.907 | L18: 81.0897 | M18: 58.0904 | N18: 79.8604 | O18: -3083.616 | P18: -385.9013 | Q18: -3469.5173 | R18: 3.9319 | S18: 3.4714 | T18: 3.9118
A19: НАЛОГОВЫЕ И НЕНАЛОГОВЫЕ ДОХОДЫ без невыясненных поступлений | C19: 336292.7 | D19: 15408.25 | E19: 351700.95 | F19: 16304.382 | G19: 920.7964 | H19: 17225.178 | I19: 13217.852 | J19: 534.8951 | K19: 13752.747 | L19: 81.0693 | M19: 58.0904 | N19: 79.8409 | O19: -3086.53 | P19: -385.9013 | Q19: -3472.4313 | R19: 3.9304 | S19: 3.4714 | T19: 3.9103
A20: Налоговые доходы | C20: 282708.01 | D20: 14352.72 | E20: 297060.73 | F20: 13323.306 | G20: 399.7008 | H20: 13723.007 | I20: 11406.805 | J20: 525.1335 | K20: 11931.939 | L20: 85.6154 | M20: 131.3816 | N20: 86.9484 | O20: -1916.5013 | P20: 125.4327 | Q20: -1791.0684 | R20: 4.0348 | S20: 3.6587 | T20: 4.0166
A21: НАЛОГ НА ДОХОДЫ ФИЗИЧЕСКИХ ЛИЦ | B21: 00010102000010000110 | C21: 212908.61 | D21: 7373 | E21: 220281.61 | F21: 7814.7695 | G21: 294.897 | H21: 8109.6664 | I21: 8459.9501 | J21: 323.5113 | K21: 8783.4614 | L21: 108.2559 | M21: 109.7031 | N21: 108.3085 | O21: 645.1806 | P21: 28.6143 | Q21: 673.795 | R21: 3.9735 | S21: 4.3877 | T21: 3.9873
A22: АКЦИЗЫ ПО ПОДАКЦИЗНОЙ ПРОДУКЦИИ | B22: 00010302000010000110 | C22: 24499.7 | D22: 0 | E22: 24499.7 | F22: 1853.2242 | G22: 0 | H22: 1853.2242 | I22: 1855.286 | J22: 0 | K22: 1855.286 | L22: 100.1112 | M22: 0 | N22: 100.1112 | O22: 2.0618 | P22: 0 | Q22: 2.0618 | R22: 7.5726 | S22: 0 | T22: 7.5726
A23: Туристический налог | B23: 00010303000010000110 | C23: 0 | D23: 1297 | E23: 1297 | F23: 0 | G23: 0 | H23: 0 | I23: 0 | J23: 84.8632 | K23: 84.8632 | L23: 0 | M23: 0 | N23: 0 | O23: 0 | P23: 84.8632 | Q23: 84.8632 | R23: 0 | S23: 6.543 | T23: 6.543
A24: НАЛОГИ НА СОВОКУПНЫЙ ДОХОД | B24: 00010500000000000000 | C24: 3900 | D24: 5 | E24: 3905 | F24: 2542.1241 | G24: 0 | H24: 2542.1241 | I24: -108.1083 | J24: 0 | K24: -108.1083 | L24: -4.2526 | M24: 0 | N24: -4.2526 | O24: -2650.2324 | P24: 0 | Q24: -2650.2324 | R24: -2.772 | S24: 0 | T24: -2.7684
A25: Налог, взимаемый в связи с применением упрощенной системы налогообложения | B25: 00010501000000000110 | C25: 0 | D25: 0 | E25: 0 | F25: 0 | G25: 0 | H25: 0 | I25: 0 | J25: 0 | K25: 0 | L25: 0 | M25: 0 | N25: 0 | O25: 0 | P25: 0 | Q25: 0 | R25: 0 | S25: 0 | T25: 0
A26: Единый налог на вмененный доход | B26: 00010502000020000110 | C26: 0 | D26: 0 | E26: 0 | F26: 0 | G26: 0 | H26: 0 | I26: 24.4774 | J26: 0 | K26: 24.4774 | L26: 0 | M26: 0 | N26: 0 | O26: 24.4774 | P26: 0 | Q26: 24.4774 | R26: 0 | S26: 0 | T26: 0
A27: Единый сельскохозяйственный налог | B27: 00010503000010000110 | C27: 0 | D27: 5 | E27: 5 | F27: 0 | G27: 0 | H27: 0 | I27: 0 | J27: 0 | K27: 0 | L27: 0 | M27: 0 | N27: 0 | O27: 0 | P27: 0 | Q27: 0 | R27: 0 | S27: 0 | T27: 0
A28: Налог, взимаемый в связи с применением патентной системы налогообложения | B28: 00010504000020000110 | C28: 3900 | D28: 0 | E28: 3900 | F28: 2542.1241 | G28: 0 | H28: 2542.1241 | I28: -132.5857 | J28: 0 | K28: -132.5857 | L28: -5.2155 | M28: 0 | N28: -5.2155 | O28: -2674.7098 | P28: 0 | Q28: -2674.7098 | R28: -3.3996 | S28: 0 | T28: -3.3996
A29: НАЛОГИ НА ИМУЩЕСТВО | B29: 00010600000000000000 | C29: 25698 | D29: 5664.72 | E29: 31362.72 | F29: -9.0563 | G29: 104.2038 | H29: 95.1474 | I29: 253.4962 | J29: 116.159 | K29: 369.6552 | L29: -2799.1144 | M29: 111.4729 | N29: 388.5079 | O29: 262.5525 | P29: 11.9552 | Q29: 274.5078 | R29: 0.9864 | S29: 2.0505 | T29: 1.1786
A30: Налог на имущество физических лиц | B30: 00010601000000000110 | C30: 0 | D30: 3173.83 | E30: 3173.83 | F30: 0 | G30: 51.361 | H30: 51.361 | I30: 0 | J30: 59.2983 | K30: 59.2983 | L30: 0 | M30: 115.4539 | N30: 115.4539 | O30: 0 | P30: 7.9373 | Q30: 7.9373 | R30: 0 | S30: 1.8683 | T30: 1.8683
A31: Налог на имущество организаций | B31: 00010602000020000110 | C31: 25698 | D31: 0 | E31: 25698 | F31: -9.0563 | G31: 0 | H31: -9.0563 | I31: 253.4962 | J31: 0 | K31: 253.4962 | L31: -2799.1144 | M31: 0 | N31: -2799.1144 | O31: 262.5525 | P31: 0 | Q31: 262.5525 | R31: 0.9864 | S31: 0 | T31: 0.9864
A32: Земельный налог всего, в том числе: | B32: 00010606000000000110 | C32: 0 | D32: 2490.89 | E32: 2490.89 | F32: 0 | G32: 52.8428 | H32: 52.8428 | I32: 0 | J32: 56.8606 | K32: 56.8606 | L32: 0 | M32: 107.6033 | N32: 107.6033 | O32: 0 | P32: 4.0178 | Q32: 4.0178 | R32: 0 | S32: 2.2827 | T32: 2.2827
... A44: ЗАДОЛЖЕННОСТЬ И ПЕРЕРАСЧЕТЫ ПО ОТМЕНЕННЫМ НАЛОГАМ, СБОРАМ И ИНЫМ ОБЯЗАТЕЛЬНЫМ ПЛАТЕЖАМ | B44: 00010900000000000000 | C44: 0 | D44: 0 | E44: 0 | F44: 0 | G44: 0 | H44: 0 | I44: 0 | J44: 0 | K44: 0 | L44: 0 | M44: 0 | N44: 0 | O44: 0 | P44: 0 | Q44: 0 | R44: 0 | S44: 0 | T44: 0
A45: Неналоговые доходы | C45: 53584.69 | D45: 1055.53 | E45: 54640.22 | F45: 2983.3215 | G45: 521.0957 | H45: 3504.4172 | I45: 1816.2067 | J45: 9.7617 | K45: 1825.9684 | L45: 60.8786 | M45: 1.8733 | N45: 52.1047 | O45: -1167.1148 | P45: -511.334 | Q45: -1678.4488 | R45: 3.3894 | S45: 0.9248 | T45: 3.3418
A46: Неналоговые доходы без невыясненных поступлений | C46: 53584.69 | D46: 1055.53 | E46: 54640.22 | F46: 2981.0756 | G46: 521.0957 | H46: 3502.1713 | I46: 1811.0468 | J46: 9.7617 | K46: 1820.8085 | L46: 60.7514 | M46: 1.8733 | N46: 51.9908 | O46: -1170.0288 | P46: -511.334 | Q46: -1681.3628 | R46: 3.3797 | S46: 0.9248 | T46: 3.3323
A47: ДОХОДЫ ОТ ИСПОЛЬЗОВАНИЯ ИМУЩЕСТВА, НАХОДЯЩЕГОСЯ В ГОСУДАРСТВЕННОЙ И МУНИЦИПАЛЬНОЙ СОБСТВЕННОСТИ | B47: 00011100000000000000 | C47: 15000 | D47: 500.28 | E47: 15500.28 | F47: 1377.435 | G47: 30.1917 | H47: 1407.6267 | I47: 719.7096 | J47: 9.7617 | K47: 729.4713 | L47: 52.2499 | M47: 32.3323 | N47: 51.8227 | O47: -657.7254 | P47: -20.43 | Q47: -678.1554 | R47: 4.798 | S47: 1.9512 | T47: 4.7061
A48: Доходы, получаемые в виде арендной платы за земельные участки, государственная собственность на которые не разграничена, а также средства от продажи права на заключение договоров аренды указанных земельных участков | B48: 00011105010000000120 | C48: 14821.75 | D48: 0 | E48: 14821.75 | F48: 1377.435 | G48: 0 | H48: 1377.435 | I48: 719.7096 | J48: 0 | K48: 719.7096 | L48: 52.2499 | M48: 0 | N48: 52.2499 | O48: -657.7254 | P48: 0 | Q48: -657.7254 | R48: 4.8557 | S48: 0 | T48: 4.8557
A49: Доходы, получаемые в виде арендной платы за земли после разграничения государственной собственности на землю, а также средства от продажи права на заключение договоров аренды указанных земельных участков (за исключением земельных участков бюджетных и автономных учреждений) | B49: 00011105020000000120 | C49: 0 | D49: 100 | E49: 100 | F49: 0 | G49: 21.9 | H49: 21.9 | I49: 0 | J49: 1.47 | K49: 1.47 | L49: 0 | M49: 6.7123 | N49: 6.7123 | O49: 0 | P49: -20.43 | Q49: -20.43 | R49: 0 | S49: 1.47 | T49: 1.47
A50: Доходы, получаемые в виде арендной платы за земельные участки, которые находятся в федеральной собственности и осуществление полномочий по управлению и распоряжению которыми передано органам государственной власти субъектов Российской Федерации, а также средства от продажи права на заключение договоров аренды указанных земельных участков | B50: 00011105026000000120 | C50: 0 | D50: 0 | E50: 0 | F50: 0 | G50: 0 | H50: 0 | I50: 0 | J50: 0 | K50: 0 | L50: 0 | M50: 0 | N50: 0 | O50: 0 | P50: 0 | Q50: 0 | R50: 0 | S50: 0 | T50: 0
A51: Доходы от сдачи в аренду имущества, находящегося в оперативном управлении органов государственной власти, органов местного самоуправления, государственных внебюджетных фондов и созданных ими учреждений (за исключением имущества бюджетных и автономных учреждений) | B51: 00011105030000000120 | C51: 0 | D51: 400.28 | E51: 400.28 | F51: 0 | G51: 8.2917 | H51: 8.2917 | I51: 0 | J51: 8.2917 | K51: 8.2917 | L51: 0 | M51: 100 | N51: 100 | O51: 0 | P51: 0 | Q51: 0 | R51: 0 | S51: 2.0714 | T51: 2.0714
A52: Доходы от сдачи в аренду имущества, составляющего государственную (муниципальную) казну (за исключением земельных участков) | B52: 00011105070000000120 | C52: 0 | D52: 0 | E52: 0 | F52: 0 | G52: 0 | H52: 0 | I52: 0 | J52: 0 | K52: 0 | L52: 0 | M52: 0 | N52: 0 | O52: 0 | P52: 0 | Q52: 0 | R52: 0 | S52: 0 | T52: 0
A53: Платежи от государственных и муниципальных унитарных предприятий | B53: 00011107000000000120 | C53: 0 | D53: 0 | E53: 0 | F53: 0 | G53: 0 | H53: 0 | I53: 0 | J53: 0 | K53: 0 | L53: 0 | M53: 0 | N53: 0 | O53: 0 | P53: 0 | Q53: 0 | R53: 0 | S53: 0 | T53: 0
A54: Средства, получаемые от передачи имущества, находящегося в государственной и муниципальной собственности (за исключением имущества бюджетных и автономных учреждений, а также имущества государственных и муниципальных унитарных предприятий, в том числе казенных), в залог, в доверительное управление | B54: 00011108000000000120 | C54: 0 | D54: 0 | E54: 0 | F54: 0 | G54: 0 | H54: 0 | I54: 0 | J54: 0 | K54: 0 | L54: 0 | M54: 0 | N54: 0 | O54: 0 | P54: 0 | Q54: 0 | R54: 0 | S54: 0 | T54: 0
A55: Прочие доходы от использования имущества и прав, находящихся в государственной и муниципальной собственности (за исключением имущества бюджетных и автономных учреждений, а также имущества государственных и муниципальных унитарных предприятий, в том числе казенных) | B55: 00011109000000000120 | C55: 178.25 | D55: 0 | E55: 178.25 | F55: 0 | G55: 0 | H55: 0 | I55: 0 | J55: 0 | K55: 0 | L55: 0 | M55: 0 | N55: 0 | O55: 0 | P55: 0 | Q55: 0 | R55: 0 | S55: 0 | T55: 0
A56: ПЛАТЕЖИ ПРИ ПОЛЬЗОВАНИИ ПРИРОДНЫМИ РЕСУРСАМИ | B56: 00011200000000000000 | C56: 2500 | D56: 0 | E56: 2500 | F56: 40.3038 | G56: 0 | H56: 40.3038 | I56: 0 | J56: 0 | K56: 0 | L56: 0 | M56: 0 | N56: 0 | O56: -40.3038 | P56: 0 | Q56: -40.3038 | R56: 0 | S56: 0 | T56: 0
A57: ДОХОДЫ ОТ ОКАЗАНИЯ ПЛАТНЫХ УСЛУГ (РАБОТ) И КОМПЕНСАЦИИ ЗАТРАТ ГОСУДАРСТВА | B57: 00011300000000000000 | C57: 26184.69 | D57: 427.85 | E57: 26612.54 | F57: 869.0321 | G57: 0 | H57: 869.0321 | I57: 871.4586 | J57: 0 | K57: 871.4586 | L57: 100.2792 | M57: 0 | N57: 100.2792 | O57: 2.4265 | P57: 0 | Q57: 2.4265 | R57: 3.3281 | S57: 0 | T57: 3.2746
A58: Доходы от оказания платных услуг (работ) | B58: 00011301000000000130 | C58: 24703.35 | D58: 113.512 | E58: 24816.862 | F58: 786.2029 | G58: 0 | H58: 786.2029 | I58: 442.7592 | J58: 0 | K58: 442.7592 | L58: 56.3161 | M58: 0 | N58: 56.3161 | O58: -343.4437 | P58: 0 | Q58: -343.4437 | R58: 1.7923 | S58: 0 | T58: 1.7841
... A70: инициативные платежи | B70: 000 1171500000 0000 150 | C70: 0 | D70: 0 | E70: 0 | F70: 0 | G70: 0 | H70: 0 | I70: 0 | J70: 0 | K70: 0 | L70: 0 | M70: 0 | N70: 0 | O70: 0 | P70: 0 | Q70: 0 | R70: 0 | S70: 0 | T70: 0

Sheet Улаганский р-он
A5: Анализ поступления налоговых и неналоговых доходов консолидированного бюджета муниципального образования
A7: по состоянию на 1 февраля 2026 г.
E9: Улаганский район
A11: Единица измерения: тыс. руб
A13: Наименование показателя | B13: Код Дохода | C13: Годовой план | F13: Фактическое поступление за прошлый финансовый год | I13: Фактическое поступление в отчетном финансовом году | L13: Темп роста КБ МО, % | O13: Отклонение (+/-) | R13: % выполнения плана
C15: МР | D15: СП | E15: КБ МО | F15: МР | G15: СП | H15: КБ МО | I15: МР | J15: СП | K15: КБ МО | L15: МР | M15: СП | N15: КБ МО | O15: МР | P15: СП | Q15: КБ МО | R15: МР | S15: СП | T15: КБ МО
A17: 1 | B17: 2 | C17: 3 | D17: 4 | E17: 5 | F17: 6 | G17: 7 | H17: 8 | I17: 9 | J17: 10 | K17: 11 | L17: 12 | M17: 13 | N17: 14 | O17: 15 | P17: 16 | Q17: 17 | R17: 18 | S17: 19 | T17: 20
A18: НАЛОГОВЫЕ И НЕНАЛОГОВЫЕ ДОХОДЫ | B18: 00010000000000000000 | C18: 218659.54 | D18: 19224.49 | E18: 237884.03 | F18: 10259.147 | G18: 428.224 | H18: 10687.371 | I18: 6274.4738 | J18: 540.4089 | K18: 6814.8827 | L18: 61.1598 | M18: 126.1977 | N18: 63.7657 | O18: -3984.6728 | P18: 112.1849 | Q18: -3872.4879 | R18: 2.8695 | S18: 2.811 | T18: 2.8647
A19: НАЛОГОВЫЕ И НЕНАЛОГОВЫЕ ДОХОДЫ без невыясненных поступлений | C19: 218659.54 | D19: 19224.49 | E19: 237884.03 | F19: 10216.344 | G19: 428.224 | H19: 10644.568 | I19: 6265.4355 | J19: 540.4089 | K19: 6805.8444 | L19: 61.3275 | M19: 126.1977 | N19: 63.9372 | O19: -3950.9089 | P19: 112.1849 | Q19: -3838.724 | R19: 2.8653 | S19: 2.811 | T19: 2.8609
A20: Налоговые доходы | C20: 195684.51 | D20: 19027.49 | E20: 214712 | F20: 5865.5964 | G20: 428.224 | H20: 6293.8204 | I20: 5357.1254 | J20: 540.4089 | K20: 5897.5342 | L20: 91.3312 | M20: 126.1977 | N20: 93.7035 | O20: -508.471 | P20: 112.1849 | Q20: -396.2862 | R20: 2.7376 | S20: 2.8401 | T20: 2.7467
A21: НАЛОГ НА ДОХОДЫ ФИЗИЧЕСКИХ ЛИЦ | B21: 00010102000010000110 | C21: 145177.31 | D21: 5531.08 | E21: 150708.39 | F21: 2653.6814 | G21: 100.1389 | H21: 2753.8203 | I21: 4108.2972 | J21: 157.886 | K21: 4266.1831 | L21: 154.815 | M21: 157.667 | N21: 154.9187 | O21: 1454.6158 | P21: 57.7471 | Q21: 1512.3628 | R21: 2.8298 | S21: 2.8545 | T21: 2.8307
A22: АКЦИЗЫ ПО ПОДАКЦИЗНОЙ ПРОДУКЦИИ | B22: 00010300000000000000 | C22: 15615.6 | D22: 0 | E22: 15615.6 | F22: 1181.209 | G22: 0 | H22: 1181.209 | I22: 1182.5557 | J22: 0 | K22: 1182.5557 | L22: 100.114 | M22: 0 | N22: 100.114 | O22: 1.3467 | P22: 0 | Q22: 1.3467 | R22: 7.5729 | S22: 0 | T22: 7.5729
A23: Туристический налог | B23: 00010303000010000110 | C23: 0 | D23: 6825 | E23: 6825 | F23: 0 | G23: 0 | H23: 0 | I23: 0 | J23: 196.6161 | K23: 196.6161 | L23: 0 | M23: 0 | N23: 0 | O23: 0 | P23: 196.6161 | Q23: 196.6161 | R23: 0 | S23: 2.8808 | T23: 2.8808
A24: НАЛОГИ НА СОВОКУПНЫЙ ДОХОД | B24: 00010500000000000000 | C24: 5319 | D24: 0 | E24: 5319 | F24: 1127.7372 | G24: 0 | H24: 1127.7372 | I24: -533.9305 | J24: 0 | K24: -533.9305 | L24: -47.3452 | M24: 0 | N24: -47.3452 | O24: -1661.6677 | P24: 0 | Q24: -1661.6677 | R24: -10.0381 | S24: 0 | T24: -10.0381
A25: Налог, взимаемый в связи с применением упрощенной системы налогообложения | B25: 00010501000000000110 | C25: 0 | D25: 0 | E25: 0 | F25: 0 | G25: 0 | H25: 0 | I25: 0 | J25: 0 | K25: 0 | L25: 0 | M25: 0 | N25: 0 | O25: 0 | P25: 0 | Q25: 0 | R25: 0 | S25: 0 | T25: 0
A26: Единый налог на вмененный доход | B26: 00010502000020000110 | C26: 0 | D26: 0 | E26: 0 | F26: 0.3 | G26: 0 | H26: 0.3 | I26: 0 | J26: 0 | K26: 0 | L26: 0 | M26: 0 | N26: 0 | O26: -0.3 | P26: 0 | Q26: -0.3 | R26: 0 | S26: 0 | T26: 0
A27: Единый сельскохозяйственный налог | B27: 00010503000010000110 | C27: 0 | D27: 0 | E27: 0 | F27: 0 | G27: 0 | H27: 0 | I27: 0 | J27: 0 | K27: 0 | L27: 0 | M27: 0 | N27: 0 | O27: 0 | P27: 0 | Q27: 0 | R27: 0 | S27: 0 | T27: 0
A28: Налог, взимаемый в связи с применением патентной системы налогообложения | B28: 00010504000020000110 | C28: 5319 | D28: 0 | E28: 5319 | F28: 1127.4372 | G28: 0 | H28: 1127.4372 | I28: -533.9305 | J28: 0 | K28: -533.9305 | L28: -47.3578 | M28: 0 | N28: -47.3578 | O28: -1661.3677 | P28: 0 | Q28: -1661.3677 | R28: -10.0381 | S28: 0 | T28: -10.0381
A29: НАЛОГИ НА ИМУЩЕСТВО | B29: 00010600000000000000 | C29: 19596 | D29: 6671.41 | E29: 26267.41 | F29: 314.2035 | G29: 328.0851 | H29: 642.2886 | I29: 0 | J29: 185.9068 | K29: 185.9068 | L29: 0 | M29: 56.6642 | N29: 28.9444 | O29: -314.2035 | P29: -142.1783 | Q29: -456.3818 | R29: 0 | S29: 2.7866 | T29: 0.7077
A30: Налог на имущество физических лиц | B30: 00010601000000000110 | C30: 0 | D30: 3169.38 | E30: 3169.38 | F30: 0 | G30: 307.2046 | H30: 307.2046 | I30: 0 | J30: 151.2303 | K30: 151.2303 | L30: 0 | M30: 49.2278 | N30: 49.2278 | O30: 0 | P30: -155.9743 | Q30: -155.9743 | R30: 0 | S30: 4.7716 | T30: 4.7716
A31: Налог на имущество организаций | B31: 00010602000020000110 | C31: 19596 | D31: 0 | E31: 19596 | F31: 314.2035 | G31: 0 | H31: 314.2035 | I31: 0 | J31: 0 | K31: 0 | L31: 0 | M31: 0 | N31: 0 | O31: -314.2035 | P31: 0 | Q31: -314.2035 | R31: 0 | S31: 0 | T31: 0
A32: Земельный налог всего, в том числе: | B32: 00010606000000000110 | C32: 0 | D32: 3502.03 | E32: 3502.03 | F32: 0 | G32: 20.8805 | H32: 20.8805 | I32: 0 | J32: 34.6765 | K32: 34.6765 | L32: 0 | M32: 166.0712 | N32: 166.0712 | O32: 0 | P32: 13.796 | Q32: 13.796 | R32: 0 | S32: 0.9901 | T32: 0.9901
... A44: ЗАДОЛЖЕННОСТЬ И ПЕРЕРАСЧЕТЫ ПО ОТМЕНЕННЫМ НАЛОГАМ, СБОРАМ И ИНЫМ ОБЯЗАТЕЛЬНЫМ ПЛАТЕЖАМ | B44: 00010900000000000000 | C44: 0 | D44: 0 | E44: 0 | F44: 0 | G44: 0 | H44: 0 | I44: 0 | J44: 0 | K44: 0 | L44: 0 | M44: 0 | N44: 0 | O44: 0 | P44: 0 | Q44: 0 | R44: 0 | S44: 0 | T44: 0
A45: Неналоговые доходы | C45: 22975.025 | D45: 197 | E45: 23172.025 | F45: 4393.5502 | G45: 0 | H45: 4393.5502 | I45: 917.3484 | J45: 0 | K45: 917.3484 | L45: 20.8794 | M45: 0 | N45: 20.8794 | O45: -3476.2018 | P45: 0 | Q45: -3476.2018 | R45: 3.9928 | S45: 0 | T45: 3.9588
A46: Неналоговые доходы без невыясненных поступлений | C46: 22975.025 | D46: 197 | E46: 23172.025 | F46: 4350.748 | G46: 0 | H46: 4350.748 | I46: 908.3101 | J46: 0 | K46: 908.3101 | L46: 20.8771 | M46: 0 | N46: 20.8771 | O46: -3442.4379 | P46: 0 | Q46: -3442.4379 | R46: 3.9534 | S46: 0 | T46: 3.9198
A47: ДОХОДЫ ОТ ИСПОЛЬЗОВАНИЯ ИМУЩЕСТВА, НАХОДЯЩЕГОСЯ В ГОСУДАРСТВЕННОЙ И МУНИЦИПАЛЬНОЙ СОБСТВЕННОСТИ | B47: 00011100000000000000 | C47: 4238.01 | D47: 42 | E47: 4280.01 | F47: 2547.5804 | G47: 0 | H47: 2547.5804 | I47: 108.5371 | J47: 0 | K47: 108.5371 | L47: 4.2603 | M47: 0 | N47: 4.2603 | O47: -2439.0433 | P47: 0 | Q47: -2439.0433 | R47: 2.561 | S47: 0 | T47: 2.5359
A48: Доходы, получаемые в виде арендной платы за земельные участки, государственная собственность на которые не разграничена, а также средства от продажи права на заключение договоров аренды указанных земельных участков | B48: 00011105010000000120 | C48: 4194.03 | D48: 0 | E48: 4194.03 | F48: 2547.5804 | G48: 0 | H48: 2547.5804 | I48: 104.7751 | J48: 0 | K48: 104.7751 | L48: 4.1127 | M48: 0 | N48: 4.1127 | O48: -2442.8053 | P48: 0 | Q48: -2442.8053 | R48: 2.4981 | S48: 0 | T48: 2.4981
A49: Доходы, получаемые в виде арендной платы за земли после разграничения государственной собственности на землю, а также средства от продажи права на заключение договоров аренды указанных земельных участков (за исключением земельных участков бюджетных и автономных учреждений) | B49: 00011105020000000120 | C49: 0 | D49: 0 | E49: 0 | F49: 0 | G49: 0 | H49: 0 | I49: 0 | J49: 0 | K49: 0 | L49: 0 | M49: 0 | N49: 0 | O49: 0 | P49: 0 | Q49: 0 | R49: 0 | S49: 0 | T49: 0
A50: Доходы, получаемые в виде арендной платы за земельные участки, которые находятся в федеральной собственности и осуществление полномочий по управлению и распоряжению которыми передано органам государственной власти субъектов Российской Федерации, а также средства от продажи права на заключение договоров аренды указанных земельных участков | B50: 00011105026000000120 | C50: 0 | D50: 0 | E50: 0 | F50: 0 | G50: 0 | H50: 0 | I50: 0 | J50: 0 | K50: 0 | L50: 0 | M50: 0 | N50: 0 | O50: 0 | P50: 0 | Q50: 0 | R50: 0 | S50: 0 | T50: 0
A51: Доходы от сдачи в аренду имущества, находящегося в оперативном управлении органов государственной власти, органов местного самоуправления, государственных внебюджетных фондов и созданных ими учреждений (за исключением имущества бюджетных и автономных учреждений) | B51: 00011105030000000120 | C51: 39.98 | D51: 42 | E51: 81.98 | F51: 0 | G51: 0 | H51: 0 | I51: 3.762 | J51: 0 | K51: 3.762 | L51: 0 | M51: 0 | N51: 0 | O51: 3.762 | P51: 0 | Q51: 3.762 | R51: 9.4097 | S51: 0 | T51: 4.5889
A52: Доходы от сдачи в аренду имущества, составляющего государственную (муниципальную) казну (за исключением земельных участков) | B52: 00011105070000000120 | C52: 0 | D52: 0 | E52: 0 | F52: 0 | G52: 0 | H52: 0 | I52: 0 | J52: 0 | K52: 0 | L52: 0 | M52: 0 | N52: 0 | O52: 0 | P52: 0 | Q52: 0 | R52: 0 | S52: 0 | T52: 0
A53: Платежи от государственных и муниципальных унитарных предприятий | B53: 00011107000000000120 | C53: 0 | D53: 0 | E53: 0 | F53: 0 | G53: 0 | H53: 0 | I53: 0 | J53: 0 | K53: 0 | L53: 0 | M53: 0 | N53: 0 | O53: 0 | P53: 0 | Q53: 0 | R53: 0 | S53: 0 | T53: 0
A54: Средства, получаемые от передачи имущества, находящегося в государственной и муниципальной собственности (за исключением имущества бюджетных и автономных учреждений, а также имущества государственных и муниципальных унитарных предприятий, в том числе казенных), в залог, в доверительное управление | B54: 00011108000000000120 | C54: 0 | D54: 0 | E54: 0 | F54: 0 | G54: 0 | H54: 0 | I54: 0 | J54: 0 | K54: 0 | L54: 0 | M54: 0 | N54: 0 | O54: 0 | P54: 0 | Q54: 0 | R54: 0 | S54: 0 | T54: 0
A55: Прочие доходы от использования имущества и прав, находящихся в государственной и муниципальной собственности (за исключением имущества бюджетных и автономных учреждений, а также имущества государственных и муниципальных унитарных предприятий, в том числе казенных) | B55: 00011109000000000120 | C55: 4 | D55: 0 | E55: 4 | F55: 0 | G55: 0 | H55: 0 | I55: 0 | J55: 0 | K55: 0 | L55: 0 | M55: 0 | N55: 0 | O55: 0 | P55: 0 | Q55: 0 | R55: 0 | S55: 0 | T55: 0
A56: ПЛАТЕЖИ ПРИ ПОЛЬЗОВАНИИ ПРИРОДНЫМИ РЕСУРСАМИ | B56: 00011200000000000000 | C56: 162.23 | D56: 0 | E56: 162.23 | F56: 2.2995 | G56: 0 | H56: 2.2995 | I56: 0 | J56: 0 | K56: 0 | L56: 0 | M56: 0 | N56: 0 | O56: -2.2995 | P56: 0 | Q56: -2.2995 | R56: 0 | S56: 0 | T56: 0
A57: ДОХОДЫ ОТ ОКАЗАНИЯ ПЛАТНЫХ УСЛУГ (РАБОТ) И КОМПЕНСАЦИИ ЗАТРАТ ГОСУДАРСТВА | B57: 00011300000000000000 | C57: 13249.915 | D57: 55 | E57: 13304.915 | F57: 676.703 | G57: 0 | H57: 676.703 | I57: 515.1972 | J57: 0 | K57: 515.1972 | L57: 76.1334 | M57: 0 | N57: 76.1334 | O57: -161.5058 | P57: 0 | Q57: -161.5058 | R57: 3.8883 | S57: 0 | T57: 3.8722
A58: Доходы от оказания платных услуг (работ) | B58: 00011301000000000130 | C58: 13249.915 | D58: 55 | E58: 13304.915 | F58: 676.703 | G58: 0 | H58: 676.703 | I58: 515.1972 | J58: 0 | K58: 515.1972 | L58: 76.1334 | M58: 0 | N58: 76.1334 | O58: -161.5058 | P58: 0 | Q58: -161.5058 | R58: 3.8883 | S58: 0 | T58: 3.8722
... A70: инициативные платежи | B70: 000 1171500000 0000 150 | C70: 0 | D70: 0 | E70: 0 | F70: 0 | G70: 0 | H70: 0 | I70: 0 | J70: 0 | K70: 0 | L70: 0 | M70: 0 | N70: 0 | O70: 0 | P70: 0 | Q70: 0 | R70: 0 | S70: 0 | T70: 0

Sheet Усть-Канский р-он
A5: Анализ поступления налоговых и неналоговых доходов консолидированного бюджета муниципального образования
A7: по состоянию на 1 февраля 2026 г.
E9: Усть-Канский район
A11: Единица измерения: тыс. руб
A13: Наименование показателя | B13: Код Дохода | C13: Годовой план | F13: Фактическое поступление за прошлый финансовый год | I13: Фактическое поступление в отчетном финансовом году | L13: Темп роста КБ МО, % | O13: Отклонение (+/-) | R13: % выполнения плана
C15: МР | D15: СП | E15: КБ МО | F15: МР | G15: СП | H15: КБ МО | I15: МР | J15: СП | K15: КБ МО | L15: МР | M15: СП | N15: КБ МО | O15: МР | P15: СП | Q15: КБ МО | R15: МР | S15: СП | T15: КБ МО
A17: 1 | B17: 2 | C17: 3 | D17: 4 | E17: 5 | F17: 6 | G17: 7 | H17: 8 | I17: 9 | J17: 10 | K17: 11 | L17: 12 | M17: 13 | N17: 14 | O17: 15 | P17: 16 | Q17: 17 | R17: 18 | S17: 19 | T17: 20
A18: НАЛОГОВЫЕ И НЕНАЛОГОВЫЕ ДОХОДЫ | B18: 00010000000000000000 | C18: 189320.76 | D18: 17300.932 | E18: 206621.69 | F18: 6889.7869 | G18: 416.3124 | H18: 7306.0993 | I18: 6432.7403 | J18: 237.7689 | K18: 6670.5091 | L18: 93.3663 | M18: 57.113 | N18: 91.3005 | O18: -457.0466 | P18: -178.5435 | Q18: -635.5902 | R18: 3.3977 | S18: 1.3743 | T18: 3.2283
A19: НАЛОГОВЫЕ И НЕНАЛОГОВЫЕ ДОХОДЫ без невыясненных поступлений | C19: 189320.76 | D19: 17300.932 | E19: 206621.69 | F19: 6889.7869 | G19: 416.3124 | H19: 7306.0993 | I19: 6432.7403 | J19: 237.7689 | K19: 6670.5091 | L19: 93.3663 | M19: 57.113 | N19: 91.3005 | O19: -457.0466 | P19: -178.5435 | Q19: -635.5902 | R19: 3.3977 | S19: 1.3743 | T19: 3.2283
A20: Налоговые доходы | C20: 179174.62 | D20: 17249.2 | E20: 196423.82 | F20: 6085.3461 | G20: 409.0565 | H20: 6494.4025 | I20: 5751.9846 | J20: 232.513 | K20: 5984.4976 | L20: 94.5218 | M20: 56.8412 | N20: 92.1485 | O20: -333.3615 | P20: -176.5435 | Q20: -509.9049 | R20: 3.2102 | S20: 1.3479 | T20: 3.0467
A21: НАЛОГ НА ДОХОДЫ ФИЗИЧЕСКИХ ЛИЦ | B21: 00010102000010000110 | C21: 114188 | D21: 4110.6 | E21: 118298.6 | F21: 1986.7778 | G21: 75.0666 | H21: 2061.8443 | I21: 2676.6151 | J21: 103.4588 | K21: 2780.0739 | L21: 134.7214 | M21: 137.8226 | N21: 134.8343 | O21: 689.8373 | P21: 28.3922 | Q21: 718.2296 | R21: 2.344 | S21: 2.5168 | T21: 2.35
A22: АКЦИЗЫ ПО ПОДАКЦИЗНОЙ ПРОДУКЦИИ | B22: 00010300000000000000 | C22: 28554.203 | D22: 0 | E22: 28554.203 | F22: 2159.9218 | G22: 0 | H22: 2159.9218 | I22: 2162.3554 | J22: 0 | K22: 2162.3554 | L22: 100.1126 | M22: 0 | N22: 100.1126 | O22: 2.4336 | P22: 0 | Q22: 2.4336 | R22: 7.5728 | S22: 0 | T22: 7.5728
A23: Туристический налог | B23: 00010303000010000110 | C23: 0 | D23: 133.4 | E23: 133.4 | F23: 0 | G23: 0 | H23: 0 | I23: 0 | J23: 20.4 | K23: 20.4 | L23: 0 | M23: 0 | N23: 0 | O23: 0 | P23: 20.4 | Q23: 20.4 | R23: 0 | S23: 15.2923 | T23: 15.2923
A24: НАЛОГИ НА СОВОКУПНЫЙ ДОХОД | B24: 00010500000000000000 | C24: 5596.52 | D24: 865.2 | E24: 6461.72 | F24: 1389.3161 | G24: 0.0696 | H24: 1389.3857 | I24: 173.8908 | J24: 0.0542 | K24: 173.945 | L24: 12.5162 | M24: 77.8735 | N24: 12.5195 | O24: -1215.4253 | P24: -0.0154 | Q24: -1215.4407 | R24: 3.1071 | S24: 0.0062 | T24: 2.6919
A25: Налог, взимаемый в связи с применением упрощенной системы налогообложения | B25: 00010501000000000110 | C25: 0 | D25: 0 | E25: 0 | F25: 0 | G25: 0 | H25: 0 | I25: 0 | J25: 0 | K25: 0 | L25: 0 | M25: 0 | N25: 0 | O25: 0 | P25: 0 | Q25: 0 | R25: 0 | S25: 0 | T25: 0
A26: Единый налог на вмененный доход | B26: 00010502000020000110 | C26: 0 | D26: 0 | E26: 0 | F26: 0.425 | G26: 0.075 | H26: 0.5 | I26: 0.0008 | J26: 0.0002 | K26: 0.001 | L26: 0.1882 | M26: 0.2666 | N26: 0.2 | O26: -0.4242 | P26: -0.0748 | Q26: -0.499 | R26: 0 | S26: 0 | T26: 0
A27: Единый сельскохозяйственный налог | B27: 00010503000010000110 | C27: 1404.18 | D27: 865.2 | E27: 2269.38 | F27: -0.0125 | G27: -0.0054 | H27: -0.0179 | I27: 0.1262 | J27: 0.0541 | K27: 0.1803 | L27: -1009.6 | M27: -1001.8518 | N27: -1007.2625 | O27: 0.1387 | P27: 0.0595 | Q27: 0.1982 | R27: 0.0089 | S27: 0.0062 | T27: 0.0079
A28: Налог, взимаемый в связи с применением патентной системы налогообложения | B28: 00010504000020000110 | C28: 4192.34 | D28: 0 | E28: 4192.34 | F28: 1388.9036 | G28: 0 | H28: 1388.9036 | I28: 173.7638 | J28: 0 | K28: 173.7638 | L28: 12.5108 | M28: 0 | N28: 12.5108 | O28: -1215.1398 | P28: 0 | Q28: -1215.1398 | R28: 4.1447 | S28: 0 | T28: 4.1447
A29: НАЛОГИ НА ИМУЩЕСТВО | B29: 00010600000000000000 | C29: 21035.7 | D29: 12117 | E29: 33152.7 | F29: -13.4985 | G29: 332.8203 | H29: 319.3218 | I29: -8.722 | J29: 108.5 | K29: 99.778 | L29: 64.6145 | M29: 32.6001 | N29: 31.2468 | O29: 4.7765 | P29: -224.3203 | Q29: -219.5438 | R29: -0.0414 | S29: 0.8954 | T29: 0.3009
A30: Налог на имущество физических лиц | B30: 00010601000000000110 | C30: 0 | D30: 6766.5 | E30: 6766.5 | F30: 0 | G30: 233.2082 | H30: 233.2082 | I30: 0 | J30: 49.2118 | K30: 49.2118 | L30: 0 | M30: 21.102 | N30: 21.102 | O30: 0 | P30: -183.9964 | Q30: -183.9964 | R30: 0 | S30: 0.7272 | T30: 0.7272
A31: Налог на имущество организаций | B31: 00010602000020000110 | C31: 21035.7 | D31: 0 | E31: 21035.7 | F31: -13.4985 | G31: 0 | H31: -13.4985 | I31: -8.722 | J31: 0 | K31: -8.722 | L31: 64.6145 | M31: 0 | N31: 64.6145 | O31: 4.7765 | P31: 0 | Q31: 4.7765 | R31: -0.0414 | S31: 0 | T31: -0.0414
A32: Земельный налог всего, в том числе: | B32: 00010606000000000110 | C32: 0 | D32: 5350.5 | E32: 5350.5 | F32: 0 | G32: 99.6121 | H32: 99.6121 | I32: 0 | J32: 59.2882 | K32: 59.2882 | L32: 0 | M32: 59.519 | N32: 59.519 | O32: 0 | P32: -40.3239 | Q32: -40.3239 | R32: 0 | S32: 1.108 | T32: 1.108
... A44: ЗАДОЛЖЕННОСТЬ И ПЕРЕРАСЧЕТЫ ПО ОТМЕНЕННЫМ НАЛОГАМ, СБОРАМ И ИНЫМ ОБЯЗАТЕЛЬНЫМ ПЛАТЕЖАМ | B44: 00010900000000000000 | C44: 0 | D44: 0 | E44: 0 | F44: 0 | G44: 0 | H44: 0 | I44: 0 | J44: 0 | K44: 0 | L44: 0 | M44: 0 | N44: 0 | O44: 0 | P44: 0 | Q44: 0 | R44: 0 | S44: 0 | T44: 0
A45: Неналоговые доходы | C45: 10146.14 | D45: 51.732 | E45: 10197.872 | F45: 804.441 | G45: 7.2559 | H45: 811.6969 | I45: 680.7557 | J45: 5.2559 | K45: 686.0116 | L45: 84.6246 | M45: 72.4362 | N45: 84.5157 | O45: -123.6853 | P45: -2 | Q45: -125.6853 | R45: 6.7095 | S45: 10.1598 | T45: 6.727
A46: Неналоговые доходы без невыясненных поступлений | C46: 10146.14 | D46: 51.732 | E46: 10197.872 | F46: 804.441 | G46: 7.2559 | H46: 811.6969 | I46: 680.7557 | J46: 5.2559 | K46: 686.0116 | L46: 84.6246 | M46: 72.4362 | N46: 84.5157 | O46: -123.6853 | P46: -2 | Q46: -125.6853 | R46: 6.7095 | S46: 10.1598 | T46: 6.727
A47: ДОХОДЫ ОТ ИСПОЛЬЗОВАНИЯ ИМУЩЕСТВА, НАХОДЯЩЕГОСЯ В ГОСУДАРСТВЕННОЙ И МУНИЦИПАЛЬНОЙ СОБСТВЕННОСТИ | B47: 00011100000000000000 | C47: 7270.1 | D47: 51.732 | E47: 7321.832 | F47: 718.4156 | G47: 5.2559 | H47: 723.6715 | I47: 574.9284 | J47: 5.2559 | K47: 580.1843 | L47: 80.0272 | M47: 100 | N47: 80.1723 | O47: -143.4872 | P47: 0 | Q47: -143.4872 | R47: 7.9081 | S47: 10.1598 | T47: 7.924
A48: Доходы, получаемые в виде арендной платы за земельные участки, государственная собственность на которые не разграничена, а также средства от продажи права на заключение договоров аренды указанных земельных участков | B48: 00011105010000000120 | C48: 7270.1 | D48: 0 | E48: 7270.1 | F48: 718.4156 | G48: 0 | H48: 718.4156 | I48: 574.9284 | J48: 0 | K48: 574.9284 | L48: 80.0272 | M48: 0 | N48: 80.0272 | O48: -143.4872 | P48: 0 | Q48: -143.4872 | R48: 7.9081 | S48: 0 | T48: 7.9081
A49: Доходы, получаемые в виде арендной платы за земли после разграничения государственной собственности на землю, а также средства от продажи права на заключение договоров аренды указанных земельных участков (за исключением земельных участков бюджетных и автономных учреждений) | B49: 00011105020000000120 | C49: 0 | D49: 29 | E49: 29 | F49: 0 | G49: 0 | H49: 0 | I49: 0 | J49: 0 | K49: 0 | L49: 0 | M49: 0 | N49: 0 | O49: 0 | P49: 0 | Q49: 0 | R49: 0 | S49: 0 | T49: 0
A50: Доходы, получаемые в виде арендной платы за земельные участки, которые находятся в федеральной собственности и осуществление полномочий по управлению и распоряжению которыми передано органам государственной власти субъектов Российской Федерации, а также средства от продажи права на заключение договоров аренды указанных земельных участков | B50: 00011105026000000120 | C50: 0 | D50: 0 | E50: 0 | F50: 0 | G50: 0 | H50: 0 | I50: 0 | J50: 0 | K50: 0 | L50: 0 | M50: 0 | N50: 0 | O50: 0 | P50: 0 | Q50: 0 | R50: 0 | S50: 0 | T50: 0
A51: Доходы от сдачи в аренду имущества, находящегося в оперативном управлении органов государственной власти, органов местного самоуправления, государственных внебюджетных фондов и созданных ими учреждений (за исключением имущества бюджетных и автономных учреждений) | B51: 00011105030000000120 | C51: 0 | D51: 22.732 | E51: 22.732 | F51: 0 | G51: 5.2559 | H51: 5.2559 | I51: 0 | J51: 5.2559 | K51: 5.2559 | L51: 0 | M51: 100 | N51: 100 | O51: 0 | P51: 0 | Q51: 0 | R51: 0 | S51: 23.1211 | T51: 23.1211
A52: Доходы от сдачи в аренду имущества, составляющего государственную (муниципальную) казну (за исключением земельных участков) | B52: 00011105070000000120 | C52: 0 | D52: 0 | E52: 0 | F52: 0 | G52: 0 | H52: 0 | I52: 0 | J52: 0 | K52: 0 | L52: 0 | M52: 0 | N52: 0 | O52: 0 | P52: 0 | Q52: 0 | R52: 0 | S52: 0 | T52: 0
A53: Платежи от государственных и муниципальных унитарных предприятий | B53: 00011107000000000120 | C53: 0 | D53: 0 | E53: 0 | F53: 0 | G53: 0 | H53: 0 | I53: 0 | J53: 0 | K53: 0 | L53: 0 | M53: 0 | N53: 0 | O53: 0 | P53: 0 | Q53: 0 | R53: 0 | S53: 0 | T53: 0
A54: Средства, получаемые от передачи имущества, находящегося в государственной и муниципальной собственности (за исключением имущества бюджетных и автономных учреждений, а также имущества государственных и муниципальных унитарных предприятий, в том числе казенных), в залог, в доверительное управление | B54: 00011108000000000120 | C54: 0 | D54: 0 | E54: 0 | F54: 0 | G54: 0 | H54: 0 | I54: 0 | J54: 0 | K54: 0 | L54: 0 | M54: 0 | N54: 0 | O54: 0 | P54: 0 | Q54: 0 | R54: 0 | S54: 0 | T54: 0
A55: Прочие доходы от использования имущества и прав, находящихся в государственной и муниципальной собственности (за исключением имущества бюджетных и автономных учреждений, а также имущества государственных и муниципальных унитарных предприятий, в том числе казенных) | B55: 00011109000000000120 | C55: 0 | D55: 0 | E55: 0 | F55: 0 | G55: 0 | H55: 0 | I55: 0 | J55: 0 | K55: 0 | L55: 0 | M55: 0 | N55: 0 | O55: 0 | P55: 0 | Q55: 0 | R55: 0 | S55: 0 | T55: 0
A56: ПЛАТЕЖИ ПРИ ПОЛЬЗОВАНИИ ПРИРОДНЫМИ РЕСУРСАМИ | B56: 00011200000000000000 | C56: 0 | D56: 0 | E56: 0 | F56: 0.0031 | G56: 0 | H56: 0.0031 | I56: 0 | J56: 0 | K56: 0 | L56: 0 | M56: 0 | N56: 0 | O56: -0.0031 | P56: 0 | Q56: -0.0031 | R56: 0 | S56: 0 | T56: 0
A57: ДОХОДЫ ОТ ОКАЗАНИЯ ПЛАТНЫХ УСЛУГ (РАБОТ) И КОМПЕНСАЦИИ ЗАТРАТ ГОСУДАРСТВА | B57: 00011300000000000000 | C57: 0 | D57: 0 | E57: 0 | F57: 0 | G57: 0 | H57: 0 | I57: 0 | J57: 0 | K57: 0 | L57: 0 | M57: 0 | N57: 0 | O57: 0 | P57: 0 | Q57: 0 | R57: 0 | S57: 0 | T57: 0
A58: Доходы от оказания платных услуг (работ) | B58: 00011301000000000130 | C58: 0 | D58: 0 | E58: 0 | F58: 0 | G58: 0 | H58: 0 | I58: 0 | J58: 0 | K58: 0 | L58: 0 | M58: 0 | N58: 0 | O58: 0 | P58: 0 | Q58: 0 | R58: 0 | S58: 0 | T58: 0
... A70: инициативные платежи | B70: 000 1171500000 0000 150 | C70: 0 | D70: 0 | E70: 0 | F70: 0 | G70: 0 | H70: 0 | I70: 0 | J70: 0 | K70: 0 | L70: 0 | M70: 0 | N70: 0 | O70: 0 | P70: 0 | Q70: 0 | R70: 0 | S70: 0 | T70: 0

Sheet Онгудайский р-он
A5: Анализ поступления налоговых и неналоговых доходов консолидированного бюджета муниципального образования
A7: по состоянию на 1 февраля 2026 г.
E9: Онгудайский район
A11: Единица измерения: тыс. руб
A13: Наименование показателя | B13: Код Дохода | C13: Годовой план | F13: Фактическое поступление за прошлый финансовый год | I13: Фактическое поступление в отчетном финансовом году | L13: Темп роста КБ МО, % | O13: Отклонение (+/-) | R13: % выполнения плана
C15: МР | D15: СП | E15: КБ МО | F15: МР | G15: СП | H15: КБ МО | I15: МР | J15: СП | K15: КБ МО | L15: МР | M15: СП | N15: КБ МО | O15: МР | P15: СП | Q15: КБ МО | R15: МР | S15: СП | T15: КБ МО
A17: 1 | B17: 2 | C17: 3 | D17: 4 | E17: 5 | F17: 6 | G17: 7 | H17: 8 | I17: 9 | J17: 10 | K17: 11 | L17: 12 | M17: 13 | N17: 14 | O17: 15 | P17: 16 | Q17: 17 | R17: 18 | S17: 19 | T17: 20
A18: НАЛОГОВЫЕ И НЕНАЛОГОВЫЕ ДОХОДЫ | B18: 00010000000000000000 | C18: 257495.4 | D18: 26854.134 | E18: 284349.53 | F18: 12015.653 | G18: 461.8464 | H18: 12477.499 | I18: 6820.2227 | J18: 465.4087 | K18: 7285.6314 | L18: 56.7611 | M18: 100.7713 | N18: 58.3901 | O18: -5195.4298 | P18: 3.5623 | Q18: -5191.8675 | R18: 2.6486 | S18: 1.733 | T18: 2.5622
A19: НАЛОГОВЫЕ И НЕНАЛОГОВЫЕ ДОХОДЫ без невыясненных поступлений | C19: 257495.4 | D19: 26854.134 | E19: 284349.53 | F19: 12009.716 | G19: 460.8244 | H19: 12470.54 | I19: 6820.0613 | J19: 461.2629 | K19: 7281.3242 | L19: 56.7878 | M19: 100.0951 | N19: 58.3882 | O19: -5189.6542 | P19: 0.4385 | Q19: -5189.2157 | R19: 2.6486 | S19: 1.7176 | T19: 2.5606
A20: Налоговые доходы | C20: 216589.96 | D20: 25111.134 | E20: 241701.09 | F20: 10139.603 | G20: 369.0864 | H20: 10508.689 | I20: 4934.288 | J20: 359.9086 | K20: 5294.1966 | L20: 48.6635 | M20: 97.5133 | N20: 50.3792 | O20: -5205.315 | P20: -9.1778 | Q20: -5214.4928 | R20: 2.2781 | S20: 1.4332 | T20: 2.1903
A21: НАЛОГ НА ДОХОДЫ ФИЗИЧЕСКИХ ЛИЦ | B21: 00010102000010000110 | C21: 145805.5 | D21: 4835.33 | E21: 150640.83 | F21: 3757.7381 | G21: 141.8015 | H21: 3899.5396 | I21: 3807.7926 | J21: 146.317 | K21: 3954.1096 | L21: 101.332 | M21: 103.1843 | N21: 101.3993 | O21: 50.0545 | P21: 4.5155 | Q21: 54.57 | R21: 2.6115 | S21: 3.0259 | T21: 2.6248
A22: АКЦИЗЫ ПО ПОДАКЦИЗНОЙ ПРОДУКЦИИ | B22: 00010300000000000000 | C22: 21275.26 | D22: 0 | E22: 21275.26 | F22: 1673.3515 | G22: 0 | H22: 1673.3515 | I22: 1675.2214 | J22: 0 | K22: 1675.2214 | L22: 100.1117 | M22: 0 | N22: 100.1117 | O22: 1.8699 | P22: 0 | Q22: 1.8699 | R22: 7.874 | S22: 0 | T22: 7.874
A23: Туристический налог | B23: 00010303000010000110 | C23: 0 | D23: 2726.0037 | E23: 2726.0037 | F23: 0 | G23: 0 | H23: 0 | I23: 0 | J23: 34.729 | K23: 34.729 | L23: 0 | M23: 0 | N23: 0 | O23: 0 | P23: 34.729 | Q23: 34.729 | R23: 0 | S23: 1.2739 | T23: 1.2739
A24: НАЛОГИ НА СОВОКУПНЫЙ ДОХОД | B24: 00010500000000000000 | C24: 8606.7 | D24: 386.4 | E24: 8993.1 | F24: 2821.4732 | G24: 1.0124 | H24: 2822.4856 | I24: 47.7858 | J24: -0.108 | K24: 47.6778 | L24: 1.6936 | M24: -10.6677 | N24: 1.6892 | O24: -2773.6874 | P24: -1.1204 | Q24: -2774.8078 | R24: 0.5552 | S24: -0.0279 | T24: 0.5301
A25: Налог, взимаемый в связи с применением упрощенной системы налогообложения | B25: 00010501000000000110 | C25: 0 | D25: 0 | E25: 0 | F25: 0 | G25: 0 | H25: 0 | I25: 0 | J25: 0 | K25: 0 | L25: 0 | M25: 0 | N25: 0 | O25: 0 | P25: 0 | Q25: 0 | R25: 0 | S25: 0 | T25: 0
A26: Единый налог на вмененный доход | B26: 00010502000020000110 | C26: 0 | D26: 0 | E26: 0 | F26: 0 | G26: 0 | H26: 0 | I26: 0 | J26: 0 | K26: 0 | L26: 0 | M26: 0 | N26: 0 | O26: 0 | P26: 0 | Q26: 0 | R26: 0 | S26: 0 | T26: 0
A27: Единый сельскохозяйственный налог | B27: 00010503000010000110 | C27: 1206.8 | D27: 386.4 | E27: 1593.2 | F27: 2.3623 | G27: 1.0124 | H27: 3.3748 | I27: -0.252 | J27: -0.108 | K27: -0.36 | L27: -10.6675 | M27: -10.6677 | N27: -10.6672 | O27: -2.6143 | P27: -1.1204 | Q27: -3.7348 | R27: -0.0208 | S27: -0.0279 | T27: -0.0225
A28: Налог, взимаемый в связи с применением патентной системы налогообложения | B28: 00010504000020000110 | C28: 7399.9 | D28: 0 | E28: 7399.9 | F28: 2819.1108 | G28: 0 | H28: 2819.1108 | I28: 48.0378 | J28: 0 | K28: 48.0378 | L28: 1.704 | M28: 0 | N28: 1.704 | O28: -2771.073 | P28: 0 | Q28: -2771.073 | R28: 0.6491 | S28: 0 | T28: 0.6491
A29: НАЛОГИ НА ИМУЩЕСТВО | B29: 00010600000000000000 | C29: 30861 | D29: 17160.4 | E29: 48021.4 | F29: 1260.807 | G29: 226.3043 | H29: 1487.1113 | I29: -1231.222 | J29: 178.9706 | K29: -1052.2514 | L29: -97.6534 | M29: 79.084 | N29: -70.758 | O29: -2492.029 | P29: -47.3337 | Q29: -2539.3627 | R29: -3.9895 | S29: 1.0429 | T29: -2.1912
A30: Налог на имущество физических лиц | B30: 00010601000000000110 | C30: 0 | D30: 6970.5 | E30: 6970.5 | F30: 0 | G30: 103.3921 | H30: 103.3921 | I30: 0 | J30: 79.5018 | K30: 79.5018 | L30: 0 | M30: 76.8934 | N30: 76.8934 | O30: 0 | P30: -23.8903 | Q30: -23.8903 | R30: 0 | S30: 1.1405 | T30: 1.1405
A31: Налог на имущество организаций | B31: 00010602000020000110 | C31: 30861 | D31: 0 | E31: 30861 | F31: 1260.807 | G31: 0 | H31: 1260.807 | I31: -1231.222 | J31: 0 | K31: -1231.222 | L31: -97.6534 | M31: 0 | N31: -97.6534 | O31: -2492.029 | P31: 0 | Q31: -2492.029 | R31: -3.9895 | S31: 0 | T31: -3.9895
A32: Земельный налог всего, в том числе: | B32: 00010606000000000110 | C32: 0 | D32: 10189.9 | E32: 10189.9 | F32: 0 | G32: 122.9122 | H32: 122.9122 | I32: 0 | J32: 99.4689 | K32: 99.4689 | L32: 0 | M32: 80.9267 | N32: 80.9267 | O32: 0 | P32: -23.4433 | Q32: -23.4433 | R32: 0 | S32: 0.9761 | T32: 0.9761
... A44: ЗАДОЛЖЕННОСТЬ И ПЕРЕРАСЧЕТЫ ПО ОТМЕНЕННЫМ НАЛОГАМ, СБОРАМ И ИНЫМ ОБЯЗАТЕЛЬНЫМ ПЛАТЕЖАМ | B44: 00010900000000000000 | C44: 0 | D44: 0 | E44: 0 | F44: 0 | G44: -0.6318 | H44: -0.6318 | I44: 0 | J44: 0 | K44: 0 | L44: 0 | M44: 0 | N44: 0 | O44: 0 | P44: 0.6318 | Q44: 0.6318 | R44: 0 | S44: 0 | T44: 0
A45: Неналоговые доходы | C45: 40905.44 | D45: 1743 | E45: 42648.44 | F45: 1876.0494 | G45: 92.7601 | H45: 1968.8095 | I45: 1885.9348 | J45: 105.5001 | K45: 1991.4349 | L45: 100.5269 | M45: 113.7343 | N45: 101.1491 | O45: 9.8854 | P45: 12.74 | Q45: 22.6254 | R45: 4.6104 | S45: 6.0527 | T45: 4.6694
A46: Неналоговые доходы без невыясненных поступлений | C46: 40905.44 | D46: 1743 | E46: 42648.44 | F46: 1870.1124 | G46: 91.7381 | H46: 1961.8505 | I46: 1885.7734 | J46: 101.3543 | K46: 1987.1277 | L46: 100.8374 | M46: 110.4822 | N46: 101.2884 | O46: 15.661 | P46: 9.6162 | Q46: 25.2772 | R46: 4.61 | S46: 5.8149 | T46: 4.6593
A47: ДОХОДЫ ОТ ИСПОЛЬЗОВАНИЯ ИМУЩЕСТВА, НАХОДЯЩЕГОСЯ В ГОСУДАРСТВЕННОЙ И МУНИЦИПАЛЬНОЙ СОБСТВЕННОСТИ | B47: 00011100000000000000 | C47: 9237.04 | D47: 1646 | E47: 10883.04 | F47: 316.3337 | G47: 68.9985 | H47: 385.3322 | I47: 323.0453 | J47: 101.3543 | K47: 424.3996 | L47: 102.1216 | M47: 146.8934 | N47: 110.1386 | O47: 6.7116 | P47: 32.3558 | Q47: 39.0674 | R47: 3.4972 | S47: 6.1576 | T47: 3.8996
A48: Доходы, получаемые в виде арендной платы за земельные участки, государственная собственность на которые не разграничена, а также средства от продажи права на заключение договоров аренды указанных земельных участков | B48: 00011105010000000120 | C48: 8997 | D48: 0 | E48: 8997 | F48: 304.4354 | G48: 0 | H48: 304.4354 | I48: 312.3435 | J48: 0 | K48: 312.3435 | L48: 102.5976 | M48: 0 | N48: 102.5976 | O48: 7.9081 | P48: 0 | Q48: 7.9081 | R48: 3.4716 | S48: 0 | T48: 3.4716
A49: Доходы, получаемые в виде арендной платы за земли после разграничения государственной собственности на землю, а также средства от продажи права на заключение договоров аренды указанных земельных участков (за исключением земельных участков бюджетных и автономных учреждений) | B49: 00011105020000000120 | C49: 100 | D49: 1624 | E49: 1724 | F49: 6.4922 | G49: 65.8153 | H49: 72.3075 | I49: 10.7018 | J49: 98.171 | K49: 108.8728 | L49: 164.8408 | M49: 149.1613 | N49: 150.5691 | O49: 4.2096 | P49: 32.3557 | Q49: 36.5653 | R49: 10.7018 | S49: 6.045 | T49: 6.3151
A50: Доходы, получаемые в виде арендной платы за земельные участки, которые находятся в федеральной собственности и осуществление полномочий по управлению и распоряжению которыми передано органам государственной власти субъектов Российской Федерации, а также средства от продажи права на заключение договоров аренды указанных земельных участков | B50: 00011105026000000120 | C50: 0 | D50: 0 | E50: 0 | F50: 0 | G50: 0 | H50: 0 | I50: 0 | J50: 0 | K50: 0 | L50: 0 | M50: 0 | N50: 0 | O50: 0 | P50: 0 | Q50: 0 | R50: 0 | S50: 0 | T50: 0
A51: Доходы от сдачи в аренду имущества, находящегося в оперативном управлении органов государственной власти, органов местного самоуправления, государственных внебюджетных фондов и созданных ими учреждений (за исключением имущества бюджетных и автономных учреждений) | B51: 00011105030000000120 | C51: 140.04 | D51: 22 | E51: 162.04 | F51: 5.4061 | G51: 3.1832 | H51: 8.5894 | I51: 0 | J51: 3.1832 | K51: 3.1832 | L51: 0 | M51: 100 | N51: 37.0596 | O51: -5.4061 | P51: 0 | Q51: -5.4062 | R51: 0 | S51: 14.469 | T51: 1.9644
A52: Доходы от сдачи в аренду имущества, составляющего государственную (муниципальную) казну (за исключением земельных участков) | B52: 00011105070000000120 | C52: 0 | D52: 0 | E52: 0 | F52: 0 | G52: 0 | H52: 0 | I52: 0 | J52: 0 | K52: 0 | L52: 0 | M52: 0 | N52: 0 | O52: 0 | P52: 0 | Q52: 0 | R52: 0 | S52: 0 | T52: 0
A53: Платежи от государственных и муниципальных унитарных предприятий | B53: 00011107000000000120 | C53: 0 | D53: 0 | E53: 0 | F53: 0 | G53: 0 | H53: 0 | I53: 0 | J53: 0 | K53: 0 | L53: 0 | M53: 0 | N53: 0 | O53: 0 | P53: 0 | Q53: 0 | R53: 0 | S53: 0 | T53: 0
A54: Средства, получаемые от передачи имущества, находящегося в государственной и муниципальной собственности (за исключением имущества бюджетных и автономных учреждений, а также имущества государственных и муниципальных унитарных предприятий, в том числе казенных), в залог, в доверительное управление | B54: 00011108000000000120 | C54: 0 | D54: 0 | E54: 0 | F54: 0 | G54: 0 | H54: 0 | I54: 0 | J54: 0 | K54: 0 | L54: 0 | M54: 0 | N54: 0 | O54: 0 | P54: 0 | Q54: 0 | R54: 0 | S54: 0 | T54: 0
A55: Прочие доходы от использования имущества и прав, находящихся в государственной и муниципальной собственности (за исключением имущества бюджетных и автономных учреждений, а также имущества государственных и муниципальных унитарных предприятий, в том числе казенных) | B55: 00011109000000000120 | C55: 0 | D55: 0 | E55: 0 | F55: 0 | G55: 0 | H55: 0 | I55: 0 | J55: 0 | K55: 0 | L55: 0 | M55: 0 | N55: 0 | O55: 0 | P55: 0 | Q55: 0 | R55: 0 | S55: 0 | T55: 0
A56: ПЛАТЕЖИ ПРИ ПОЛЬЗОВАНИИ ПРИРОДНЫМИ РЕСУРСАМИ | B56: 00011200000000000000 | C56: 75 | D56: 0 | E56: 75 | F56: 4.6499 | G56: 0 | H56: 4.6499 | I56: 0 | J56: 0 | K56: 0 | L56: 0 | M56: 0 | N56: 0 | O56: -4.6499 | P56: 0 | Q56: -4.6499 | R56: 0 | S56: 0 | T56: 0
A57: ДОХОДЫ ОТ ОКАЗАНИЯ ПЛАТНЫХ УСЛУГ (РАБОТ) И КОМПЕНСАЦИИ ЗАТРАТ ГОСУДАРСТВА | B57: 00011300000000000000 | C57: 28203.4 | D57: 0 | E57: 28203.4 | F57: 1112.03 | G57: 15 | H57: 1127.03 | I57: 1205.5217 | J57: 0 | K57: 1205.5217 | L57: 108.4073 | M57: 0 | N57: 106.9644 | O57: 93.4917 | P57: -15 | Q57: 78.4917 | R57: 4.2743 | S57: 0 | T57: 4.2743
A58: Доходы от оказания платных услуг (работ) | B58: 00011301000000000130 | C58: 28080 | D58: 0 | E58: 28080 | F58: 1036.9972 | G58: 15 | H58: 1051.9972 | I58: 1205.5217 | J58: 0 | K58: 1205.5217 | L58: 116.2512 | M58: 0 | N58: 114.5936 | O58: 168.5245 | P58: -15 | Q58: 153.5245 | R58: 4.2931 | S58: 0 | T58: 4.2931
... A70: инициативные платежи | B70: 000 1171500000 0000 150 | C70: 0 | D70: 0 | E70: 0 | F70: 0 | G70: 0 | H70: 0 | I70: 0 | J70: 0 | K70: 0 | L70: 0 | M70: 0 | N70: 0 | O70: 0 | P70: 0 | Q70: 0 | R70: 0 | S70: 0 | T70: 0

Sheet Шебалинский р-он
A5: Анализ поступления налоговых и неналоговых доходов консолидированного бюджета муниципального образования
A7: по состоянию на 1 февраля 2026 г.
E9: Шебалинский район
A11: Единица измерения: тыс. руб
A13: Наименование показателя | B13: Код Дохода | C13: Годовой план | F13: Фактическое поступление за прошлый финансовый год | I13: Фактическое поступление в отчетном финансовом году | L13: Темп роста КБ МО, % | O13: Отклонение (+/-) | R13: % выполнения плана
C15: МР | D15: СП | E15: КБ МО | F15: МР | G15: СП | H15: КБ МО | I15: МР | J15: СП | K15: КБ МО | L15: МР | M15: СП | N15: КБ МО | O15: МР | P15: СП | Q15: КБ МО | R15: МР | S15: СП | T15: КБ МО
A17: 1 | B17: 2 | C17: 3 | D17: 4 | E17: 5 | F17: 6 | G17: 7 | H17: 8 | I17: 9 | J17: 10 | K17: 11 | L17: 12 | M17: 13 | N17: 14 | O17: 15 | P17: 16 | Q17: 17 | R17: 18 | S17: 19 | T17: 20
A18: НАЛОГОВЫЕ И НЕНАЛОГОВЫЕ ДОХОДЫ | B18: 00010000000000000000 | C18: 178314.22 | D18: 23660.6 | E18: 201974.82 | F18: 7481.2411 | G18: 1348.9133 | H18: 8830.1545 | I18: 6432.8812 | J18: 878.3558 | K18: 7311.237 | L18: 85.9868 | M18: 65.1158 | N18: 82.7985 | O18: -1048.3599 | P18: -470.5575 | Q18: -1518.9175 | R18: 3.6076 | S18: 3.7123 | T18: 3.6198
A19: НАЛОГОВЫЕ И НЕНАЛОГОВЫЕ ДОХОДЫ без невыясненных поступлений | C19: 178314.22 | D19: 23660.6 | E19: 201974.82 | F19: 7479.2411 | G19: 1348.7622 | H19: 8828.0034 | I19: 6432.2798 | J19: 878.2047 | K19: 7310.4845 | L19: 86.0017 | M19: 65.1119 | N19: 82.8101 | O19: -1046.9613 | P19: -470.5575 | Q19: -1517.5189 | R19: 3.6072 | S19: 3.7116 | T19: 3.6195
A20: Налоговые доходы | C20: 158462.12 | D20: 23243.1 | E20: 181705.22 | F20: 6763.6497 | G20: 1327.4277 | H20: 8091.0773 | I20: 5843.3617 | J20: 866.906 | K20: 6710.2677 | L20: 86.3936 | M20: 65.3072 | N20: 82.9341 | O20: -920.288 | P20: -460.5217 | Q20: -1380.8096 | R20: 3.6875 | S20: 3.7297 | T20: 3.6929
A21: НАЛОГ НА ДОХОДЫ ФИЗИЧЕСКИХ ЛИЦ | B21: 00010102000010000110 | C21: 115754.32 | D21: 4298 | E21: 120052.32 | F21: 2902.8791 | G21: 109.5475 | H21: 3012.4265 | I21: 4032.8105 | J21: 154.2815 | K21: 4187.092 | L21: 138.9245 | M21: 140.8352 | N21: 138.9939 | O21: 1129.9314 | P21: 44.734 | Q21: 1174.6655 | R21: 3.4839 | S21: 3.5896 | T21: 3.4877
A22: АКЦИЗЫ ПО ПОДАКЦИЗНОЙ ПРОДУКЦИИ | B22: 00010300000000000000 | C22: 17676.3 | D22: 0 | E22: 17676.3 | F22: 1390.2804 | G22: 0 | H22: 1390.2804 | I22: 1405.7455 | J22: 0 | K22: 1405.7455 | L22: 101.1123 | M22: 0 | N22: 101.1123 | O22: 15.4651 | P22: 0 | Q22: 15.4651 | R22: 7.9527 | S22: 0 | T22: 7.9527
A23: Туристический налог | B23: 00010303000010000110 | C23: 0 | D23: 486.1 | E23: 486.1 | F23: 0 | G23: 0 | H23: 0 | I23: 0 | J23: 575.0795 | K23: 575.0795 | L23: 0 | M23: 0 | N23: 0 | O23: 0 | P23: 575.0795 | Q23: 575.0795 | R23: 0 | S23: 118.3047 | T23: 118.3047
A24: НАЛОГИ НА СОВОКУПНЫЙ ДОХОД | B24: 00010500000000000000 | C24: 6359.9 | D24: 838 | E24: 7197.9 | F24: 2037.5212 | G24: 0.1044 | H24: 2037.6256 | I24: -252.431 | J24: 0 | K24: -252.431 | L24: -12.3891 | M24: 0 | N24: -12.3884 | O24: -2289.9522 | P24: -0.1044 | Q24: -2290.0566 | R24: -3.9691 | S24: 0 | T24: -3.507
A25: Налог, взимаемый в связи с применением упрощенной системы налогообложения | B25: 00010501000000000110 | C25: 0 | D25: 0 | E25: 0 | F25: 0 | G25: 0 | H25: 0 | I25: 0 | J25: 0 | K25: 0 | L25: 0 | M25: 0 | N25: 0 | O25: 0 | P25: 0 | Q25: 0 | R25: 0 | S25: 0 | T25: 0
A26: Единый налог на вмененный доход | B26: 00010502000020000110 | C26: 0 | D26: 0 | E26: 0 | F26: 0 | G26: 0 | H26: 0 | I26: 0 | J26: 0 | K26: 0 | L26: 0 | M26: 0 | N26: 0 | O26: 0 | P26: 0 | Q26: 0 | R26: 0 | S26: 0 | T26: 0
A27: Единый сельскохозяйственный налог | B27: 00010503000010000110 | C27: 1327.5 | D27: 838 | E27: 2165.5 | F27: 0.2436 | G27: 0.1044 | H27: 0.348 | I27: 0 | J27: 0 | K27: 0 | L27: 0 | M27: 0 | N27: 0 | O27: -0.2436 | P27: -0.1044 | Q27: -0.348 | R27: 0 | S27: 0 | T27: 0
A28: Налог, взимаемый в связи с применением патентной системы налогообложения | B28: 00010504000020000110 | C28: 5032.4 | D28: 0 | E28: 5032.4 | F28: 2037.2776 | G28: 0 | H28: 2037.2776 | I28: -252.431 | J28: 0 | K28: -252.431 | L28: -12.3906 | M28: 0 | N28: -12.3906 | O28: -2289.7086 | P28: 0 | Q28: -2289.7086 | R28: -5.0161 | S28: 0 | T28: -5.0161
A29: НАЛОГИ НА ИМУЩЕСТВО | B29: 00010600000000000000 | C29: 11341.4 | D29: 17621 | E29: 28962.4 | F29: 0 | G29: 1217.7758 | H29: 1217.7758 | I29: -1.2165 | J29: 137.545 | K29: 136.3285 | L29: 0 | M29: 11.2947 | N29: 11.1948 | O29: -1.2165 | P29: -1080.2308 | Q29: -1081.4473 | R29: -0.0107 | S29: 0.7805 | T29: 0.4707
A30: Налог на имущество физических лиц | B30: 00010601000000000110 | C30: 0 | D30: 4869 | E30: 4869 | F30: 0 | G30: 114.42 | H30: 114.42 | I30: 0 | J30: 67.4768 | K30: 67.4768 | L30: 0 | M30: 58.9729 | N30: 58.9729 | O30: 0 | P30: -46.9432 | Q30: -46.9432 | R30: 0 | S30: 1.3858 | T30: 1.3858
A31: Налог на имущество организаций | B31: 00010602000020000110 | C31: 11341.4 | D31: 0 | E31: 11341.4 | F31: 0 | G31: 0 | H31: 0 | I31: -1.2165 | J31: 0 | K31: -1.2165 | L31: 0 | M31: 0 | N31: 0 | O31: -1.2165 | P31: 0 | Q31: -1.2165 | R31: -0.0107 | S31: 0 | T31: -0.0107
A32: Земельный налог всего, в том числе: | B32: 00010606000000000110 | C32: 0 | D32: 12752 | E32: 12752 | F32: 0 | G32: 1103.3558 | H32: 1103.3558 | I32: 0 | J32: 70.0682 | K32: 70.0682 | L32: 0 | M32: 6.3504 | N32: 6.3504 | O32: 0 | P32: -1033.2876 | Q32: -1033.2876 | R32: 0 | S32: 0.5494 | T32: 0.5494
... A44: ЗАДОЛЖЕННОСТЬ И ПЕРЕРАСЧЕТЫ ПО ОТМЕНЕННЫМ НАЛОГАМ, СБОРАМ И ИНЫМ ОБЯЗАТЕЛЬНЫМ ПЛАТЕЖАМ | B44: 00010900000000000000 | C44: 0 | D44: 0 | E44: 0 | F44: 0 | G44: 0 | H44: 0 | I44: 0 | J44: 0 | K44: 0 | L44: 0 | M44: 0 | N44: 0 | O44: 0 | P44: 0 | Q44: 0 | R44: 0 | S44: 0 | T44: 0
A45: Неналоговые доходы | C45: 19852.1 | D45: 417.5 | E45: 20269.6 | F45: 717.5916 | G45: 21.4858 | H45: 739.0774 | I45: 589.5196 | J45: 11.4499 | K45: 600.9695 | L45: 82.1525 | M45: 53.2905 | N45: 81.3134 | O45: -128.072 | P45: -10.0359 | Q45: -138.1079 | R45: 2.9695 | S45: 2.7424 | T45: 2.9648
A46: Неналоговые доходы без невыясненных поступлений | C46: 19852.1 | D46: 417.5 | E46: 20269.6 | F46: 715.5916 | G46: 21.3347 | H46: 736.9263 | I46: 588.9182 | J46: 11.2988 | K46: 600.217 | L46: 82.298 | M46: 52.9597 | N46: 81.4487 | O46: -126.6734 | P46: -10.0359 | Q46: -136.7093 | R46: 2.9665 | S46: 2.7062 | T46: 2.9611
A47: ДОХОДЫ ОТ ИСПОЛЬЗОВАНИЯ ИМУЩЕСТВА, НАХОДЯЩЕГОСЯ В ГОСУДАРСТВЕННОЙ И МУНИЦИПАЛЬНОЙ СОБСТВЕННОСТИ | B47: 00011100000000000000 | C47: 15600 | D47: 282 | E47: 15882 | F47: 458.1461 | G47: 11.3692 | H47: 469.5153 | I47: 480.6328 | J47: 9.7988 | K47: 490.4316 | L47: 104.9081 | M47: 86.1872 | N47: 104.4548 | O47: 22.4867 | P47: -1.5704 | Q47: 20.9163 | R47: 3.0809 | S47: 3.4747 | T47: 3.0879
A48: Доходы, получаемые в виде арендной платы за земельные участки, государственная собственность на которые не разграничена, а также средства от продажи права на заключение договоров аренды указанных земельных участков | B48: 00011105010000000120 | C48: 11951 | D48: 0 | E48: 11951 | F48: 445.1151 | G48: 0 | H48: 445.1151 | I48: 466.6168 | J48: 0 | K48: 466.6168 | L48: 104.8305 | M48: 0 | N48: 104.8305 | O48: 21.5017 | P48: 0 | Q48: 21.5017 | R48: 3.9044 | S48: 0 | T48: 3.9044
A49: Доходы, получаемые в виде арендной платы за земли после разграничения государственной собственности на землю, а также средства от продажи права на заключение договоров аренды указанных земельных участков (за исключением земельных участков бюджетных и автономных учреждений) | B49: 00011105020000000120 | C49: 0 | D49: 264 | E49: 264 | F49: 0 | G49: 7.41 | H49: 7.41 | I49: 0 | J49: 2.965 | K49: 2.965 | L49: 0 | M49: 40.0134 | N49: 40.0134 | O49: 0 | P49: -4.445 | Q49: -4.445 | R49: 0 | S49: 1.1231 | T49: 1.1231
A50: Доходы, получаемые в виде арендной платы за земельные участки, которые находятся в федеральной собственности и осуществление полномочий по управлению и распоряжению которыми передано органам государственной власти субъектов Российской Федерации, а также средства от продажи права на заключение договоров аренды указанных земельных участков | B50: 00011105026000000120 | C50: 0 | D50: 0 | E50: 0 | F50: 0 | G50: 0 | H50: 0 | I50: 0 | J50: 0 | K50: 0 | L50: 0 | M50: 0 | N50: 0 | O50: 0 | P50: 0 | Q50: 0 | R50: 0 | S50: 0 | T50: 0
A51: Доходы от сдачи в аренду имущества, находящегося в оперативном управлении органов государственной власти, органов местного самоуправления, государственных внебюджетных фондов и созданных ими учреждений (за исключением имущества бюджетных и автономных учреждений) | B51: 00011105030000000120 | C51: 3649 | D51: 15 | E51: 3664 | F51: 13.0309 | G51: 3.9592 | H51: 16.9901 | I51: 14.016 | J51: 3.9592 | K51: 17.9752 | L51: 107.5597 | M51: 100 | N51: 105.798 | O51: 0.9851 | P51: 0 | Q51: 0.9851 | R51: 0.3841 | S51: 26.3946 | T51: 0.4905
A52: Доходы от сдачи в аренду имущества, составляющего государственную (муниципальную) казну (за исключением земельных участков) | B52: 00011105070000000120 | C52: 0 | D52: 0 | E52: 0 | F52: 0 | G52: 0 | H52: 0 | I52: 0 | J52: 0 | K52: 0 | L52: 0 | M52: 0 | N52: 0 | O52: 0 | P52: 0 | Q52: 0 | R52: 0 | S52: 0 | T52: 0
A53: Платежи от государственных и муниципальных унитарных предприятий | B53: 00011107000000000120 | C53: 0 | D53: 0 | E53: 0 | F53: 0 | G53: 0 | H53: 0 | I53: 0 | J53: 0 | K53: 0 | L53: 0 | M53: 0 | N53: 0 | O53: 0 | P53: 0 | Q53: 0 | R53: 0 | S53: 0 | T53: 0
A54: Средства, получаемые от передачи имущества, находящегося в государственной и муниципальной собственности (за исключением имущества бюджетных и автономных учреждений, а также имущества государственных и муниципальных унитарных предприятий, в том числе казенных), в залог, в доверительное управление | B54: 00011108000000000120 | C54: 0 | D54: 0 | E54: 0 | F54: 0 | G54: 0 | H54: 0 | I54: 0 | J54: 0 | K54: 0 | L54: 0 | M54: 0 | N54: 0 | O54: 0 | P54: 0 | Q54: 0 | R54: 0 | S54: 0 | T54: 0
A55: Прочие доходы от использования имущества и прав, находящихся в государственной и муниципальной собственности (за исключением имущества бюджетных и автономных учреждений, а также имущества государственных и муниципальных унитарных предприятий, в том числе казенных) | B55: 00011109000000000120 | C55: 0 | D55: 3 | E55: 3 | F55: 0 | G55: 0 | H55: 0 | I55: 0 | J55: 2.8746 | K55: 2.8746 | L55: 0 | M55: 0 | N55: 0 | O55: 0 | P55: 2.8746 | Q55: 2.8746 | R55: 0 | S55: 95.82 | T55: 95.82
A56: ПЛАТЕЖИ ПРИ ПОЛЬЗОВАНИИ ПРИРОДНЫМИ РЕСУРСАМИ | B56: 00011200000000000000 | C56: 328.1 | D56: 0 | E56: 328.1 | F56: 54.8322 | G56: 0 | H56: 54.8322 | I56: 0 | J56: 0 | K56: 0 | L56: 0 | M56: 0 | N56: 0 | O56: -54.8322 | P56: 0 | Q56: -54.8322 | R56: 0 | S56: 0 | T56: 0
A57: ДОХОДЫ ОТ ОКАЗАНИЯ ПЛАТНЫХ УСЛУГ (РАБОТ) И КОМПЕНСАЦИИ ЗАТРАТ ГОСУДАРСТВА | B57: 00011300000000000000 | C57: 694 | D57: 0 | E57: 694 | F57: 9.5527 | G57: 0 | H57: 9.5527 | I57: 28.2621 | J57: 0 | K57: 28.2621 | L57: 295.8545 | M57: 0 | N57: 295.8545 | O57: 18.7094 | P57: 0 | Q57: 18.7094 | R57: 4.0723 | S57: 0 | T57: 4.0723
A58: Доходы от оказания платных услуг (работ) | B58: 00011301000000000130 | C58: 0 | D58: 0 | E58: 0 | F58: 0.2925 | G58: 0 | H58: 0.2925 | I58: 15.1314 | J58: 0 | K58: 15.1314 | L58: 5173.1282 | M58: 0 | N58: 5173.1282 | O58: 14.8389 | P58: 0 | Q58: 14.8389 | R58: 0 | S58: 0 | T58: 0
... A70: инициативные платежи | B70: 000 1171500000 0000 150 | C70: 0 | D70: 0 | E70: 0 | F70: 0 | G70: 0 | H70: 0 | I70: 0 | J70: 0 | K70: 0 | L70: 0 | M70: 0 | N70: 0 | O70: 0 | P70: 0 | Q70: 0 | R70: 0 | S70: 0 | T70: 0

Sheet Усть-Коксинский р-он
A5: Анализ поступления налоговых и неналоговых доходов консолидированного бюджета муниципального образования
A7: по состоянию на 1 февраля 2026 г.
E9: Усть-Коксинский район
A11: Единица измерения: тыс. руб
A13: Наименование показателя | B13: Код Дохода | C13: Годовой план | F13: Фактическое поступление за прошлый финансовый год | I13: Фактическое поступление в отчетном финансовом году | L13: Темп роста КБ МО, % | O13: Отклонение (+/-) | R13: % выполнения плана
C15: МР | D15: СП | E15: КБ МО | F15: МР | G15: СП | H15: КБ МО | I15: МР | J15: СП | K15: КБ МО | L15: МР | M15: СП | N15: КБ МО | O15: МР | P15: СП | Q15: КБ МО | R15: МР | S15: СП | T15: КБ МО
A17: 1 | B17: 2 | C17: 3 | D17: 4 | E17: 5 | F17: 6 | G17: 7 | H17: 8 | I17: 9 | J17: 10 | K17: 11 | L17: 12 | M17: 13 | N17: 14 | O17: 15 | P17: 16 | Q17: 17 | R17: 18 | S17: 19 | T17: 20
A18: НАЛОГОВЫЕ И НЕНАЛОГОВЫЕ ДОХОДЫ | B18: 00010000000000000000 | C18: 248635.83 | D18: 34329.5 | E18: 282965.33 | F18: 9393.7782 | G18: 327.4939 | H18: 9721.272 | I18: 4920.658 | J18: 300.5609 | K18: 5221.2189 | L18: 52.382 | M18: 91.776 | N18: 53.7092 | O18: -4473.1202 | P18: -26.933 | Q18: -4500.0531 | R18: 1.979 | S18: 0.8755 | T18: 1.8451
A19: НАЛОГОВЫЕ И НЕНАЛОГОВЫЕ ДОХОДЫ без невыясненных поступлений | C19: 248635.83 | D19: 34329.5 | E19: 282965.33 | F19: 9393.7782 | G19: 327.4939 | H19: 9721.272 | I19: 4920.658 | J19: 300.5609 | K19: 5221.2189 | L19: 52.382 | M19: 91.776 | N19: 53.7092 | O19: -4473.1202 | P19: -26.933 | Q19: -4500.0531 | R19: 1.979 | S19: 0.8755 | T19: 1.8451
A20: Налоговые доходы | C20: 230022.68 | D20: 31047.4 | E20: 261070.08 | F20: 8108.251 | G20: 265.8939 | H20: 8374.1449 | I20: 3223.8825 | J20: 292.8764 | K20: 3516.7589 | L20: 39.7605 | M20: 110.1478 | N20: 41.9954 | O20: -4884.3685 | P20: 26.9825 | Q20: -4857.386 | R20: 1.4015 | S20: 0.9433 | T20: 1.347
A21: НАЛОГ НА ДОХОДЫ ФИЗИЧЕСКИХ ЛИЦ | B21: 00010102000010000110 | C21: 161555.55 | D21: 4938 | E21: 166493.55 | F21: 2534.9526 | G21: 95.6586 | H21: 2630.6112 | I21: 2618.8405 | J21: 101.6078 | K21: 2720.4483 | L21: 103.3092 | M21: 106.2192 | N21: 103.415 | O21: 83.8879 | P21: 5.9492 | Q21: 89.8371 | R21: 1.621 | S21: 2.0576 | T21: 1.6339
A22: АКЦИЗЫ ПО ПОДАКЦИЗНОЙ ПРОДУКЦИИ | B22: 00010300000000000000 | C22: 20595.13 | D22: 0 | E22: 20595.13 | F22: 1619.8577 | G22: 0 | H22: 1619.8577 | I22: 1622.1617 | J22: 0 | K22: 1622.1617 | L22: 100.1422 | M22: 0 | N22: 100.1422 | O22: 2.304 | P22: 0 | Q22: 2.304 | R22: 7.8764 | S22: 0 | T22: 7.8764
A23: Туристический налог | B23: 00010303000010000110 | C23: 0 | D23: 2585 | E23: 2585 | F23: 0 | G23: 0 | H23: 0 | I23: 0 | J23: 73.3813 | K23: 73.3813 | L23: 0 | M23: 0 | N23: 0 | O23: 0 | P23: 73.3813 | Q23: 73.3813 | R23: 0 | S23: 2.8387 | T23: 2.8387
A24: НАЛОГИ НА СОВОКУПНЫЙ ДОХОД | B24: 00010500000000000000 | C24: 9030 | D24: 598 | E24: 9628 | F24: 3194.3015 | G24: 0 | H24: 3194.3015 | I24: -283.9247 | J24: 0 | K24: -283.9247 | L24: -8.8884 | M24: 0 | N24: -8.8884 | O24: -3478.2262 | P24: 0 | Q24: -3478.2262 | R24: -3.1442 | S24: 0 | T24: -2.9489
A25: Налог, взимаемый в связи с применением упрощенной системы налогообложения | B25: 00010501000000000110 | C25: 0 | D25: 0 | E25: 0 | F25: 0 | G25: 0 | H25: 0 | I25: 0 | J25: 0 | K25: 0 | L25: 0 | M25: 0 | N25: 0 | O25: 0 | P25: 0 | Q25: 0 | R25: 0 | S25: 0 | T25: 0
A26: Единый налог на вмененный доход | B26: 00010502000020000110 | C26: 30 | D26: 0 | E26: 30 | F26: 3.939 | G26: 0 | H26: 3.939 | I26: 0 | J26: 0 | K26: 0 | L26: 0 | M26: 0 | N26: 0 | O26: -3.939 | P26: 0 | Q26: -3.939 | R26: 0 | S26: 0 | T26: 0
A27: Единый сельскохозяйственный налог | B27: 00010503000010000110 | C27: 2000 | D27: 598 | E27: 2598 | F27: 0 | G27: 0 | H27: 0 | I27: 0 | J27: 0 | K27: 0 | L27: 0 | M27: 0 | N27: 0 | O27: 0 | P27: 0 | Q27: 0 | R27: 0 | S27: 0 | T27: 0
A28: Налог, взимаемый в связи с применением патентной системы налогообложения | B28: 00010504000020000110 | C28: 7000 | D28: 0 | E28: 7000 | F28: 3190.3625 | G28: 0 | H28: 3190.3625 | I28: -283.9247 | J28: 0 | K28: -283.9247 | L28: -8.8994 | M28: 0 | N28: -8.8994 | O28: -3474.2872 | P28: 0 | Q28: -3474.2872 | R28: -4.056 | S28: 0 | T28: -4.056
A29: НАЛОГИ НА ИМУЩЕСТВО | B29: 00010600000000000000 | C29: 29430 | D29: 22913.4 | E29: 52343.4 | F29: 5.665 | G29: 169.1353 | H29: 174.8003 | I29: -1243.9651 | J29: 117.0873 | K29: -1126.8778 | L29: -21958.784 | M29: 69.227 | N29: -644.6658 | O29: -1249.6301 | P29: -52.048 | Q29: -1301.6781 | R29: -4.2268 | S29: 0.5109 | T29: -2.1528
A30: Налог на имущество физических лиц | B30: 00010601000000000110 | C30: 0 | D30: 6934 | E30: 6934 | F30: 0 | G30: 48.4399 | H30: 48.4399 | I30: 0 | J30: 10.4584 | K30: 10.4584 | L30: 0 | M30: 21.5904 | N30: 21.5904 | O30: 0 | P30: -37.9815 | Q30: -37.9815 | R30: 0 | S30: 0.1508 | T30: 0.1508
A31: Налог на имущество организаций | B31: 00010602000020000110 | C31: 29430 | D31: 0 | E31: 29430 | F31: 5.665 | G31: 0 | H31: 5.665 | I31: -1243.9651 | J31: 0 | K31: -1243.9651 | L31: -21958.784 | M31: 0 | N31: -21958.784 | O31: -1249.6301 | P31: 0 | Q31: -1249.6301 | R31: -4.2268 | S31: 0 | T31: -4.2268
A32: Земельный налог всего, в том числе: | B32: 00010606000000000110 | C32: 0 | D32: 15979.4 | E32: 15979.4 | F32: 0 | G32: 120.6954 | H32: 120.6954 | I32: 0 | J32: 106.6289 | K32: 106.6289 | L32: 0 | M32: 88.3454 | N32: 88.3454 | O32: 0 | P32: -14.0665 | Q32: -14.0665 | R32: 0 | S32: 0.6672 | T32: 0.6672
... A44: ЗАДОЛЖЕННОСТЬ И ПЕРЕРАСЧЕТЫ ПО ОТМЕНЕННЫМ НАЛОГАМ, СБОРАМ И ИНЫМ ОБЯЗАТЕЛЬНЫМ ПЛАТЕЖАМ | B44: 00010900000000000000 | C44: 0 | D44: 0 | E44: 0 | F44: 0 | G44: 0 | H44: 0 | I44: 0 | J44: 0 | K44: 0 | L44: 0 | M44: 0 | N44: 0 | O44: 0 | P44: 0 | Q44: 0 | R44: 0 | S44: 0 | T44: 0
A45: Неналоговые доходы | C45: 18613.148 | D45: 3282.1 | E45: 21895.248 | F45: 1285.5272 | G45: 61.6 | H45: 1347.1272 | I45: 1696.7756 | J45: 7.6845 | K45: 1704.4601 | L45: 131.9906 | M45: 12.4748 | N45: 126.5255 | O45: 411.2484 | P45: -53.9155 | Q45: 357.3329 | R45: 9.116 | S45: 0.2341 | T45: 7.7846
A46: Неналоговые доходы без невыясненных поступлений | C46: 18613.148 | D46: 3282.1 | E46: 21895.248 | F46: 1285.5272 | G46: 61.6 | H46: 1347.1272 | I46: 1696.7756 | J46: 7.6845 | K46: 1704.4601 | L46: 131.9906 | M46: 12.4748 | N46: 126.5255 | O46: 411.2484 | P46: -53.9155 | Q46: 357.3329 | R46: 9.116 | S46: 0.2341 | T46: 7.7846
A47: ДОХОДЫ ОТ ИСПОЛЬЗОВАНИЯ ИМУЩЕСТВА, НАХОДЯЩЕГОСЯ В ГОСУДАРСТВЕННОЙ И МУНИЦИПАЛЬНОЙ СОБСТВЕННОСТИ | B47: 00011100000000000000 | C47: 15611.168 | D47: 2515 | E47: 18126.168 | F47: 659.7166 | G47: 58.6 | H47: 718.3166 | I47: 1402.8355 | J47: 7.6845 | K47: 1410.52 | L47: 212.6421 | M47: 13.1134 | N47: 196.3646 | O47: 743.1189 | P47: -50.9155 | Q47: 692.2034 | R47: 8.9861 | S47: 0.3055 | T47: 7.7816
A48: Доходы, получаемые в виде арендной платы за земельные участки, государственная собственность на которые не разграничена, а также средства от продажи права на заключение договоров аренды указанных земельных участков | B48: 00011105010000000120 | C48: 14556.168 | D48: 0 | E48: 14556.168 | F48: 655.7606 | G48: 0 | H48: 655.7606 | I48: 1345.6985 | J48: 0 | K48: 1345.6985 | L48: 205.2118 | M48: 0 | N48: 205.2118 | O48: 689.9379 | P48: 0 | Q48: 689.9379 | R48: 9.2448 | S48: 0 | T48: 9.2448
A49: Доходы, получаемые в виде арендной платы за земли после разграничения государственной собственности на землю, а также средства от продажи права на заключение договоров аренды указанных земельных участков (за исключением земельных участков бюджетных и автономных учреждений) | B49: 00011105020000000120 | C49: 0 | D49: 2184 | E49: 2184 | F49: 0 | G49: 50.033 | H49: 50.033 | I49: 0 | J49: 1.6345 | K49: 1.6345 | L49: 0 | M49: 3.2668 | N49: 3.2668 | O49: 0 | P49: -48.3985 | Q49: -48.3985 | R49: 0 | S49: 0.0748 | T49: 0.0748
A50: Доходы, получаемые в виде арендной платы за земельные участки, которые находятся в федеральной собственности и осуществление полномочий по управлению и распоряжению которыми передано органам государственной власти субъектов Российской Федерации, а также средства от продажи права на заключение договоров аренды указанных земельных участков | B50: 00011105026000000120 | C50: 0 | D50: 0 | E50: 0 | F50: 0 | G50: 0 | H50: 0 | I50: 0 | J50: 0 | K50: 0 | L50: 0 | M50: 0 | N50: 0 | O50: 0 | P50: 0 | Q50: 0 | R50: 0 | S50: 0 | T50: 0
A51: Доходы от сдачи в аренду имущества, находящегося в оперативном управлении органов государственной власти, органов местного самоуправления, государственных внебюджетных фондов и созданных ими учреждений (за исключением имущества бюджетных и автономных учреждений) | B51: 00011105030000000120 | C51: 505 | D51: 43 | E51: 548 | F51: 3.472 | G51: 4 | H51: 7.472 | I51: 8.4067 | J51: 0 | K51: 8.4067 | L51: 242.1284 | M51: 0 | N51: 112.5093 | O51: 4.9347 | P51: -4 | Q51: 0.9347 | R51: 1.6646 | S51: 0 | T51: 1.534
A52: Доходы от сдачи в аренду имущества, составляющего государственную (муниципальную) казну (за исключением земельных участков) | B52: 00011105070000000120 | C52: 550 | D52: 0 | E52: 550 | F52: 0.4841 | G52: 0 | H52: 0.4841 | I52: 0.7302 | J52: 0 | K52: 0.7302 | L52: 150.8366 | M52: 0 | N52: 150.8366 | O52: 0.2461 | P52: 0 | Q52: 0.2461 | R52: 0.1327 | S52: 0 | T52: 0.1327
A53: Платежи от государственных и муниципальных унитарных предприятий | B53: 00011107000000000120 | C53: 0 | D53: 0 | E53: 0 | F53: 0 | G53: 0 | H53: 0 | I53: 0 | J53: 0 | K53: 0 | L53: 0 | M53: 0 | N53: 0 | O53: 0 | P53: 0 | Q53: 0 | R53: 0 | S53: 0 | T53: 0
A54: Средства, получаемые от передачи имущества, находящегося в государственной и муниципальной собственности (за исключением имущества бюджетных и автономных учреждений, а также имущества государственных и муниципальных унитарных предприятий, в том числе казенных), в залог, в доверительное управление | B54: 00011108000000000120 | C54: 0 | D54: 0 | E54: 0 | F54: 0 | G54: 0 | H54: 0 | I54: 0 | J54: 0 | K54: 0 | L54: 0 | M54: 0 | N54: 0 | O54: 0 | P54: 0 | Q54: 0 | R54: 0 | S54: 0 | T54: 0
A55: Прочие доходы от использования имущества и прав, находящихся в государственной и муниципальной собственности (за исключением имущества бюджетных и автономных учреждений, а также имущества государственных и муниципальных унитарных предприятий, в том числе казенных) | B55: 00011109000000000120 | C55: 0 | D55: 288 | E55: 288 | F55: 0 | G55: 4.567 | H55: 4.567 | I55: 48 | J55: 6.05 | K55: 54.05 | L55: 0 | M55: 132.472 | N55: 1183.4902 | O55: 48 | P55: 1.483 | Q55: 49.483 | R55: 0 | S55: 2.1006 | T55: 18.7673
A56: ПЛАТЕЖИ ПРИ ПОЛЬЗОВАНИИ ПРИРОДНЫМИ РЕСУРСАМИ | B56: 00011200000000000000 | C56: 0 | D56: 0 | E56: 0 | F56: 14.4396 | G56: 0 | H56: 14.4396 | I56: 0 | J56: 0 | K56: 0 | L56: 0 | M56: 0 | N56: 0 | O56: -14.4396 | P56: 0 | Q56: -14.4396 | R56: 0 | S56: 0 | T56: 0
A57: ДОХОДЫ ОТ ОКАЗАНИЯ ПЛАТНЫХ УСЛУГ (РАБОТ) И КОМПЕНСАЦИИ ЗАТРАТ ГОСУДАРСТВА | B57: 00011300000000000000 | C57: 380 | D57: 28 | E57: 408 | F57: 0 | G57: 0 | H57: 0 | I57: 15.9856 | J57: 0 | K57: 15.9856 | L57: 0 | M57: 0 | N57: 0 | O57: 15.9856 | P57: 0 | Q57: 15.9856 | R57: 4.2067 | S57: 0 | T57: 3.918
A58: Доходы от оказания платных услуг (работ) | B58: 00011301000000000130 | C58: 0 | D58: 0 | E58: 0 | F58: 0 | G58: 0 | H58: 0 | I58: 0 | J58: 0 | K58: 0 | L58: 0 | M58: 0 | N58: 0 | O58: 0 | P58: 0 | Q58: 0 | R58: 0 | S58: 0 | T58: 0
... A70: инициативные платежи | B70: 000 1171500000 0000 150 | C70: 0 | D70: 0 | E70: 0 | F70: 0 | G70: 0 | H70: 0 | I70: 0 | J70: 0 | K70: 0 | L70: 0 | M70: 0 | N70: 0 | O70: 0 | P70: 0 | Q70: 0 | R70: 0 | S70: 0 | T70: 0

Sheet Турочакский р-он
A5: Анализ поступления налоговых и неналоговых доходов консолидированного бюджета муниципального образования
A7: по состоянию на 1 февраля 2026 г.
B9: Турочакский район
A11: Единица измерения: тыс. руб
A13: Наименование показателя | B13: Код Дохода | C13: Годовой план | F13: Фактическое поступление за прошлый финансовый год | I13: Фактическое поступление в отчетном финансовом году | L13: Темп роста КБ МО, % | O13: Отклонение (+/-) | R13: % выполнения плана
C15: МР | D15: СП | E15: КБ МО | F15: МР | G15: СП | H15: КБ МО | I15: МР | J15: СП | K15: КБ МО | L15: МР | M15: СП | N15: КБ МО | O15: МР | P15: СП | Q15: КБ МО | R15: МР | S15: СП | T15: КБ МО
A17: 1 | B17: 2 | C17: 3 | D17: 4 | E17: 5 | F17: 6 | G17: 7 | H17: 8 | I17: 9 | J17: 10 | K17: 11 | L17: 12 | M17: 13 | N17: 14 | O17: 15 | P17: 16 | Q17: 17 | R17: 18 | S17: 19 | T17: 20
A18: НАЛОГОВЫЕ И НЕНАЛОГОВЫЕ ДОХОДЫ | B18: 00010000000000000000 | C18: 0 | D18: 0 | E18: 532718.67 | F18: 19674.993 | G18: 3057.7505 | H18: 22732.744 | I18: 0 | J18: 0 | K18: 32399.909 | L18: 0 | M18: 0 | N18: 142.5252 | O18: -19674.993 | P18: -3057.7505 | Q18: 9667.1647 | R18: 0 | S18: 0 | T18: 6.0819
A19: НАЛОГОВЫЕ И НЕНАЛОГОВЫЕ ДОХОДЫ без невыясненных поступлений | C19: 0 | D19: 0 | E19: 532718.67 | F19: 19674.992 | G19: 3039.0522 | H19: 22714.045 | I19: 0 | J19: 0 | K19: 32399.909 | L19: 0 | M19: 0 | N19: 142.6426 | O19: -19674.992 | P19: -3039.0522 | Q19: 9685.864 | R19: 0 | S19: 0 | T19: 6.0819
A20: Налоговые доходы | C20: 0 | D20: 0 | E20: 504081.67 | F20: 17653.911 | G20: 3016.9581 | H20: 20670.869 | I20: 0 | J20: 0 | K20: 31258.745 | L20: 0 | M20: 0 | N20: 151.2212 | O20: -17653.911 | P20: -3016.9581 | Q20: 10587.876 | R20: 0 | S20: 0 | T20: 6.2011
A21: НАЛОГ НА ДОХОДЫ ФИЗИЧЕСКИХ ЛИЦ | B21: 00010102000010000110 | C21: 0 | D21: 0 | E21: 209255.89 | F21: 4721.0145 | G21: 178.2196 | H21: 4899.2341 | I21: 0 | J21: 0 | K21: 6782.5174 | L21: 0 | M21: 0 | N21: 138.4403 | O21: -4721.0145 | P21: -178.2196 | Q21: 1883.2833 | R21: 0 | S21: 0 | T21: 3.2412
A22: АКЦИЗЫ ПО ПОДАКЦИЗНОЙ ПРОДУКЦИИ | B22: 00010300000000000000 | C22: 0 | D22: 0 | E22: 22741.78 | F22: 1788.6974 | G22: 0 | H22: 1788.6974 | I22: 0 | J22: 0 | K22: 1790.7111 | L22: 0 | M22: 0 | N22: 100.1125 | O22: -1788.6974 | P22: 0 | Q22: 2.0137 | R22: 0 | S22: 0 | T22: 7.8741
A23: Туристический налог | B23: 00010303000010000110 | C23: 0 | D23: 0 | E23: 9685 | F23: 0 | G23: 0 | H23: 0 | I23: 0 | J23: 0 | K23: 437.9628 | L23: 0 | M23: 0 | N23: 0 | O23: 0 | P23: 0 | Q23: 437.9628 | R23: 0 | S23: 0 | T23: 4.522
A24: НАЛОГИ НА СОВОКУПНЫЙ ДОХОД | B24: 00010500000000000000 | C24: 0 | D24: 0 | E24: 9553 | F24: 1001.4172 | G24: 2336.6401 | H24: 3338.0573 | I24: 0 | J24: 0 | K24: -35.3982 | L24: 0 | M24: 0 | N24: -1.0604 | O24: -1001.4172 | P24: -2336.6401 | Q24: -3373.4555 | R24: 0 | S24: 0 | T24: -0.3705
A25: Налог, взимаемый в связи с применением упрощенной системы налогообложения | B25: 00010501000000000110 | C25: 0 | D25: 0 | E25: 0 | F25: 0 | G25: 0 | H25: 0 | I25: 0 | J25: 0 | K25: 24.6561 | L25: 0 | M25: 0 | N25: 0 | O25: 0 | P25: 0 | Q25: 24.6561 | R25: 0 | S25: 0 | T25: 0
A26: Единый налог на вмененный доход | B26: 00010502000020000110 | C26: 0 | D26: 0 | E26: 10 | F26: 0 | G26: 0 | H26: 0 | I26: 0 | J26: 0 | K26: 0 | L26: 0 | M26: 0 | N26: 0 | O26: 0 | P26: 0 | Q26: 0 | R26: 0 | S26: 0 | T26: 0
A27: Единый сельскохозяйственный налог | B27: 00010503000010000110 | C27: 0 | D27: 0 | E27: 0 | F27: 0 | G27: 0 | H27: 0 | I27: 0 | J27: 0 | K27: 0 | L27: 0 | M27: 0 | N27: 0 | O27: 0 | P27: 0 | Q27: 0 | R27: 0 | S27: 0 | T27: 0
A28: Налог, взимаемый в связи с применением патентной системы налогообложения | B28: 00010504000020000110 | C28: 0 | D28: 0 | E28: 9543 | F28: 1001.4172 | G28: 2336.6401 | H28: 3338.0573 | I28: 0 | J28: 0 | K28: -60.0543 | L28: 0 | M28: 0 | N28: -1.799 | O28: -1001.4172 | P28: -2336.6401 | Q28: -3398.1116 | R28: 0 | S28: 0 | T28: -0.6293
A29: НАЛОГИ НА ИМУЩЕСТВО | B29: 00010600000000000000 | C29: 0 | D29: 0 | E29: 41931 | F29: 6.09 | G29: 501.6984 | H29: 507.7884 | I29: 0 | J29: 0 | K29: 780.7576 | L29: 0 | M29: 0 | N29: 153.7564 | O29: -6.09 | P29: -501.6984 | Q29: 272.9692 | R29: 0 | S29: 0 | T29: 1.862
A30: Налог на имущество физических лиц | B30: 00010601000000000110 | C30: 0 | D30: 0 | E30: 8400 | F30: 0 | G30: 153.699 | H30: 153.699 | I30: 0 | J30: 0 | K30: 365.633 | L30: 0 | M30: 0 | N30: 237.8889 | O30: 0 | P30: -153.699 | Q30: 211.934 | R30: 0 | S30: 0 | T30: 4.3527
A31: Налог на имущество организаций | B31: 00010602000020000110 | C31: 0 | D31: 0 | E31: 17100 | F31: 6.09 | G31: 0 | H31: 6.09 | I31: 0 | J31: 0 | K31: 126.2653 | L31: 0 | M31: 0 | N31: 2073.3218 | O31: -6.09 | P31: 0 | Q31: 120.1753 | R31: 0 | S31: 0 | T31: 0.7383
A32: Земельный налог всего, в том числе: | B32: 00010606000000000110 | C32: 0 | D32: 0 | E32: 16431 | F32: 0 | G32: 347.9993 | H32: 347.9993 | I32: 0 | J32: 0 | K32: 288.8594 | L32: 0 | M32: 0 | N32: 83.0057 | O32: 0 | P32: -347.9993 | Q32: -59.1399 | R32: 0 | S32: 0 | T32: 1.758
... A44: ЗАДОЛЖЕННОСТЬ И ПЕРЕРАСЧЕТЫ ПО ОТМЕНЕННЫМ НАЛОГАМ, СБОРАМ И ИНЫМ ОБЯЗАТЕЛЬНЫМ ПЛАТЕЖАМ | B44: 00010900000000000000 | C44: 0 | D44: 0 | E44: 0 | F44: 0 | G44: 0 | H44: 0 | I44: 0 | J44: 0 | K44: 0 | L44: 0 | M44: 0 | N44: 0 | O44: 0 | P44: 0 | Q44: 0 | R44: 0 | S44: 0 | T44: 0
A45: Неналоговые доходы | C45: 0 | D45: 0 | E45: 28637 | F45: 2021.0827 | G45: 40.7925 | H45: 2061.8752 | I45: 0 | J45: 0 | K45: 1141.164 | L45: 0 | M45: 0 | N45: 55.3459 | O45: -2021.0827 | P45: -40.7925 | Q45: -920.7112 | R45: 0 | S45: 0 | T45: 3.9849
A46: Неналоговые доходы без невыясненных поступлений | C46: 0 | D46: 0 | E46: 28637 | F46: 2021.0817 | G46: 22.0942 | H46: 2043.1759 | I46: 0 | J46: 0 | K46: 1141.164 | L46: 0 | M46: 0 | N46: 55.8524 | O46: -2021.0817 | P46: -22.0942 | Q46: -902.0119 | R46: 0 | S46: 0 | T46: 3.9849
A47: ДОХОДЫ ОТ ИСПОЛЬЗОВАНИЯ ИМУЩЕСТВА, НАХОДЯЩЕГОСЯ В ГОСУДАРСТВЕННОЙ И МУНИЦИПАЛЬНОЙ СОБСТВЕННОСТИ | B47: 00011100000000000000 | C47: 0 | D47: 0 | E47: 15710 | F47: 1165.5567 | G47: 21.7782 | H47: 1187.3349 | I47: 0 | J47: 0 | K47: 123.9397 | L47: 0 | M47: 0 | N47: 10.4384 | O47: -1165.5567 | P47: -21.7782 | Q47: -1063.3952 | R47: 0 | S47: 0 | T47: 0.7889
A48: Доходы, получаемые в виде арендной платы за земельные участки, государственная собственность на которые не разграничена, а также средства от продажи права на заключение договоров аренды указанных земельных участков | B48: 00011105010000000120 | C48: 0 | D48: 0 | E48: 7257.79 | F48: 1149.4362 | G48: 0 | H48: 1149.4362 | I48: 0 | J48: 0 | K48: 74.4939 | L48: 0 | M48: 0 | N48: 6.4809 | O48: -1149.4362 | P48: 0 | Q48: -1074.9423 | R48: 0 | S48: 0 | T48: 1.0263
A49: Доходы, получаемые в виде арендной платы за земли после разграничения государственной собственности на землю, а также средства от продажи права на заключение договоров аренды указанных земельных участков (за исключением земельных участков бюджетных и автономных учреждений) | B49: 00011105020000000120 | C49: 0 | D49: 0 | E49: 8003.91 | F49: 13.5 | G49: 21.7782 | H49: 35.2782 | I49: 0 | J49: 0 | K49: 34.77 | L49: 0 | M49: 0 | N49: 98.5594 | O49: -13.5 | P49: -21.7782 | Q49: -0.5082 | R49: 0 | S49: 0 | T49: 0.4344
A50: Доходы, получаемые в виде арендной платы за земельные участки, которые находятся в федеральной собственности и осуществление полномочий по управлению и распоряжению которыми передано органам государственной власти субъектов Российской Федерации, а также средства от продажи права на заключение договоров аренды указанных земельных участков | B50: 00011105026000000120 | C50: 0 | D50: 0 | E50: 0 | F50: 0 | G50: 0 | H50: 0 | I50: 0 | J50: 0 | K50: 0 | L50: 0 | M50: 0 | N50: 0 | O50: 0 | P50: 0 | Q50: 0 | R50: 0 | S50: 0 | T50: 0
A51: Доходы от сдачи в аренду имущества, находящегося в оперативном управлении органов государственной власти, органов местного самоуправления, государственных внебюджетных фондов и созданных ими учреждений (за исключением имущества бюджетных и автономных учреждений) | B51: 00011105030000000120 | C51: 0 | D51: 0 | E51: 346.3 | F51: 0.232 | G51: 0 | H51: 0.232 | I51: 0 | J51: 0 | K51: 14.6758 | L51: 0 | M51: 0 | N51: 6325.7758 | O51: -0.232 | P51: 0 | Q51: 14.4438 | R51: 0 | S51: 0 | T51: 4.2378
A52: Доходы от сдачи в аренду имущества, составляющего государственную (муниципальную) казну (за исключением земельных участков) | B52: 00011105070000000120 | C52: 0 | D52: 0 | E52: 0 | F52: 0 | G52: 0 | H52: 0 | I52: 0 | J52: 0 | K52: 0 | L52: 0 | M52: 0 | N52: 0 | O52: 0 | P52: 0 | Q52: 0 | R52: 0 | S52: 0 | T52: 0
A53: Платежи от государственных и муниципальных унитарных предприятий | B53: 00011107000000000120 | C53: 0 | D53: 0 | E53: 0 | F53: 0 | G53: 0 | H53: 0 | I53: 0 | J53: 0 | K53: 0 | L53: 0 | M53: 0 | N53: 0 | O53: 0 | P53: 0 | Q53: 0 | R53: 0 | S53: 0 | T53: 0
A54: Средства, получаемые от передачи имущества, находящегося в государственной и муниципальной собственности (за исключением имущества бюджетных и автономных учреждений, а также имущества государственных и муниципальных унитарных предприятий, в том числе казенных), в залог, в доверительное управление | B54: 00011108000000000120 | C54: 0 | D54: 0 | E54: 102 | F54: 2.3886 | G54: 0 | H54: 2.3886 | I54: 0 | J54: 0 | K54: 0 | L54: 0 | M54: 0 | N54: 0 | O54: -2.3886 | P54: 0 | Q54: -2.3886 | R54: 0 | S54: 0 | T54: 0
A55: Прочие доходы от использования имущества и прав, находящихся в государственной и муниципальной собственности (за исключением имущества бюджетных и автономных учреждений, а также имущества государственных и муниципальных унитарных предприятий, в том числе казенных) | B55: 00011109000000000120 | C55: 0 | D55: 0 | E55: 0 | F55: 0 | G55: 0 | H55: 0 | I55: 0 | J55: 0 | K55: 0 | L55: 0 | M55: 0 | N55: 0 | O55: 0 | P55: 0 | Q55: 0 | R55: 0 | S55: 0 | T55: 0
A56: ПЛАТЕЖИ ПРИ ПОЛЬЗОВАНИИ ПРИРОДНЫМИ РЕСУРСАМИ | B56: 00011200000000000000 | C56: 0 | D56: 0 | E56: 190 | F56: 31.8067 | G56: 0 | H56: 31.8067 | I56: 0 | J56: 0 | K56: 0 | L56: 0 | M56: 0 | N56: 0 | O56: -31.8067 | P56: 0 | Q56: -31.8067 | R56: 0 | S56: 0 | T56: 0
A57: ДОХОДЫ ОТ ОКАЗАНИЯ ПЛАТНЫХ УСЛУГ (РАБОТ) И КОМПЕНСАЦИИ ЗАТРАТ ГОСУДАРСТВА | B57: 00011300000000000000 | C57: 0 | D57: 0 | E57: 1090 | F57: 0 | G57: 0 | H57: 0 | I57: 0 | J57: 0 | K57: 1.5769 | L57: 0 | M57: 0 | N57: 0 | O57: 0 | P57: 0 | Q57: 1.5769 | R57: 0 | S57: 0 | T57: 0.1446
A58: Доходы от оказания платных услуг (работ) | B58: 00011301000000000130 | C58: 0 | D58: 0 | E58: 399.715 | F58: 0 | G58: 0 | H58: 0 | I58: 0 | J58: 0 | K58: 1.5769 | L58: 0 | M58: 0 | N58: 0 | O58: 0 | P58: 0 | Q58: 1.5769 | R58: 0 | S58: 0 | T58: 0.3945
... A70: инициативные платежи | B70: 000 1171500000 0000 150 | C70: 0 | D70: 0 | E70: 0 | F70: 0 | G70: 0 | H70: 0 | I70: 0 | J70: 0 | K70: 0 | L70: 0 | M70: 0 | N70: 0 | O70: 0 | P70: 0 | Q70: 0 | R70: 0 | S70: 0 | T70: 0

Sheet Майминский р-он
A5: Анализ поступления налоговых и неналоговых доходов консолидированного бюджета муниципального образования
A7: по состоянию на 1 февраля 2026 г.
B9: Майминский район
A11: Единица измерения: тыс. руб
A13: Наименование показателя | B13: Код Дохода | C13: Годовой план | F13: Фактическое поступление за прошлый финансовый год | I13: Фактическое поступление в отчетном финансовом году | L13: Темп роста КБ МО, % | O13: Отклонение (+/-) | R13: % выполнения плана
C15: МР | D15: СП | E15: КБ МО | F15: МР | G15: СП | H15: КБ МО | I15: МР | J15: СП | K15: КБ МО | L15: МР | M15: СП | N15: КБ МО | O15: МР | P15: СП | Q15: КБ МО | R15: МР | S15: СП | T15: КБ МО
A17: 1 | B17: 2 | C17: 3 | D17: 4 | E17: 5 | F17: 6 | G17: 7 | H17: 8 | I17: 9 | J17: 10 | K17: 11 | L17: 12 | M17: 13 | N17: 14 | O17: 15 | P17: 16 | Q17: 17 | R17: 18 | S17: 19 | T17: 20
A18: НАЛОГОВЫЕ И НЕНАЛОГОВЫЕ ДОХОДЫ | B18: 00010000000000000000 | C18: 1346502.4 | D18: 286273.82 | E18: 1632776.2 | F18: 63901.543 | G18: 4871.0042 | H18: 68772.547 | I18: 48226.421 | J18: 16012.721 | K18: 64239.142 | L18: 75.4698 | M18: 328.7355 | N18: 93.4081 | O18: -15675.122 | P18: 11141.717 | Q18: -4533.4048 | R18: 3.5816 | S18: 5.5934 | T18: 3.9343
A19: НАЛОГОВЫЕ И НЕНАЛОГОВЫЕ ДОХОДЫ без невыясненных поступлений | C19: 1346502.4 | D19: 286273.82 | E19: 1632776.2 | F19: 63901.543 | G19: 4871.0042 | H19: 68772.547 | I19: 48219.257 | J19: 16012.721 | K19: 64231.979 | L19: 75.4586 | M19: 328.7355 | N19: 93.3977 | O19: -15682.285 | P19: 11141.717 | Q19: -4540.5679 | R19: 3.581 | S19: 5.5934 | T19: 3.9339
A20: Налоговые доходы | C20: 1279155.2 | D20: 245731.96 | E20: 1524887.1 | F20: 46307.022 | G20: 2342.264 | H20: 48649.286 | I20: 46226.321 | J20: 13071.24 | K20: 59297.561 | L20: 99.8257 | M20: 558.06 | N20: 121.8878 | O20: -80.701 | P20: 10728.976 | Q20: 10648.275 | R20: 3.6138 | S20: 5.3193 | T20: 3.8886
A21: НАЛОГ НА ДОХОДЫ ФИЗИЧЕСКИХ ЛИЦ | B21: 00010102000010000110 | C21: 1075409.1 | D21: 48741.62 | E21: 1124150.7 | F21: 34114.546 | G21: 1290.5549 | H21: 35405.101 | I21: 41856.791 | J21: 1580.8167 | K21: 43437.608 | L21: 122.6948 | M21: 122.4912 | N21: 122.6874 | O21: 7742.2451 | P21: 290.2618 | Q21: 8032.5071 | R21: 3.8921 | S21: 3.2432 | T21: 3.864
A22: АКЦИЗЫ ПО ПОДАКЦИЗНОЙ ПРОДУКЦИИ | B22: 00010300000000000000 | C22: 24141.6 | D22: 0 | E22: 24141.6 | F22: 1826.1431 | G22: 0 | H22: 1826.1431 | I22: 1828.1916 | J22: 0 | K22: 1828.1916 | L22: 100.1121 | M22: 0 | N22: 100.1121 | O22: 2.0485 | P22: 0 | Q22: 2.0485 | R22: 7.5727 | S22: 0 | T22: 7.5727
A23: Туристический налог | B23: 00010303000010000110 | C23: 0 | D23: 110138.94 | E23: 110138.94 | F23: 0 | G23: 0 | H23: 0 | I23: 0 | J23: 10758.317 | K23: 10758.317 | L23: 0 | M23: 0 | N23: 0 | O23: 0 | P23: 10758.317 | Q23: 10758.317 | R23: 0 | S23: 9.7679 | T23: 9.7679
A24: НАЛОГИ НА СОВОКУПНЫЙ ДОХОД | B24: 00010500000000000000 | C24: 9473.47 | D24: 304.4 | E24: 9777.87 | F24: 8174.6045 | G24: 3.39 | H24: 8177.9945 | I24: 280.863 | J24: 0.7269 | K24: 281.5899 | L24: 3.4357 | M24: 21.4424 | N24: 3.4432 | O24: -7893.7415 | P24: -2.6631 | Q24: -7896.4046 | R24: 2.9647 | S24: 0.2387 | T24: 2.8798
A25: Налог, взимаемый в связи с применением упрощенной системы налогообложения | B25: 00010501000000000110 | C25: 0 | D25: 0 | E25: 0 | F25: 0 | G25: 0 | H25: 0 | I25: 0 | J25: 0 | K25: 0 | L25: 0 | M25: 0 | N25: 0 | O25: 0 | P25: 0 | Q25: 0 | R25: 0 | S25: 0 | T25: 0
A26: Единый налог на вмененный доход | B26: 00010502000020000110 | C26: 0 | D26: 0 | E26: 0 | F26: -0.0376 | G26: 0 | H26: -0.0376 | I26: 0 | J26: 0 | K26: 0 | L26: 0 | M26: 0 | N26: 0 | O26: 0.0376 | P26: 0 | Q26: 0.0376 | R26: 0 | S26: 0 | T26: 0
A27: Единый сельскохозяйственный налог | B27: 00010503000010000110 | C27: 701.4 | D27: 304.4 | E27: 1005.8 | F27: 7.91 | G27: 3.39 | H27: 11.3 | I27: 1.6961 | J27: 0.7269 | K27: 2.423 | L27: 21.4424 | M27: 21.4424 | N27: 21.4424 | O27: -6.2139 | P27: -2.6631 | Q27: -8.877 | R27: 0.2418 | S27: 0.2387 | T27: 0.2409
A28: Налог, взимаемый в связи с применением патентной системы налогообложения | B28: 00010504000020000110 | C28: 8772.07 | D28: 0 | E28: 8772.07 | F28: 8166.732 | G28: 0 | H28: 8166.732 | I28: 279.1669 | J28: 0 | K28: 279.1669 | L28: 3.4183 | M28: 0 | N28: 3.4183 | O28: -7887.5651 | P28: 0 | Q28: -7887.5651 | R28: 3.1824 | S28: 0 | T28: 3.1824
A29: НАЛОГИ НА ИМУЩЕСТВО | B29: 00010600000000000000 | C29: 122005 | D29: 86547 | E29: 208552 | F29: -4.696 | G29: 1048.3191 | H29: 1043.6231 | I29: -21.1336 | J29: 731.3793 | K29: 710.2457 | L29: 450.034 | M29: 69.7668 | N29: 68.0557 | O29: -16.4376 | P29: -316.9398 | Q29: -333.3774 | R29: -0.0173 | S29: 0.845 | T29: 0.3405
A30: Налог на имущество физических лиц | B30: 00010601000000000110 | C30: 0 | D30: 26014 | E30: 26014 | F30: 0 | G30: 323.5311 | H30: 323.5311 | I30: 0 | J30: 243.9872 | K30: 243.9872 | L30: 0 | M30: 75.4138 | N30: 75.4138 | O30: 0 | P30: -79.5439 | Q30: -79.5439 | R30: 0 | S30: 0.9379 | T30: 0.9379
A31: Налог на имущество организаций | B31: 00010602000020000110 | C31: 122005 | D31: 0 | E31: 122005 | F31: -4.696 | G31: 0 | H31: -4.696 | I31: -21.1336 | J31: 0 | K31: -21.1336 | L31: 450.034 | M31: 0 | N31: 450.034 | O31: -16.4376 | P31: 0 | Q31: -16.4376 | R31: -0.0173 | S31: 0 | T31: -0.0173
A32: Земельный налог всего, в том числе: | B32: 00010606000000000110 | C32: 0 | D32: 60533 | E32: 60533 | F32: 0 | G32: 724.788 | H32: 724.788 | I32: 0 | J32: 487.3921 | K32: 487.3921 | L32: 0 | M32: 67.2461 | N32: 67.2461 | O32: 0 | P32: -237.3959 | Q32: -237.3959 | R32: 0 | S32: 0.8051 | T32: 0.8051
... A44: ЗАДОЛЖЕННОСТЬ И ПЕРЕРАСЧЕТЫ ПО ОТМЕНЕННЫМ НАЛОГАМ, СБОРАМ И ИНЫМ ОБЯЗАТЕЛЬНЫМ ПЛАТЕЖАМ | B44: 00010900000000000000 | C44: 0 | D44: 0 | E44: 0 | F44: 0 | G44: 0 | H44: 0 | I44: 0 | J44: 0 | K44: 0 | L44: 0 | M44: 0 | N44: 0 | O44: 0 | P44: 0 | Q44: 0 | R44: 0 | S44: 0 | T44: 0
A45: Неналоговые доходы | C45: 67347.256 | D45: 40541.86 | E45: 107889.12 | F45: 17594.521 | G45: 2528.7403 | H45: 20123.261 | I45: 2000.0996 | J45: 2941.4814 | K45: 4941.581 | L45: 11.3677 | M45: 116.322 | N45: 24.5565 | O45: -15594.421 | P45: 412.7411 | Q45: -15181.68 | R45: 2.9698 | S45: 7.2554 | T45: 4.5802
A46: Неналоговые доходы без невыясненных поступлений | C46: 67347.256 | D46: 40541.86 | E46: 107889.12 | F46: 17594.521 | G46: 2528.7403 | H46: 20123.261 | I46: 1992.9365 | J46: 2941.4814 | K46: 4934.4179 | L46: 11.327 | M46: 116.322 | N46: 24.5209 | O46: -15601.584 | P46: 412.7411 | Q46: -15188.843 | R46: 2.9591 | S46: 7.2554 | T46: 4.5736
A47: ДОХОДЫ ОТ ИСПОЛЬЗОВАНИЯ ИМУЩЕСТВА, НАХОДЯЩЕГОСЯ В ГОСУДАРСТВЕННОЙ И МУНИЦИПАЛЬНОЙ СОБСТВЕННОСТИ | B47: 00011100000000000000 | C47: 32246.202 | D47: 25909.47 | E47: 58155.672 | F47: -8216.3842 | G47: 1548.7888 | H47: -6667.5954 | I47: 531.7315 | J47: 1981.245 | K47: 2512.9765 | L47: -6.4715 | M47: 127.9222 | N47: -37.6893 | O47: 8748.1157 | P47: 432.4562 | Q47: 9180.5719 | R47: 1.6489 | S47: 7.6467 | T47: 4.3211
A48: Доходы, получаемые в виде арендной платы за земельные участки, государственная собственность на которые не разграничена, а также средства от продажи права на заключение договоров аренды указанных земельных участков | B48: 00011105010000000120 | C48: 26930.9 | D48: 0 | E48: 26930.9 | F48: -3811.2449 | G48: 0 | H48: -3811.2449 | I48: 362.4461 | J48: 0 | K48: 362.4461 | L48: -9.5099 | M48: 0 | N48: -9.5099 | O48: 4173.691 | P48: 0 | Q48: 4173.691 | R48: 1.3458 | S48: 0 | T48: 1.3458
A49: Доходы, получаемые в виде арендной платы за земли после разграничения государственной собственности на землю, а также средства от продажи права на заключение договоров аренды указанных земельных участков (за исключением земельных участков бюджетных и автономных учреждений) | B49: 00011105020000000120 | C49: 4360.6 | D49: 23366.29 | E49: 27726.89 | F49: -4437.445 | G49: 1334.7053 | H49: -3102.7397 | I49: 41.4235 | J49: 1604.4806 | K49: 1645.9041 | L49: -0.9334 | M49: 120.2123 | N49: -53.0467 | O49: 4478.8685 | P49: 269.7753 | Q49: 4748.6438 | R49: 0.9499 | S49: 6.8666 | T49: 5.9361
A50: Доходы, получаемые в виде арендной платы за земельные участки, которые находятся в федеральной собственности и осуществление полномочий по управлению и распоряжению которыми передано органам государственной власти субъектов Российской Федерации, а также средства от продажи права на заключение договоров аренды указанных земельных участков | B50: 00011105026000000120 | C50: 0 | D50: 0 | E50: 0 | F50: 0 | G50: 0 | H50: 0 | I50: 0 | J50: 9.143 | K50: 9.143 | L50: 0 | M50: 0 | N50: 0 | O50: 0 | P50: 9.143 | Q50: 9.143 | R50: 0 | S50: 0 | T50: 0
A51: Доходы от сдачи в аренду имущества, находящегося в оперативном управлении органов государственной власти, органов местного самоуправления, государственных внебюджетных фондов и созданных ими учреждений (за исключением имущества бюджетных и автономных учреждений) | B51: 00011105030000000120 | C51: 144.102 | D51: 456.3 | E51: 600.402 | F51: 0 | G51: 31.3548 | H51: 31.3548 | I51: 0 | J51: 38.0216 | K51: 38.0216 | L51: 0 | M51: 121.2624 | N51: 121.2624 | O51: 0 | P51: 6.6668 | Q51: 6.6668 | R51: 0 | S51: 8.3325 | T51: 6.3326
A52: Доходы от сдачи в аренду имущества, составляющего государственную (муниципальную) казну (за исключением земельных участков) | B52: 00011105070000000120 | C52: 169.5 | D52: 0 | E52: 169.5 | F52: 5.2208 | G52: 0 | H52: 5.2208 | I52: 7.5044 | J52: 0 | K52: 7.5044 | L52: 143.7404 | M52: 0 | N52: 143.7404 | O52: 2.2836 | P52: 0 | Q52: 2.2836 | R52: 4.4273 | S52: 0 | T52: 4.4273
A53: Платежи от государственных и муниципальных унитарных предприятий | B53: 00011107000000000120 | C53: 0 | D53: 0 | E53: 0 | F53: 0 | G53: 0 | H53: 0 | I53: 50 | J53: 0 | K53: 50 | L53: 0 | M53: 0 | N53: 0 | O53: 50 | P53: 0 | Q53: 50 | R53: 0 | S53: 0 | T53: 0
A54: Средства, получаемые от передачи имущества, находящегося в государственной и муниципальной собственности (за исключением имущества бюджетных и автономных учреждений, а также имущества государственных и муниципальных унитарных предприятий, в том числе казенных), в залог, в доверительное управление | B54: 00011108000000000120 | C54: 0 | D54: 0 | E54: 0 | F54: 0 | G54: 0 | H54: 0 | I54: 0 | J54: 0 | K54: 0 | L54: 0 | M54: 0 | N54: 0 | O54: 0 | P54: 0 | Q54: 0 | R54: 0 | S54: 0 | T54: 0
A55: Прочие доходы от использования имущества и прав, находящихся в государственной и муниципальной собственности (за исключением имущества бюджетных и автономных учреждений, а также имущества государственных и муниципальных унитарных предприятий, в том числе казенных) | B55: 00011109000000000120 | C55: 577.8 | D55: 2062.88 | E55: 2640.68 | F55: 27.0849 | G55: 182.7287 | H55: 209.8136 | I55: 39.1715 | J55: 329.5998 | K55: 368.7713 | L55: 144.6248 | M55: 180.3765 | N55: 175.7613 | O55: 12.0866 | P55: 146.8711 | Q55: 158.9577 | R55: 6.7794 | S55: 15.9776 | T55: 13.965
A56: ПЛАТЕЖИ ПРИ ПОЛЬЗОВАНИИ ПРИРОДНЫМИ РЕСУРСАМИ | B56: 00011200000000000000 | C56: 0 | D56: 0 | E56: 0 | F56: 44.0224 | G56: 0 | H56: 44.0224 | I56: 0 | J56: 0 | K56: 0 | L56: 0 | M56: 0 | N56: 0 | O56: -44.0224 | P56: 0 | Q56: -44.0224 | R56: 0 | S56: 0 | T56: 0
A57: ДОХОДЫ ОТ ОКАЗАНИЯ ПЛАТНЫХ УСЛУГ (РАБОТ) И КОМПЕНСАЦИИ ЗАТРАТ ГОСУДАРСТВА | B57: 00011300000000000000 | C57: 2738.3842 | D57: 1106.59 | E57: 3844.9742 | F57: 260.844 | G57: 69.9087 | H57: 330.7527 | I57: 126.5423 | J57: 52.2589 | K57: 178.8012 | L57: 48.5126 | M57: 74.753 | N57: 54.0588 | O57: -134.3017 | P57: -17.6498 | Q57: -151.9515 | R57: 4.621 | S57: 4.7225 | T57: 4.6502
A58: Доходы от оказания платных услуг (работ) | B58: 00011301000000000130 | C58: 2675.4142 | D58: 9 | E58: 2684.4142 | F58: 252.8485 | G58: 0 | H58: 252.8485 | I58: 126.5423 | J58: 0 | K58: 126.5423 | L58: 50.0466 | M58: 0 | N58: 50.0466 | O58: -126.3062 | P58: 0 | Q58: -126.3062 | R58: 4.7298 | S58: 0 | T58: 4.7139
... A70: инициативные платежи | B70: 000 1171500000 0000 150 | C70: 0 | D70: 0 | E70: 0 | F70: 0 | G70: 0 | H70: 0 | I70: 0 | J70: 0 | K70: 0 | L70: 0 | M70: 0 | N70: 0 | O70: 0 | P70: 0 | Q70: 0 | R70: 0 | S70: 0 | T70: 0

Sheet Чойский р-он
A5: Анализ поступления налоговых и неналоговых доходов консолидированного бюджета муниципального образования
A7: по состоянию на 1 февраля 2026 г.
A9: Чойский район
A11: Единица измерения: тыс. руб
A13: Наименование показателя | B13: Код Дохода | C13: Годовой план | F13: Фактическое поступление за прошлый финансовый год | I13: Фактическое поступление в отчетном финансовом году | L13: Темп роста КБ МО, % | O13: Отклонение (+/-) | R13: % выполнения плана
C15: МР | D15: СП | E15: КБ МО | F15: МР | G15: СП | H15: КБ МО | I15: МР | J15: СП | K15: КБ МО | L15: МР | M15: СП | N15: КБ МО | O15: МР | P15: СП | Q15: КБ МО | R15: МР | S15: СП | T15: КБ МО
A17: 1 | B17: 2 | C17: 3 | D17: 4 | E17: 5 | F17: 6 | G17: 7 | H17: 8 | I17: 9 | J17: 10 | K17: 11 | L17: 12 | M17: 13 | N17: 14 | O17: 15 | P17: 16 | Q17: 17 | R17: 18 | S17: 19 | T17: 20
A18: НАЛОГОВЫЕ И НЕНАЛОГОВЫЕ ДОХОДЫ | B18: 00010000000000000000 | C18: 0 | D18: 0 | E18: 204466.4 | F18: 31292.076 | G18: 3409.1527 | H18: 34572.419 | I18: 0 | J18: 0 | K18: 14515.238 | L18: 0 | M18: 0 | N18: 41.985 | O18: -31292.076 | P18: -3409.1527 | Q18: -20057.181 | R18: 0 | S18: 0 | T18: 7.099
A19: НАЛОГОВЫЕ И НЕНАЛОГОВЫЕ ДОХОДЫ без невыясненных поступлений | C19: 0 | D19: 0 | E19: 204466.4 | F19: 31292.075 | G19: 3261.6444 | H19: 34553.719 | I19: 0 | J19: 0 | K19: 14515.238 | L19: 0 | M19: 0 | N19: 42.0077 | O19: -31292.075 | P19: -3261.6444 | Q19: -20038.482 | R19: 0 | S19: 0 | T19: 7.099
A20: Налоговые доходы | C20: 0 | D20: 0 | E20: 190662.4 | F20: 28783.563 | G20: 3239.033 | H20: 32022.596 | I20: 0 | J20: 0 | K20: 13888.171 | L20: 0 | M20: 0 | N20: 43.3699 | O20: -28783.563 | P20: -3239.033 | Q20: -18134.425 | R20: 0 | S20: 0 | T20: 7.2841
A21: НАЛОГ НА ДОХОДЫ ФИЗИЧЕСКИХ ЛИЦ | B21: 00010102000010000110 | C21: 0 | D21: 0 | E21: 78698 | F21: 8361.0702 | G21: 315.5802 | H21: 8676.6504 | I21: 0 | J21: 0 | K21: 5022.2282 | L21: 0 | M21: 0 | N21: 57.8821 | O21: -8361.0702 | P21: -315.5802 | Q21: -3654.4222 | R21: 0 | S21: 0 | T21: 6.3816
A22: АКЦИЗЫ ПО ПОДАКЦИЗНОЙ ПРОДУКЦИИ | B22: 00010300000000000000 | C22: 0 | D22: 0 | E22: 13937.5 | F22: 2842.9701 | G22: 0 | H22: 2842.9701 | I22: 0 | J22: 0 | K22: 1058.8249 | L22: 0 | M22: 0 | N22: 37.2436 | O22: -2842.9701 | P22: 0 | Q22: -1784.1452 | R22: 0 | S22: 0 | T22: 7.5969
A23: Туристический налог | B23: 00010303000010000110 | C23: 0 | D23: 0 | E23: 132.2 | F23: 0 | G23: 0 | H23: 0 | I23: 0 | J23: 0 | K23: 0.624 | L23: 0 | M23: 0 | N23: 0 | O23: 0 | P23: 0 | Q23: 0.624 | R23: 0 | S23: 0 | T23: 0.472
A24: НАЛОГИ НА СОВОКУПНЫЙ ДОХОД | B24: 00010500000000000000 | C24: 0 | D24: 0 | E24: 1493.2 | F24: 2681.3612 | G24: 2336.6401 | H24: 5018.0013 | I24: 0 | J24: 0 | K24: -1.0876 | L24: 0 | M24: 0 | N24: -0.0216 | O24: -2681.3612 | P24: -2336.6401 | Q24: -5019.0889 | R24: 0 | S24: 0 | T24: -0.0728
A25: Налог, взимаемый в связи с применением упрощенной системы налогообложения | B25: 00010501000000000110 | C25: 0 | D25: 0 | E25: 0 | F25: 0 | G25: 0 | H25: 0 | I25: 0 | J25: 0 | K25: 0.3434 | L25: 0 | M25: 0 | N25: 0 | O25: 0 | P25: 0 | Q25: 0.3434 | R25: 0 | S25: 0 | T25: 0
A26: Единый налог на вмененный доход | B26: 00010502000020000110 | C26: 0 | D26: 0 | E26: 0 | F26: 3.5 | G26: 0 | H26: 3.5 | I26: 0 | J26: 0 | K26: 0 | L26: 0 | M26: 0 | N26: 0 | O26: -3.5 | P26: 0 | Q26: -3.5 | R26: 0 | S26: 0 | T26: 0
A27: Единый сельскохозяйственный налог | B27: 00010503000010000110 | C27: 0 | D27: 0 | E27: 147.2 | F27: 0 | G27: 0 | H27: 0 | I27: 0 | J27: 0 | K27: 0 | L27: 0 | M27: 0 | N27: 0 | O27: 0 | P27: 0 | Q27: 0 | R27: 0 | S27: 0 | T27: 0
A28: Налог, взимаемый в связи с применением патентной системы налогообложения | B28: 00010504000020000110 | C28: 0 | D28: 0 | E28: 1346 | F28: 2677.8612 | G28: 2336.6401 | H28: 5014.5013 | I28: 0 | J28: 0 | K28: -1.431 | L28: 0 | M28: 0 | N28: -0.0285 | O28: -2677.8612 | P28: -2336.6401 | Q28: -5015.9323 | R28: 0 | S28: 0 | T28: -0.1063
A29: НАЛОГИ НА ИМУЩЕСТВО | B29: 00010600000000000000 | C29: 0 | D29: 0 | E29: 21921.5 | F29: 33.6655 | G29: 586.4127 | H29: 620.0782 | I29: 0 | J29: 0 | K29: 91.0118 | L29: 0 | M29: 0 | N29: 14.6774 | O29: -33.6655 | P29: -586.4127 | Q29: -529.0664 | R29: 0 | S29: 0 | T29: 0.4151
A30: Налог на имущество физических лиц | B30: 00010601000000000110 | C30: 0 | D30: 0 | E30: 772.5 | F30: 0 | G30: 175.8321 | H30: 175.8321 | I30: 0 | J30: 0 | K30: 17.8494 | L30: 0 | M30: 0 | N30: 10.1513 | O30: 0 | P30: -175.8321 | Q30: -157.9827 | R30: 0 | S30: 0 | T30: 2.3106
A31: Налог на имущество организаций | B31: 00010602000020000110 | C31: 0 | D31: 0 | E31: 17110 | F31: 33.6655 | G31: 0 | H31: 33.6655 | I31: 0 | J31: 0 | K31: 38.4711 | L31: 0 | M31: 0 | N31: 114.2745 | O31: -33.6655 | P31: 0 | Q31: 4.8056 | R31: 0 | S31: 0 | T31: 0.2248
A32: Земельный налог всего, в том числе: | B32: 00010606000000000110 | C32: 0 | D32: 0 | E32: 4039 | F32: 0 | G32: 410.5806 | H32: 410.5806 | I32: 0 | J32: 0 | K32: 34.6914 | L32: 0 | M32: 0 | N32: 8.4493 | O32: 0 | P32: -410.5806 | Q32: -375.8892 | R32: 0 | S32: 0 | T32: 0.8589
... A44: ЗАДОЛЖЕННОСТЬ И ПЕРЕРАСЧЕТЫ ПО ОТМЕНЕННЫМ НАЛОГАМ, СБОРАМ И ИНЫМ ОБЯЗАТЕЛЬНЫМ ПЛАТЕЖАМ | B44: 00010900000000000000 | C44: 0 | D44: 0 | E44: 0 | F44: 0 | G44: 0 | H44: 0 | I44: 0 | J44: 0 | K44: 0 | L44: 0 | M44: 0 | N44: 0 | O44: 0 | P44: 0 | Q44: 0 | R44: 0 | S44: 0 | T44: 0
A45: Неналоговые доходы | C45: 0 | D45: 0 | E45: 13804 | F45: 2508.513 | G45: 170.1197 | H45: 2549.8227 | I45: 0 | J45: 0 | K45: 627.0669 | L45: 0 | M45: 0 | N45: 24.5925 | O45: -2508.513 | P45: -170.1197 | Q45: -1922.7558 | R45: 0 | S45: 0 | T45: 4.5426
A46: Неналоговые доходы без невыясненных поступлений | C46: 0 | D46: 0 | E46: 13804 | F46: 2508.512 | G46: 22.6114 | H46: 2531.1234 | I46: 0 | J46: 0 | K46: 627.0669 | L46: 0 | M46: 0 | N46: 24.7742 | O46: -2508.512 | P46: -22.6114 | Q46: -1904.0565 | R46: 0 | S46: 0 | T46: 4.5426
A47: ДОХОДЫ ОТ ИСПОЛЬЗОВАНИЯ ИМУЩЕСТВА, НАХОДЯЩЕГОСЯ В ГОСУДАРСТВЕННОЙ И МУНИЦИПАЛЬНОЙ СОБСТВЕННОСТИ | B47: 00011100000000000000 | C47: 0 | D47: 0 | E47: 7260.5 | F47: 1580.1488 | G47: 22.2954 | H47: 1602.4442 | I47: 0 | J47: 0 | K47: 520.9377 | L47: 0 | M47: 0 | N47: 32.5089 | O47: -1580.1488 | P47: -22.2954 | Q47: -1081.5065 | R47: 0 | S47: 0 | T47: 7.1749
A48: Доходы, получаемые в виде арендной платы за земельные участки, государственная собственность на которые не разграничена, а также средства от продажи права на заключение договоров аренды указанных земельных участков | B48: 00011105010000000120 | C48: 0 | D48: 0 | E48: 7151.9297 | F48: 620.4021 | G48: 0 | H48: 620.4021 | I48: 0 | J48: 0 | K48: 660.7355 | L48: 0 | M48: 0 | N48: 106.5011 | O48: -620.4021 | P48: 0 | Q48: 40.3334 | R48: 0 | S48: 0 | T48: 9.2385
A49: Доходы, получаемые в виде арендной платы за земли после разграничения государственной собственности на землю, а также средства от продажи права на заключение договоров аренды указанных земельных участков (за исключением земельных участков бюджетных и автономных учреждений) | B49: 00011105020000000120 | C49: 0 | D49: 0 | E49: 108.5703 | F49: 55.9622 | G49: 22.2954 | H49: 78.2576 | I49: 0 | J49: 0 | K49: 108.5703 | L49: 0 | M49: 0 | N49: 138.7345 | O49: -55.9622 | P49: -22.2954 | Q49: 30.3127 | R49: 0 | S49: 0 | T49: 100
A50: Доходы, получаемые в виде арендной платы за земельные участки, которые находятся в федеральной собственности и осуществление полномочий по управлению и распоряжению которыми передано органам государственной власти субъектов Российской Федерации, а также средства от продажи права на заключение договоров аренды указанных земельных участков | B50: 00011105026000000120 | C50: 0 | D50: 0 | E50: 0 | F50: 0 | G50: 0 | H50: 0 | I50: 0 | J50: 0 | K50: 0 | L50: 0 | M50: 0 | N50: 0 | O50: 0 | P50: 0 | Q50: 0 | R50: 0 | S50: 0 | T50: 0
A51: Доходы от сдачи в аренду имущества, находящегося в оперативном управлении органов государственной власти, органов местного самоуправления, государственных внебюджетных фондов и созданных ими учреждений (за исключением имущества бюджетных и автономных учреждений) | B51: 00011105030000000120 | C51: 0 | D51: 0 | E51: 0 | F51: 901.3959 | G51: 0 | H51: 901.3959 | I51: 0 | J51: 0 | K51: -248.3681 | L51: 0 | M51: 0 | N51: -27.5537 | O51: -901.3959 | P51: 0 | Q51: -1149.764 | R51: 0 | S51: 0 | T51: 0
A52: Доходы от сдачи в аренду имущества, составляющего государственную (муниципальную) казну (за исключением земельных участков) | B52: 00011105070000000120 | C52: 0 | D52: 0 | E52: 0 | F52: 0 | G52: 0 | H52: 0 | I52: 0 | J52: 0 | K52: 0 | L52: 0 | M52: 0 | N52: 0 | O52: 0 | P52: 0 | Q52: 0 | R52: 0 | S52: 0 | T52: 0
A53: Платежи от государственных и муниципальных унитарных предприятий | B53: 00011107000000000120 | C53: 0 | D53: 0 | E53: 0 | F53: 0 | G53: 0 | H53: 0 | I53: 0 | J53: 0 | K53: 0 | L53: 0 | M53: 0 | N53: 0 | O53: 0 | P53: 0 | Q53: 0 | R53: 0 | S53: 0 | T53: 0
A54: Средства, получаемые от передачи имущества, находящегося в государственной и муниципальной собственности (за исключением имущества бюджетных и автономных учреждений, а также имущества государственных и муниципальных унитарных предприятий, в том числе казенных), в залог, в доверительное управление | B54: 00011108000000000120 | C54: 0 | D54: 0 | E54: 0 | F54: 2.3886 | G54: 0 | H54: 2.3886 | I54: 0 | J54: 0 | K54: 0 | L54: 0 | M54: 0 | N54: 0 | O54: -2.3886 | P54: 0 | Q54: -2.3886 | R54: 0 | S54: 0 | T54: 0
A55: Прочие доходы от использования имущества и прав, находящихся в государственной и муниципальной собственности (за исключением имущества бюджетных и автономных учреждений, а также имущества государственных и муниципальных унитарных предприятий, в том числе казенных) | B55: 00011109000000000120 | C55: 0 | D55: 0 | E55: 0 | F55: 0 | G55: 0 | H55: 0 | I55: 0 | J55: 0 | K55: 0 | L55: 0 | M55: 0 | N55: 0 | O55: 0 | P55: 0 | Q55: 0 | R55: 0 | S55: 0 | T55: 0
A56: ПЛАТЕЖИ ПРИ ПОЛЬЗОВАНИИ ПРИРОДНЫМИ РЕСУРСАМИ | B56: 00011200000000000000 | C56: 0 | D56: 0 | E56: 2500 | F56: 33.2783 | G56: 0 | H56: 33.2783 | I56: 0 | J56: 0 | K56: 0 | L56: 0 | M56: 0 | N56: 0 | O56: -33.2783 | P56: 0 | Q56: -33.2783 | R56: 0 | S56: 0 | T56: 0
A57: ДОХОДЫ ОТ ОКАЗАНИЯ ПЛАТНЫХ УСЛУГ (РАБОТ) И КОМПЕНСАЦИИ ЗАТРАТ ГОСУДАРСТВА | B57: 00011300000000000000 | C57: 0 | D57: 0 | E57: 433.5 | F57: 25.89 | G57: 0 | H57: 25.89 | I57: 0 | J57: 0 | K57: 7.7564 | L57: 0 | M57: 0 | N57: 29.959 | O57: -25.89 | P57: 0 | Q57: -18.1336 | R57: 0 | S57: 0 | T57: 1.7892
A58: Доходы от оказания платных услуг (работ) | B58: 00011301000000000130 | C58: 0 | D58: 0 | E58: 0 | F58: 0 | G58: 0 | H58: 0 | I58: 0 | J58: 0 | K58: 0 | L58: 0 | M58: 0 | N58: 0 | O58: 0 | P58: 0 | Q58: 0 | R58: 0 | S58: 0 | T58: 0
... A70: инициативные платежи | B70: 000 1171500000 0000 150 | C70: 0 | D70: 0 | E70: 0 | F70: 0 | G70: 0 | H70: 0 | I70: 0 | J70: 0 | K70: 0 | L70: 0 | M70: 0 | N70: 0 | O70: 0 | P70: 0 | Q70: 0 | R70: 0 | S70: 0 | T70: 0

Sheet Чемальский р-он
A5: Анализ поступления налоговых и неналоговых доходов консолидированного бюджета муниципального образования
A7: по состоянию на 1 февраля 2026 г.
A9: Чемальский район
A11: Единица измерения: тыс. руб
A13: Наименование показателя | B13: Код Дохода | C13: Годовой план | F13: Фактическое поступление за прошлый финансовый год | I13: Фактическое поступление в отчетном финансовом году | L13: Темп роста КБ МО, % | O13: Отклонение (+/-) | R13: % выполнения плана
C15: МР | D15: СП | E15: КБ МО | F15: МР | G15: СП | H15: КБ МО | I15: МР | J15: СП | K15: КБ МО | L15: МР | M15: СП | N15: КБ МО | O15: МР | P15: СП | Q15: КБ МО | R15: МР | S15: СП | T15: КБ МО
A17: 1 | B17: 2 | C17: 3 | D17: 4 | E17: 5 | F17: 6 | G17: 7 | H17: 8 | I17: 9 | J17: 10 | K17: 11 | L17: 12 | M17: 13 | N17: 14 | O17: 15 | P17: 16 | Q17: 17 | R17: 18 | S17: 19 | T17: 20
A18: НАЛОГОВЫЕ И НЕНАЛОГОВЫЕ ДОХОДЫ | B18: 00010000000000000000 | C18: 377924.3 | D18: 120306.15 | E18: 498230.45 | F18: 13667.088 | G18: 848.8457 | H18: 14515.934 | I18: 7734.832 | J18: 11358.082 | K18: 19092.914 | L18: 56.5945 | M18: 1338.062 | N18: 131.5307 | O18: -5932.2564 | P18: 10509.236 | Q18: 4576.9798 | R18: 2.0466 | S18: 9.4409 | T18: 3.8321
A19: НАЛОГОВЫЕ И НЕНАЛОГОВЫЕ ДОХОДЫ без невыясненных поступлений | C19: 377924.3 | D19: 120306.15 | E19: 498230.45 | F19: 13667.088 | G19: 848.8457 | H19: 14515.934 | I19: 7734.5472 | J19: 11362.234 | K19: 19096.781 | L19: 56.5925 | M19: 1338.5511 | N19: 131.5573 | O19: -5932.5412 | P19: 10513.388 | Q19: 4580.847 | R19: 2.0465 | S19: 9.4444 | T19: 3.8329
A20: Налоговые доходы | C20: 330312.9 | D20: 118878.25 | E20: 449191.15 | F20: 9394.9064 | G20: 784.7435 | H20: 10179.65 | I20: 6837.4002 | J20: 3324.7368 | K20: 10162.137 | L20: 72.7777 | M20: 423.6717 | N20: 99.8279 | O20: -2557.5062 | P20: 2539.9933 | Q20: -17.5129 | R20: 2.0699 | S20: 2.7967 | T20: 2.2623
A21: НАЛОГ НА ДОХОДЫ ФИЗИЧЕСКИХ ЛИЦ | B21: 00010102000010000110 | C21: 265038.4 | D21: 8702.3 | E21: 273740.7 | F21: 4510.6194 | G21: 170.212 | H21: 4680.8314 | I21: 4920.6436 | J21: 189.1284 | K21: 5109.772 | L21: 109.0901 | M21: 111.1134 | N21: 109.1637 | O21: 410.0242 | P21: 18.9164 | Q21: 428.9406 | R21: 1.8565 | S21: 2.1733 | T21: 1.8666
A22: АКЦИЗЫ ПО ПОДАКЦИЗНОЙ ПРОДУКЦИИ | B22: 00010300000000000000 | C22: 8585.2 | D22: 0 | E22: 8585.2 | F22: 675.2472 | G22: 0 | H22: 675.2472 | I22: 856.6332 | J22: 0 | K22: 856.6332 | L22: 126.8621 | M22: 0 | N22: 126.8621 | O22: 181.386 | P22: 0 | Q22: 181.386 | R22: 9.978 | S22: 0 | T22: 9.978
A23: Туристический налог | B23: 00010303000010000110 | C23: 0 | D23: 40622.2 | E23: 40622.2 | F23: 0 | G23: 0 | H23: 0 | I23: 0 | J23: 2252.1808 | K23: 2252.1808 | L23: 0 | M23: 0 | N23: 0 | O23: 0 | P23: 2252.1808 | Q23: 2252.1808 | R23: 0 | S23: 5.5442 | T23: 5.5442
A24: НАЛОГИ НА СОВОКУПНЫЙ ДОХОД | B24: 00010500000000000000 | C24: 10092.6 | D24: 12.4 | E24: 10105 | F24: 2934.2981 | G24: 0.306 | H24: 2934.6041 | I24: -249.4773 | J24: 0.0231 | K24: -249.4542 | L24: -8.5021 | M24: 7.549 | N24: -8.5004 | O24: -3183.7754 | P24: -0.2829 | Q24: -3184.0583 | R24: -2.4718 | S24: 0.1862 | T24: -2.4686
A25: Налог, взимаемый в связи с применением упрощенной системы налогообложения | B25: 00010501000000000110 | C25: 0 | D25: 0 | E25: 0 | F25: 0 | G25: 0 | H25: 0 | I25: 0 | J25: 0 | K25: 0 | L25: 0 | M25: 0 | N25: 0 | O25: 0 | P25: 0 | Q25: 0 | R25: 0 | S25: 0 | T25: 0
A26: Единый налог на вмененный доход | B26: 00010502000020000110 | C26: 0 | D26: 0 | E26: 0 | F26: 0 | G26: 0 | H26: 0 | I26: 0 | J26: 0 | K26: 0 | L26: 0 | M26: 0 | N26: 0 | O26: 0 | P26: 0 | Q26: 0 | R26: 0 | S26: 0 | T26: 0
A27: Единый сельскохозяйственный налог | B27: 00010503000010000110 | C27: 33.5 | D27: 12.4 | E27: 45.9 | F27: 0.714 | G27: 0.306 | H27: 1.02 | I27: 0.0539 | J27: 0.0231 | K27: 0.077 | L27: 7.549 | M27: 7.549 | N27: 7.549 | O27: -0.6601 | P27: -0.2829 | Q27: -0.943 | R27: 0.1608 | S27: 0.1862 | T27: 0.1677
A28: Налог, взимаемый в связи с применением патентной системы налогообложения | B28: 00010504000020000110 | C28: 10059.1 | D28: 0 | E28: 10059.1 | F28: 2933.5841 | G28: 0 | H28: 2933.5841 | I28: -249.5312 | J28: 0 | K28: -249.5312 | L28: -8.506 | M28: 0 | N28: -8.506 | O28: -3183.1153 | P28: 0 | Q28: -3183.1153 | R28: -2.4806 | S28: 0 | T28: -2.4806
A29: НАЛОГИ НА ИМУЩЕСТВО | B29: 00010600000000000000 | C29: 34792.7 | D29: 69541.345 | E29: 104334.05 | F29: 250.556 | G29: 614.2255 | H29: 864.7815 | I29: -90.7068 | J29: 883.4045 | K29: 792.6977 | L29: -36.2022 | M29: 143.8241 | N29: 91.6645 | O29: -341.2628 | P29: 269.179 | Q29: -72.0838 | R29: -0.2607 | S29: 1.2703 | T29: 0.7597
A30: Налог на имущество физических лиц | B30: 00010601000000000110 | C30: 0 | D30: 15449.3 | E30: 15449.3 | F30: 0 | G30: 66.6532 | H30: 66.6532 | I30: 0 | J30: 123.9221 | K30: 123.9221 | L30: 0 | M30: 185.9207 | N30: 185.9207 | O30: 0 | P30: 57.2689 | Q30: 57.2689 | R30: 0 | S30: 0.8021 | T30: 0.8021
A31: Налог на имущество организаций | B31: 00010602000020000110 | C31: 34792.7 | D31: 0 | E31: 34792.7 | F31: 250.556 | G31: 0 | H31: 250.556 | I31: -90.7068 | J31: 0 | K31: -90.7068 | L31: -36.2022 | M31: 0 | N31: -36.2022 | O31: -341.2628 | P31: 0 | Q31: -341.2628 | R31: -0.2607 | S31: 0 | T31: -0.2607
A32: Земельный налог всего, в том числе: | B32: 00010606000000000110 | C32: 0 | D32: 54092.046 | E32: 54092.046 | F32: 0 | G32: 547.5724 | H32: 547.5724 | I32: 0 | J32: 759.4824 | K32: 759.4824 | L32: 0 | M32: 138.6999 | N32: 138.6999 | O32: 0 | P32: 211.91 | Q32: 211.91 | R32: 0 | S32: 1.404 | T32: 1.404
... A44: ЗАДОЛЖЕННОСТЬ И ПЕРЕРАСЧЕТЫ ПО ОТМЕНЕННЫМ НАЛОГАМ, СБОРАМ И ИНЫМ ОБЯЗАТЕЛЬНЫМ ПЛАТЕЖАМ | B44: 00010900000000000000 | C44: 0 | D44: 0 | E44: 0 | F44: 0 | G44: 0 | H44: 0 | I44: 0 | J44: 0 | K44: 0 | L44: 0 | M44: 0 | N44: 0 | O44: 0 | P44: 0 | Q44: 0 | R44: 0 | S44: 0 | T44: 0
A45: Неналоговые доходы | C45: 47611.4 | D45: 1427.9 | E45: 49039.3 | F45: 4272.1821 | G45: 64.1021 | H45: 4336.2841 | I45: 897.4318 | J45: 8033.345 | K45: 8930.7768 | L45: 21.0064 | M45: 12532.109 | N45: 205.9546 | O45: -3374.7503 | P45: 7969.2429 | Q45: 4594.4927 | R45: 1.8849 | S45: 562.5985 | T45: 18.2114
A46: Неналоговые доходы без невыясненных поступлений | C46: 47611.4 | D46: 1427.9 | E46: 49039.3 | F46: 4272.1821 | G46: 64.1021 | H46: 4336.2841 | I46: 897.147 | J46: 8037.497 | K46: 8934.644 | L46: 20.9997 | M46: 12538.586 | N46: 206.0437 | O46: -3375.0351 | P46: 7973.3949 | Q46: 4598.3599 | R46: 1.8843 | S46: 562.8893 | T46: 18.2193
A47: ДОХОДЫ ОТ ИСПОЛЬЗОВАНИЯ ИМУЩЕСТВА, НАХОДЯЩЕГОСЯ В ГОСУДАРСТВЕННОЙ И МУНИЦИПАЛЬНОЙ СОБСТВЕННОСТИ | B47: 00011100000000000000 | C47: 37797.1 | D47: 941.4 | E47: 38738.5 | F47: 903.5389 | G47: 36.3835 | H47: 939.9223 | I47: 846.1572 | J47: 24.417 | K47: 870.5742 | L47: 93.6492 | M47: 67.11 | N47: 92.6219 | O47: -57.3817 | P47: -11.9665 | Q47: -69.3481 | R47: 2.2386 | S47: 2.5936 | T47: 2.2473
A48: Доходы, получаемые в виде арендной платы за земельные участки, государственная собственность на которые не разграничена, а также средства от продажи права на заключение договоров аренды указанных земельных участков | B48: 00011105010000000120 | C48: 18000 | D48: 0 | E48: 18000 | F48: 689.9434 | G48: 0 | H48: 689.9434 | I48: 627.099 | J48: 0 | K48: 627.099 | L48: 90.8913 | M48: 0 | N48: 90.8913 | O48: -62.8444 | P48: 0 | Q48: -62.8444 | R48: 3.4838 | S48: 0 | T48: 3.4838
A49: Доходы, получаемые в виде арендной платы за земли после разграничения государственной собственности на землю, а также средства от продажи права на заключение договоров аренды указанных земельных участков (за исключением земельных участков бюджетных и автономных учреждений) | B49: 00011105020000000120 | C49: 18000 | D49: 721.1 | E49: 18721.1 | F49: 211.0955 | G49: 21.6335 | H49: 232.7289 | I49: 219.0582 | J49: 14.267 | K49: 233.3252 | L49: 103.772 | M49: 65.9486 | N49: 100.2562 | O49: 7.9627 | P49: -7.3665 | Q49: 0.5963 | R49: 1.2169 | S49: 1.9785 | T49: 1.2463
A50: Доходы, получаемые в виде арендной платы за земельные участки, которые находятся в федеральной собственности и осуществление полномочий по управлению и распоряжению которыми передано органам государственной власти субъектов Российской Федерации, а также средства от продажи права на заключение договоров аренды указанных земельных участков | B50: 00011105026000000120 | C50: 0 | D50: 0 | E50: 0 | F50: 0 | G50: 0 | H50: 0 | I50: 0 | J50: 0 | K50: 0 | L50: 0 | M50: 0 | N50: 0 | O50: 0 | P50: 0 | Q50: 0 | R50: 0 | S50: 0 | T50: 0
A51: Доходы от сдачи в аренду имущества, находящегося в оперативном управлении органов государственной власти, органов местного самоуправления, государственных внебюджетных фондов и созданных ими учреждений (за исключением имущества бюджетных и автономных учреждений) | B51: 00011105030000000120 | C51: 0 | D51: 0 | E51: 0 | F51: 0 | G51: 0 | H51: 0 | I51: 0 | J51: 0 | K51: 0 | L51: 0 | M51: 0 | N51: 0 | O51: 0 | P51: 0 | Q51: 0 | R51: 0 | S51: 0 | T51: 0
A52: Доходы от сдачи в аренду имущества, составляющего государственную (муниципальную) казну (за исключением земельных участков) | B52: 00011105070000000120 | C52: 0 | D52: 0 | E52: 0 | F52: 0 | G52: 0 | H52: 0 | I52: 0 | J52: 0 | K52: 0 | L52: 0 | M52: 0 | N52: 0 | O52: 0 | P52: 0 | Q52: 0 | R52: 0 | S52: 0 | T52: 0
A53: Платежи от государственных и муниципальных унитарных предприятий | B53: 00011107000000000120 | C53: 0 | D53: 0 | E53: 0 | F53: 0 | G53: 0 | H53: 0 | I53: 0 | J53: 0 | K53: 0 | L53: 0 | M53: 0 | N53: 0 | O53: 0 | P53: 0 | Q53: 0 | R53: 0 | S53: 0 | T53: 0
A54: Средства, получаемые от передачи имущества, находящегося в государственной и муниципальной собственности (за исключением имущества бюджетных и автономных учреждений, а также имущества государственных и муниципальных унитарных предприятий, в том числе казенных), в залог, в доверительное управление | B54: 00011108000000000120 | C54: 0 | D54: 0 | E54: 0 | F54: 0 | G54: 0 | H54: 0 | I54: 0 | J54: 0 | K54: 0 | L54: 0 | M54: 0 | N54: 0 | O54: 0 | P54: 0 | Q54: 0 | R54: 0 | S54: 0 | T54: 0
A55: Прочие доходы от использования имущества и прав, находящихся в государственной и муниципальной собственности (за исключением имущества бюджетных и автономных учреждений, а также имущества государственных и муниципальных унитарных предприятий, в том числе казенных) | B55: 00011109000000000120 | C55: 1797.1 | D55: 220.3 | E55: 2017.4 | F55: 2.5 | G55: 14.75 | H55: 17.25 | I55: 0 | J55: 10.15 | K55: 10.15 | L55: 0 | M55: 68.8135 | N55: 58.8405 | O55: -2.5 | P55: -4.6 | Q55: -7.1 | R55: 0 | S55: 4.6073 | T55: 0.5031
A56: ПЛАТЕЖИ ПРИ ПОЛЬЗОВАНИИ ПРИРОДНЫМИ РЕСУРСАМИ | B56: 00011200000000000000 | C56: 0 | D56: 0 | E56: 0 | F56: 1.6319 | G56: 0 | H56: 1.6319 | I56: 0 | J56: 0 | K56: 0 | L56: 0 | M56: 0 | N56: 0 | O56: -1.6319 | P56: 0 | Q56: -1.6319 | R56: 0 | S56: 0 | T56: 0
A57: ДОХОДЫ ОТ ОКАЗАНИЯ ПЛАТНЫХ УСЛУГ (РАБОТ) И КОМПЕНСАЦИИ ЗАТРАТ ГОСУДАРСТВА | B57: 00011300000000000000 | C57: 0 | D57: 71.5 | E57: 71.5 | F57: 0 | G57: 4.5 | H57: 4.5 | I57: 0 | J57: 3 | K57: 3 | L57: 0 | M57: 66.6666 | N57: 66.6666 | O57: 0 | P57: -1.5 | Q57: -1.5 | R57: 0 | S57: 4.1958 | T57: 4.1958
A58: Доходы от оказания платных услуг (работ) | B58: 00011301000000000130 | C58: 0 | D58: 55 | E58: 55 | F58: 0 | G58: 4.5 | H58: 4.5 | I58: 0 | J58: 3 | K58: 3 | L58: 0 | M58: 66.6666 | N58: 66.6666 | O58: 0 | P58: -1.5 | Q58: -1.5 | R58: 0 | S58: 5.4545 | T58: 5.4545
... A70: инициативные платежи | B70: 000 1171500000 0000 150 | C70: 0 | D70: 0 | E70: 0 | F70: 0 | G70: 0 | H70: 0 | I70: 0 | J70: 0 | K70: 0 | L70: 0 | M70: 0 | N70: 0 | O70: 0 | P70: 0 | Q70: 0 | R70: 0 | S70: 0 | T70: 0

Sheet Горно-Алтайск
A5: Анализ поступления налоговых и неналоговых доходов консолидированного бюджета муниципального образования
A7: по состоянию на 1 февраля 2026 г.
B9: Горно-Алтайск
A11: Единица измерения: тыс. руб
A13: Наименование показателя | B13: Код Дохода | C13: Годовой план | D13: Фактическое поступление за прошлый год | E13: Фактическое поступление в отчетном финансовом году | F13: Темп роста КБ МО, % | G13: Отклонение (+/-) | H13: % выполнения плана
C16: ГО | D16: ГО | E16: ГО | F16: ГО | G16: ГО | H16: ГО
A17: 1 | B17: 2 | C17: 3 | D17: 4 | E17: 5 | F17: 6 | G17: 7 | H17: 8
A18: НАЛОГОВЫЕ И НЕНАЛОГОВЫЕ ДОХОДЫ | B18: 00010000000000000000 | C18: 2195800 | D18: 60336.599 | E18: 53771.381 | F18: 89.119 | G18: -6565.2176 | H18: 2.4488
A19: НАЛОГОВЫЕ И НЕНАЛОГОВЫЕ ДОХОДЫ без невыясненных поступлений | C19: 2195800 | D19: 60336.959 | E19: 53379.398 | F19: 88.4688 | G19: -6957.5606 | H19: 2.4309
A20: Налоговые доходы | C20: 2140976.6 | D20: 57848.927 | E20: 50333.626 | F20: 87.0087 | G20: -7515.3015 | H20: 2.3509
A21: НАЛОГ НА ДОХОДЫ ФИЗИЧЕСКИХ ЛИЦ | B21: 00010102000010000110 | C21: 1473185.1 | D21: 40329.323 | E21: 40351.83 | F21: 100.0558 | G21: 22.5066 | H21: 2.739
A22: АКЦИЗЫ ПО ПОДАКЦИЗНОЙ ПРОДУКЦИИ | B22: 00010300000000000000 | C22: 19758.5 | D22: 1494.5932 | E22: 1496.2857 | F22: 100.1132 | G22: 1.6925 | H22: 7.5728
A23: Туристический налог | B23: 00010303000010000110 | C23: 9499.2 | D23: 0 | E23: 1028.791 | F23: 0 | G23: 1028.791 | H23: 10.8302
A24: НАЛОГИ НА СОВОКУПНЫЙ ДОХОД | B24: 00010500000000000000 | C24: 339488.3 | D24: 11488.156 | E24: 1563.288 | F24: 13.6078 | G24: -9924.868 | H24: 0.4604
A25: Налог, взимаемый в связи с применением упрощенной системы налогообложения | B25: 00010501000000000110 | C25: 310096.3 | D25: -2963.7065 | E25: 1518.7307 | F25: -51.2443 | G25: 4482.4372 | H25: 0.4897
A26: Единый налог на вмененный доход | B26: 00010502000020000110 | C26: 0 | D26: 9.5431 | E26: 0.6925 | F26: 7.2565 | G26: -8.8506 | H26: 0
A27: Единый сельскохозяйственный налог | B27: 00010503000010000110 | C27: 270.8 | D27: 0.7513 | E27: 0 | F27: 0 | G27: -0.7513 | H27: 0
A28: Налог, взимаемый в связи с применением патентной системы налогообложения | B28: 00010504000020000110 | C28: 29121.2 | D28: 14441.568 | E28: 43.8648 | F28: 0.3037 | G28: -14397.703 | H28: 0.1506
A29: НАЛОГИ НА ИМУЩЕСТВО | B29: 00010600000000000000 | C29: 242227.1 | D29: 1054.0816 | E29: 1782.9922 | F29: 169.1512 | G29: 728.9106 | H29: 0.736
A30: Налог на имущество физических лиц | B30: 00010601000000000110 | C30: 44287.4 | D30: 573.2126 | E30: 912.7239 | F30: 159.2295 | G30: 339.5113 | H30: 2.0609
A31: Налог на имущество организаций | B31: 00010602000020000110 | C31: 153074.7 | D31: 295.3199 | E31: 493.4645 | F31: 167.0949 | G31: 198.1446 | H31: 0.3223
A32: Земельный налог всего, в том числе: | B32: 00010606000000000110 | C32: 44865 | D32: 185.5491 | E32: 376.8038 | F32: 203.0749 | G32: 191.2547 | H32: 0.8398
... A44: ЗАДОЛЖЕННОСТЬ И ПЕРЕРАСЧЕТЫ ПО ОТМЕНЕННЫМ НАЛОГАМ, СБОРАМ И ИНЫМ ОБЯЗАТЕЛЬНЫМ ПЛАТЕЖАМ | B44: 00010900000000000000 | C44: 0 | D44: 0 | E44: 0 | F44: 0 | G44: 0 | H44: 0
A45: Неналоговые доходы | C45: 54823.4 | D45: 2487.6714 | E45: 3437.7552 | F45: 138.1916 | G45: 950.0838 | H45: 6.2705
A46: Неналоговые доходы без невыясненных поступлений | C46: 54823.4 | D46: 2488.0314 | E46: 3045.7722 | F46: 122.4169 | G46: 557.7408 | H46: 5.5556
A47: ДОХОДЫ ОТ ИСПОЛЬЗОВАНИЯ ИМУЩЕСТВА, НАХОДЯЩЕГОСЯ В ГОСУДАРСТВЕННОЙ И МУНИЦИПАЛЬНОЙ СОБСТВЕННОСТИ | B47: 00011100000000000000 | C47: 23792.9 | D47: 637.9899 | E47: 1756.4997 | F47: 275.3177 | G47: 1118.5098 | H47: 7.3824
A48: Доходы, получаемые в виде арендной платы за земельные участки, государственная собственность на которые не разграничена, а также средства от продажи права на заключение договоров аренды указанных земельных участков | B48: 00011105010000000120 | C48: 10120.4 | D48: 367.8974 | E48: 166.8817 | F48: 45.3609 | G48: -201.0157 | H48: 1.6489
A49: Доходы, получаемые в виде арендной платы за земли после разграничения государственной собственности на землю, а также средства от продажи права на заключение договоров аренды указанных земельных участков (за исключением земельных участков бюджетных и автономных учреждений) | B49: 00011105020000000120 | C49: 5408.5 | D49: 35.7195 | E49: 576.5449 | F49: 1614.09 | G49: 540.8254 | H49: 10.6599
A50: Доходы, получаемые в виде арендной платы за земельные участки, которые находятся в федеральной собственности и осуществление полномочий по управлению и распоряжению которыми передано органам государственной власти субъектов Российской Федерации, а также средства от продажи права на заключение договоров аренды указанных земельных участков | B50: 00011105026000000120 | C50: 0 | D50: 0 | E50: 0 | F50: 0 | G50: 0 | H50: 0
A51: Доходы от сдачи в аренду имущества, находящегося в оперативном управлении органов государственной власти, органов местного самоуправления, государственных внебюджетных фондов и созданных ими учреждений (за исключением имущества бюджетных и автономных учреждений) | B51: 00011105030000000120 | C51: 0 | D51: 0 | E51: 0 | F51: 0 | G51: 0 | H51: 0
A52: Доходы от сдачи в аренду имущества, составляющего государственную (муниципальную) казну (за исключением земельных участков) | B52: 00011105070000000120 | C52: 3420 | D52: 190.0892 | E52: 192.6142 | F52: 101.3283 | G52: 2.525 | H52: 5.6319
A53: Платежи от государственных и муниципальных унитарных предприятий | B53: 00011107000000000120 | C53: 1050 | D53: 0 | E53: 0 | F53: 0 | G53: 0 | H53: 0
A54: Средства, получаемые от передачи имущества, находящегося в государственной и муниципальной собственности (за исключением имущества бюджетных и автономных учреждений, а также имущества государственных и муниципальных унитарных предприятий, в том числе казенных), в залог, в доверительное управление | B54: 00011108000000000120 | C54: 0 | D54: 0 | E54: 0 | F54: 0 | G54: 0 | H54: 0
A55: Прочие доходы от использования имущества и прав, находящихся в государственной и муниципальной собственности (за исключением имущества бюджетных и автономных учреждений, а также имущества государственных и муниципальных унитарных предприятий, в том числе казенных) | B55: 00011109000000000120 | C55: 3794 | D55: 44.2839 | E55: 820.4589 | F55: 1852.725 | G55: 776.175 | H55: 21.6251
A56: ПЛАТЕЖИ ПРИ ПОЛЬЗОВАНИИ ПРИРОДНЫМИ РЕСУРСАМИ | B56: 00011200000000000000 | C56: 1399.8 | D56: 5.6272 | E56: 0 | F56: 0 | G56: -5.6272 | H56: 0
A57: ДОХОДЫ ОТ ОКАЗАНИЯ ПЛАТНЫХ УСЛУГ (РАБОТ) И КОМПЕНСАЦИИ ЗАТРАТ ГОСУДАРСТВА | B57: 00011300000000000000 | C57: 7145.2 | D57: 58.4534 | E57: 427.25 | F57: 730.9241 | G57: 368.7966 | H57: 5.9795
A58: Доходы от оказания платных услуг (работ) | B58: 00011301000000000130 | C58: 7135.2 | D58: 11.9 | E58: 417.25 | F58: 3506.3025 | G58: 405.35 | H58: 5.8477
... A70: инициативные платежи | B70: 000 1171500000 0000 150 | C70: 0 | D70: 0 | E70: 0 | F70: 0 | G70: 0 | H70: 0

Sheet Свод по РА
A5: Анализ поступления налоговых и неналоговых доходов консолидированного бюджета муниципального образования
A7: по состоянию на 1 февраля 2026 г.
H9: СВОД ПО РЕСПУБЛИКЕ
A11: Единица измерения: тыс. руб
A13: Наименование показателя | B13: Код Дохода | C13: Годовой план | G13: Фактическое поступление за прошлый финансовый год | K13: Фактическое поступление в отчетном финансовом году | O13: Темп роста КБ МО, % | S13: Отклонение (+/-) | W13: % выполнения плана
C15: ГО | D15: МР | E15: СП | F15: Итого по КБ МО | G15: ГО | H15: МР | I15: СП | J15: Итого по КБ МО | K15: ГО | L15: МР | M15: СП | N15: Итого по КБ МО | O15: ГО | P15: МР | Q15: СП | R15: Итого по КБ МО | S15: ГО | T15: МР | U15: СП | V15: Итого по КБ МО | W15: ГО | X15: МР | Y15: СП | Z15: КБ МО
A17: 1 | B17: 2 | C17: 3 | D17: 4 | E17: 5 | F17: 6 | G17: 7 | H17: 8 | I17: 9 | J17: 10 | K17: 11 | L17: 12 | M17: 13 | N17: 14 | O17: 15 | P17: 16 | Q17: 17 | R17: 18 | S17: 19 | T17: 20 | U17: 21 | V17: 22 | W17: 23 | X17: 24 | Y17: 25 | Z17: 26
A18: НАЛОГОВЫЕ И НЕНАЛОГОВЫЕ ДОХОДЫ | B18: 00010000000000000000 | C18: 2195800 | D18: 3153145.2 | E18: 543357.87 | F18: =C18+D18+E18+'Турочакский р-он'!E18+'Чойский р-он'!E18 -> 6629488.1 | G18: 60336.599 | H18: 190881.93 | I18: 16090.34 | J18: 267308.87 | K18: 53771.381 | L18: 100065.24 | M18: 30328.201 | N18: =M18+K18+L18+'Турочакский р-он'!K18+'Чойский р-он'!K18 -> 231079.97 | O18: 89.119 | P18: 52.4225 | Q18: 188.487 | R18: =N18/J18% -> 86.446801 | S18: -6565.2176 | T18: -90816.693 | U18: 14237.862 | V18: =N18-J18 -> -36228.902 | W18: 2.4488 | X18: 3.1735 | Y18: 5.5816 | Z18: 3.1255
A19: НАЛОГОВЫЕ И НЕНАЛОГОВЫЕ ДОХОДЫ без невыясненных поступлений | C19: 2195800 | D19: 3153145.2 | E19: 543357.87 | F19: =C19+D19+E19+'Турочакский р-он'!E19+'Чойский р-он'!E19 -> 6629488.1 | G19: 60336.959 | H19: 190828.95 | I19: 15922.96 | J19: 267088.86 | K19: 53379.398 | L19: 100042.83 | M19: 30328.057 | N19: =M19+K19+L19+'Турочакский р-он'!K19+'Чойский р-он'!K19 -> 230665.43 | O19: 88.4688 | P19: 52.4253 | Q19: 190.4674 | R19: =N19/J19% -> 86.362804 | S19: -6957.5606 | T19: -90786.115 | U19: 14405.097 | V19: =N19-J19 -> -36423.432 | W19: 2.4309 | X19: 3.1727 | Y19: 5.5815 | Z19: 3.1184
A20: Налоговые доходы | C20: 2140976.6 | D20: 2872110 | E20: 494641.25 | F20: =C20+D20+E20+'Турочакский р-он'!E20+'Чойский р-он'!E20 -> 6202471.9 | G20: 57848.927 | H20: 152425.15 | I20: 12582.388 | J20: 222856.47 | K20: 50333.626 | L20: 89581.168 | M20: 19213.723 | N20: =M20+K20+L20+'Турочакский р-он'!K20+'Чойский р-он'!K20 -> 204275.43 | O20: 87.0087 | P20: 58.7705 | Q20: 152.7033 | R20: =N20/J20% -> 91.66233 | S20: -7515.3015 | T20: -62843.986 | U20: 6631.3352 | V20: =N20-J20 -> -18581.037 | W20: 2.3509 | X20: 3.119 | Y20: 3.8843 | Z20: 2.8891
A21: НАЛОГ НА ДОХОДЫ ФИЗИЧЕСКИХ ЛИЦ | B21: 00010102000010000110 | C21: 1473185.1 | D21: 2235836.8 | E21: 88529.93 | F21: =C21+D21+E21+'Турочакский р-он'!E21+'Чойский р-он'!E21 -> 4085505.7 | G21: 40329.323 | H21: 73358.049 | I21: 2771.6768 | J21: 116459.05 | K21: 40351.83 | L21: 72481.741 | M21: 2757.0075 | N21: =M21+K21+L21+'Турочакский р-он'!K21+'Чойский р-он'!K21 -> 127395.32 | O21: 100.0558 | P21: 98.8054 | Q21: 99.4707 | R21: =N21/J21% -> 109.39066 | S21: 22.5066 | T21: -876.3079 | U21: -14.6693 | V21: =N21-J21 -> 10936.275 | W21: 2.739 | X21: 3.2418 | Y21: 3.1142 | Z21: 3.0438
A22: АКЦИЗЫ ПО ПОДАКЦИЗНОЙ ПРОДУКЦИИ | B22: 00010300000000000000 | C22: 19758.5 | D22: 160942.99 | E22: 0 | F22: =C22+D22+E22+'Турочакский р-он'!E22+'Чойский р-он'!E22 -> 217380.77 | G22: 1494.5932 | H22: 17010.902 | I22: 0 | J22: 18505.496 | K22: 1496.2857 | L22: 12588.15 | M22: 0 | N22: =M22+K22+L22+'Турочакский р-он'!K22+'Чойский р-он'!K22 -> 16933.972 | O22: 100.1132 | P22: 74.0004 | Q22: 0 | R22: =N22/J22% -> 91.507802 | S22: 1.6925 | T22: -4422.7519 | U22: 0 | V22: =N22-J22 -> -1571.5234 | W22: 7.5728 | X22: 7.8214 | Y22: 0 | Z22: 7.7943
A23: Туристический налог | B23: 00010303000010000110 | C23: 9499.2 | D23: 0 | E23: 164813.64 | F23: =C23+D23+E23+'Турочакский р-он'!E23+'Чойский р-он'!E23 -> 184130.04 | G23: 0 | H23: 0 | I23: 0 | J23: 0 | K23: 1028.791 | L23: 0 | M23: 13995.567 | N23: =M23+K23+L23+'Турочакский р-он'!K23+'Чойский р-он'!K23 -> 15462.945 | O23: 0 | P23: 0 | Q23: 0 | R23: =N23/J23% -> #DIV/0! | S23: 1028.791 | T23: 0 | U23: 13995.567 | V23: =N23-J23 -> 15462.945 | W23: 10.8302 | X23: 0 | Y23: 8.4917 | Z23: 8.6191
A24: НАЛОГИ НА СОВОКУПНЫЙ ДОХОД | B24: 00010500000000000000 | C24: 339488.3 | D24: 58378.19 | E24: 3009.4 | F24: =C24+D24+E24+'Турочакский р-он'!E24+'Чойский р-он'!E24 -> 411922.09 | G24: 11488.156 | H24: 27904.154 | I24: 4678.1626 | J24: 44070.473 | K24: 1563.288 | L24: -925.3322 | M24: 0.6962 | N24: =M24+K24+L24+'Турочакский р-он'!K24+'Чойский р-он'!K24 -> 602.1662 | O24: 13.6078 | P24: -3.3161 | Q24: 0.0148 | R24: =N24/J24% -> 1.3663711 | S24: -9924.868 | T24: -28829.486 | U24: -4677.4664 | V24: =N24-J24 -> -43468.307 | W24: 0.4604 | X24: -1.585 | Y24: 0.0231 | Z24: 0.1593
A25: Налог, взимаемый в связи с применением упрощенной системы налогообложения | B25: 00010501000000000110 | C25: 310096.3 | D25: 0 | E25: 0 | F25: =C25+D25+E25+'Турочакский р-он'!E25+'Чойский р-он'!E25 -> 310096.3 | G25: -2963.7065 | H25: 0 | I25: 0 | J25: -2963.7065 | K25: 1518.7307 | L25: 0 | M25: 0 | N25: =M25+K25+L25+'Турочакский р-он'!K25+'Чойский р-он'!K25 -> 1543.7302 | O25: -51.2443 | P25: 0 | Q25: 0 | R25: =N25/J25% -> -52.087823 | S25: 4482.4372 | T25: 0 | U25: 0 | V25: =N25-J25 -> 4507.4367 | W25: 0.4897 | X25: 0 | Y25: 0 | Z25: 0.4897
A26: Единый налог на вмененный доход | B26: 00010502000020000110 | C26: 0 | D26: 30 | E26: 0 | F26: =C26+D26+E26+'Турочакский р-он'!E26+'Чойский р-он'!E26 -> 40 | G26: 9.5431 | H26: 8.1264 | I26: 0.075 | J26: 17.7445 | K26: 0.6925 | L26: 24.4782 | M26: 0.0002 | N26: =M26+K26+L26+'Турочакский р-он'!K26+'Чойский р-он'!K26 -> 25.1709 | O26: 7.2565 | P26: 301.2182 | Q26: 0.2666 | R26: =N26/J26% -> 141.85184 | S26: -8.8506 | T26: 16.3518 | U26: -0.0748 | V26: =N26-J26 -> 7.4264 | W26: 0 | X26: 81.594 | Y26: 0 | Z26: 83.903
A27: Единый сельскохозяйственный налог | B27: 00010503000010000110 | C27: 270.8 | D27: 6673.38 | E27: 3009.4 | F27: =C27+D27+E27+'Турочакский р-он'!E27+'Чойский р-он'!E27 -> 10100.78 | G27: 0.7513 | H27: 11.2174 | I27: 4.8074 | J27: 16.7761 | K27: 0 | L27: 1.6242 | M27: 0.6961 | N27: =M27+K27+L27+'Турочакский р-он'!K27+'Чойский р-он'!K27 -> 2.3203 | O27: 0 | P27: 14.4792 | Q27: 14.4797 | R27: =N27/J27% -> 13.830986 | S27: -0.7513 | T27: -9.5932 | U27: -4.1113 | V27: =N27-J27 -> -14.4558 | W27: 0 | X27: 0.0243 | Y27: 0.0231 | Z27: 0.0233
A28: Налог, взимаемый в связи с применением патентной системы налогообложения | B28: 00010504000020000110 | C28: 29121.2 | D28: 51674.81 | E28: 0 | F28: =C28+D28+E28+'Турочакский р-он'!E28+'Чойский р-он'!E28 -> 91685.01 | G28: 14441.568 | H28: 27884.81 | I28: 4673.2802 | J28: 46999.659 | K28: 43.8648 | L28: -951.4346 | M28: 0 | N28: =M28+K28+L28+'Турочакский р-он'!K28+'Чойский р-он'!K28 -> -969.0551 | O28: 0.3037 | P28: -3.412 | Q28: 0 | R28: =N28/J28% -> -2.0618343 | S28: -14397.703 | T28: -28836.245 | U28: -4673.2802 | V28: =N28-J28 -> -47968.714 | W28: 0.1506 | X28: -1.8411 | Y28: 0 | Z28: -1.1232
A29: НАЛОГИ НА ИМУЩЕСТВО | B29: 00010600000000000000 | C29: 242227.1 | D29: 294759.8 | E29: 238236.28 | F29: =C29+D29+E29+'Турочакский р-он'!E29+'Чойский р-он'!E29 -> 839075.68 | G29: 1054.0816 | H29: 1843.7362 | I29: 5128.9803 | J29: 8026.7981 | K29: 1782.9922 | L29: -2343.4698 | M29: 2458.9525 | N29: =M29+K29+L29+'Турочакский р-он'!K29+'Чойский р-он'!K29 -> 2770.2443 | O29: 169.1512 | P29: -127.1043 | Q29: 47.9423 | R29: =N29/J29% -> 34.512445 | S29: 728.9106 | T29: -4187.206 | U29: -2670.0278 | V29: =N29-J29 -> -5256.5538 | W29: 0.736 | X29: -0.795 | Y29: 1.0321 | Z29: 0.2448
A30: Налог на имущество физических лиц | B30: 00010601000000000110 | C30: 44287.4 | D30: 0 | E30: 73346.51 | F30: =C30+D30+E30+'Турочакский р-он'!E30+'Чойский р-он'!E30 -> 126806.41 | G30: 573.2126 | H30: 0 | I30: 1577.7412 | J30: 2150.9538 | K30: 912.7239 | L30: 0 | M30: 785.0867 | N30: =M30+K30+L30+'Турочакский р-он'!K30+'Чойский р-он'!K30 -> 2081.293 | O30: 159.2295 | P30: 0 | Q30: 49.7601 | R30: =N30/J30% -> 96.7614 | S30: 339.5113 | T30: 0 | U30: -792.6545 | V30: =N30-J30 -> -69.6608 | W30: 2.0609 | X30: 0 | Y30: 1.0703 | Z30: 1.4433
A31: Налог на имущество организаций | B31: 00010602000020000110 | C31: 153074.7 | D31: 294759.8 | E31: 0 | F31: =C31+D31+E31+'Турочакский р-он'!E31+'Чойский р-он'!E31 -> 482044.5 | G31: 295.3199 | H31: 1843.7362 | I31: 0 | J31: 2139.0561 | K31: 493.4645 | L31: -2343.4698 | M31: 0 | N31: =M31+K31+L31+'Турочакский р-он'!K31+'Чойский р-он'!K31 -> -1685.2689 | O31: 167.0949 | P31: -127.1043 | Q31: 0 | R31: =N31/J31% -> -78.785634 | S31: 198.1446 | T31: -4187.206 | U31: 0 | V31: =N31-J31 -> -3824.325 | W31: 0.3223 | X31: -0.795 | Y31: 0 | Z31: -0.4131
A32: Земельный налог всего, в том числе: | B32: 00010606000000000110 | C32: 44865 | D32: 0 | E32: 164889.77 | F32: =C32+D32+E32+'Турочакский р-он'!E32+'Чойский р-он'!E32 -> 230224.77 | G32: 185.5491 | H32: 0 | I32: 3551.2391 | J32: 3736.7882 | K32: 376.8038 | L32: 0 | M32: 1673.8658 | N32: =M32+K32+L32+'Турочакский р-он'!K32+'Чойский р-он'!K32 -> 2374.2204 | O32: 203.0749 | P32: 0 | Q32: 47.1346 | R32: =N32/J32% -> 63.536392 | S32: 191.2547 | T32: 0 | U32: -1877.3733 | V32: =N32-J32 -> -1362.5678 | W32: 0.8398 | X32: 0 | Y32: 1.0151 | Z32: 0.9776
... A44: ЗАДОЛЖЕННОСТЬ И ПЕРЕРАСЧЕТЫ ПО ОТМЕНЕННЫМ НАЛОГАМ, СБОРАМ И ИНЫМ ОБЯЗАТЕЛЬНЫМ ПЛАТЕЖАМ | B44: 00010900000000000000 | C44: 0 | D44: 0 | E44: 0 | F44: =C44+D44+E44+'Турочакский р-он'!E44+'Чойский р-он'!E44 -> 0 | G44: 0 | H44: 0 | I44: -0.6318 | J44: -0.6318 | K44: 0 | L44: 0 | M44: 0 | N44: =M44+K44+L44+'Турочакский р-он'!K44+'Чойский р-он'!K44 -> 0 | O44: 0 | P44: 0 | Q44: 0 | R44: =N44/J44% -> 0 | S44: 0 | T44: 0 | U44: 0.6318 | V44: =N44-J44 -> 0.6318 | W44: 0 | X44: 0 | Y44: 0 | Z44: 0
A45: Неналоговые доходы | C45: 54823.4 | D45: 281035.2 | E45: 48716.622 | F45: =C45+D45+E45+'Турочакский р-он'!E45+'Чойский р-он'!E45 -> 427016.22 | G45: 2487.6714 | H45: 38456.779 | I45: 3507.9521 | J45: 44452.403 | K45: 3437.7552 | L45: 10484.072 | M45: 11114.478 | N45: =M45+K45+L45+'Турочакский р-он'!K45+'Чойский р-он'!K45 -> 26804.537 | O45: 138.1916 | P45: 27.2619 | Q45: 316.8366 | R45: =N45/J45% -> 60.29941 | S45: 950.0838 | T45: -27972.707 | U45: 7606.5264 | V45: =N45-J45 -> -17647.866 | W45: 6.2705 | X45: 3.7305 | Y45: 22.8145 | Z45: 6.5101
A46: Неналоговые доходы без невыясненных поступлений | C46: 54823.4 | D46: 281035.2 | E46: 48716.622 | F46: =C46+D46+E46+'Турочакский р-он'!E46+'Чойский р-он'!E46 -> 427016.22 | G46: 2488.0314 | H46: 38403.792 | I46: 3340.5724 | J46: 44232.396 | K46: 3045.7722 | L46: 10461.663 | M46: 11114.334 | N46: =M46+K46+L46+'Турочакский р-он'!K46+'Чойский р-он'!K46 -> 26390 | O46: 122.4169 | P46: 27.2412 | Q46: 332.7074 | R46: =N46/J46% -> 59.662153 | S46: 557.7408 | T46: -27942.129 | U46: 7773.7612 | V46: =N46-J46 -> -17842.396 | W46: 5.5556 | X46: 3.7225 | Y46: 22.8142 | Z46: 6.4023
A47: ДОХОДЫ ОТ ИСПОЛЬЗОВАНИЯ ИМУЩЕСТВА, НАХОДЯЩЕГОСЯ В ГОСУДАРСТВЕННОЙ И МУНИЦИПАЛЬНОЙ СОБСТВЕННОСТИ | B47: 00011100000000000000 | C47: 23792.9 | D47: 136999.62 | E47: 31887.882 | F47: =C47+D47+E47+'Турочакский р-он'!E47+'Чойский р-он'!E47 -> 215650.9 | G47: 637.9899 | H47: 1510.4876 | I47: 1803.6612 | J47: 3952.1387 | K47: 1756.4997 | L47: 4987.5774 | M47: 2139.5172 | N47: =M47+K47+L47+'Турочакский р-он'!K47+'Чойский р-он'!K47 -> 9528.4717 | O47: 275.3177 | P47: 330.1965 | Q47: 118.6207 | R47: =N47/J47% -> 241.09659 | S47: 1118.5098 | T47: 3477.0898 | U47: 335.856 | V47: =N47-J47 -> 5576.333 | W47: 7.3824 | X47: 3.6405 | Y47: 6.7094 | Z47: 4.6105
A48: Доходы, получаемые в виде арендной платы за земельные участки, государственная собственность на которые не разграничена, а также средства от продажи права на заключение договоров аренды указанных земельных участков | B48: 00011105010000000120 | C48: 10120.4 | D48: 106720.95 | E48: 0 | F48: =C48+D48+E48+'Турочакский р-он'!E48+'Чойский р-он'!E48 -> 131251.07 | G48: 367.8974 | H48: 4697.2789 | I48: 0 | J48: 5065.1763 | K48: 166.8817 | L48: 4513.617 | M48: 0 | N48: =M48+K48+L48+'Турочакский р-он'!K48+'Чойский р-он'!K48 -> 5415.7281 | O48: 45.3609 | P48: 96.09 | Q48: 0 | R48: =N48/J48% -> 106.92082 | S48: -201.0157 | T48: -183.6619 | U48: 0 | V48: =N48-J48 -> 350.5518 | W48: 1.6489 | X48: 4.2293 | Y48: 0 | Z48: 4.0058
A49: Доходы, получаемые в виде арендной платы за земли после разграничения государственной собственности на землю, а также средства от продажи права на заключение договоров аренды указанных земельных участков (за исключением земельных участков бюджетных и автономных учреждений) | B49: 00011105020000000120 | C49: 5408.5 | D49: 22460.6 | E49: 28288.39 | F49: =C49+D49+E49+'Турочакский р-он'!E49+'Чойский р-он'!E49 -> 64269.97 | G49: 35.7195 | H49: -4150.3951 | I49: 1545.5707 | J49: -2569.1049 | K49: 576.5449 | L49: 271.1835 | M49: 1722.9881 | N49: =M49+K49+L49+'Турочакский р-он'!K49+'Чойский р-он'!K49 -> 2714.0568 | O49: 1614.09 | P49: -6.5339 | Q49: 111.479 | R49: =N49/J49% -> -105.64212 | S49: 540.8254 | T49: 4421.5786 | U49: 177.4174 | V49: =N49-J49 -> 5283.1617 | W49: 10.6599 | X49: 1.2073 | Y49: 6.0907 | Z49: 4.5776
A50: Доходы, получаемые в виде арендной платы за земельные участки, которые находятся в федеральной собственности и осуществление полномочий по управлению и распоряжению которыми передано органам государственной власти субъектов Российской Федерации, а также средства от продажи права на заключение договоров аренды указанных земельных участков | B50: 00011105026000000120 | C50: 0 | D50: 0 | E50: 0 | F50: =C50+D50+E50+'Турочакский р-он'!E50+'Чойский р-он'!E50 -> 0 | G50: 0 | H50: 0 | I50: 0 | J50: 0 | K50: 0 | L50: 0 | M50: 9.143 | N50: =M50+K50+L50+'Турочакский р-он'!K50+'Чойский р-он'!K50 -> 9.143 | O50: 0 | P50: 0 | Q50: 0 | R50: =N50/J50% -> #DIV/0! | S50: 0 | T50: 0 | U50: 9.143 | V50: =N50-J50 -> 9.143 | W50: 0 | X50: 0 | Y50: 0 | Z50: 0
A51: Доходы от сдачи в аренду имущества, находящегося в оперативном управлении органов государственной власти, органов местного самоуправления, государственных внебюджетных фондов и созданных ими учреждений (за исключением имущества бюджетных и автономных учреждений) | B51: 00011105030000000120 | C51: 0 | D51: 4478.122 | E51: 1001.312 | F51: =C51+D51+E51+'Турочакский р-он'!E51+'Чойский р-он'!E51 -> 5825.734 | G51: 0 | H51: 923.5369 | I51: 56.0448 | J51: 979.5817 | K51: 0 | L51: 26.1847 | M51: 58.7116 | N51: =M51+K51+L51+'Турочакский р-он'!K51+'Чойский р-он'!K51 -> -148.796 | O51: 0 | P51: 2.8352 | Q51: 104.7583 | R51: =N51/J51% -> -15.189749 | S51: 0 | T51: -897.3522 | U51: 2.6668 | V51: =N51-J51 -> -1128.3777 | W51: 0 | X51: 0.5847 | Y51: 5.8634 | Z51: 1.5493
A52: Доходы от сдачи в аренду имущества, составляющего государственную (муниципальную) казну (за исключением земельных участков) | B52: 00011105070000000120 | C52: 3420 | D52: 719.5 | E52: 0 | F52: =C52+D52+E52+'Турочакский р-он'!E52+'Чойский р-он'!E52 -> 4139.5 | G52: 190.0892 | H52: 5.7049 | I52: 0 | J52: 195.7941 | K52: 192.6142 | L52: 8.2346 | M52: 0 | N52: =M52+K52+L52+'Турочакский р-он'!K52+'Чойский р-он'!K52 -> 200.8488 | O52: 101.3283 | P52: 144.3425 | Q52: 0 | R52: =N52/J52% -> 102.58164 | S52: 2.525 | T52: 2.5297 | U52: 0 | V52: =N52-J52 -> 5.0547 | W52: 5.6319 | X52: 1.1444 | Y52: 0 | Z52: 4.852
A53: Платежи от государственных и муниципальных унитарных предприятий | B53: 00011107000000000120 | C53: 1050 | D53: 0 | E53: 0 | F53: =C53+D53+E53+'Турочакский р-он'!E53+'Чойский р-он'!E53 -> 1050 | G53: 0 | H53: 0 | I53: 0 | J53: 0 | K53: 0 | L53: 50 | M53: 0 | N53: =M53+K53+L53+'Турочакский р-он'!K53+'Чойский р-он'!K53 -> 50 | O53: 0 | P53: 0 | Q53: 0 | R53: =N53/J53% -> #DIV/0! | S53: 0 | T53: 50 | U53: 0 | V53: =N53-J53 -> 50 | W53: 0 | X53: 0 | Y53: 0 | Z53: 4.7619
A54: Средства, получаемые от передачи имущества, находящегося в государственной и муниципальной собственности (за исключением имущества бюджетных и автономных учреждений, а также имущества государственных и муниципальных унитарных предприятий, в том числе казенных), в залог, в доверительное управление | B54: 00011108000000000120 | C54: 0 | D54: 0 | E54: 0 | F54: =C54+D54+E54+'Турочакский р-он'!E54+'Чойский р-он'!E54 -> 102 | G54: 0 | H54: 4.7772 | I54: 0 | J54: 4.7772 | K54: 0 | L54: 0 | M54: 0 | N54: =M54+K54+L54+'Турочакский р-он'!K54+'Чойский р-он'!K54 -> 0 | O54: 0 | P54: 0 | Q54: 0 | R54: =N54/J54% -> 0 | S54: 0 | T54: -4.7772 | U54: 0 | V54: =N54-J54 -> -4.7772 | W54: 0 | X54: 0 | Y54: 0 | Z54: 0
A55: Прочие доходы от использования имущества и прав, находящихся в государственной и муниципальной собственности (за исключением имущества бюджетных и автономных учреждений, а также имущества государственных и муниципальных унитарных предприятий, в том числе казенных) | B55: 00011109000000000120 | C55: 3794 | D55: 2557.15 | E55: 2574.18 | F55: =C55+D55+E55+'Турочакский р-он'!E55+'Чойский р-он'!E55 -> 8925.33 | G55: 44.2839 | H55: 29.5849 | I55: 202.0457 | J55: 275.9145 | K55: 820.4589 | L55: 87.1715 | M55: 348.6744 | N55: =M55+K55+L55+'Турочакский р-он'!K55+'Чойский р-он'!K55 -> 1256.3048 | O55: 1852.725 | P55: 294.6486 | Q55: 172.572 | R55: =N55/J55% -> 455.32395 | S55: 776.175 | T55: 57.5866 | U55: 146.6287 | V55: =N55-J55 -> 980.3903 | W55: 21.6251 | X55: 3.4089 | Y55: 13.545 | Z55: 14.0757
A56: ПЛАТЕЖИ ПРИ ПОЛЬЗОВАНИИ ПРИРОДНЫМИ РЕСУРСАМИ | B56: 00011200000000000000 | C56: 1399.8 | D56: 3065.33 | E56: 0 | F56: =C56+D56+E56+'Турочакский р-он'!E56+'Чойский р-он'!E56 -> 7155.13 | G56: 5.6272 | H56: 227.2674 | I56: 0 | J56: 232.8946 | K56: 0 | L56: 0 | M56: 0 | N56: =M56+K56+L56+'Турочакский р-он'!K56+'Чойский р-он'!K56 -> 0 | O56: 0 | P56: 0 | Q56: 0 | R56: =N56/J56% -> 0 | S56: -5.6272 | T56: -227.2674 | U56: 0 | V56: =N56-J56 -> -232.8946 | W56: 0 | X56: 0 | Y56: 0 | Z56: 0
A57: ДОХОДЫ ОТ ОКАЗАНИЯ ПЛАТНЫХ УСЛУГ (РАБОТ) И КОМПЕНСАЦИИ ЗАТРАТ ГОСУДАРСТВА | B57: 00011300000000000000 | C57: 7145.2 | D57: 71450.39 | E57: 1688.94 | F57: =C57+D57+E57+'Турочакский р-он'!E57+'Чойский р-он'!E57 -> 81808.03 | G57: 58.4534 | H57: 2954.0518 | I57: 89.4087 | J57: 3101.9139 | K57: 427.25 | L57: 2762.9675 | M57: 55.2589 | N57: =M57+K57+L57+'Турочакский р-он'!K57+'Чойский р-он'!K57 -> 3254.8097 | O57: 730.9241 | P57: 93.5314 | Q57: 61.8048 | R57: =N57/J57% -> 104.92908 | S57: 368.7966 | T57: -191.0843 | U57: -34.1498 | V57: =N57-J57 -> 152.8958 | W57: 5.9795 | X57: 3.8669 | Y57: 3.2718 | Z57: 4.0424
A58: Доходы от оказания платных услуг (работ) | B58: 00011301000000000130 | C58: 7135.2 | D58: 68708.68 | E58: 232.512 | F58: =C58+D58+E58+'Турочакский р-он'!E58+'Чойский р-он'!E58 -> 76476.107 | G58: 11.9 | H58: 2753.0441 | I58: 19.5 | J58: 2784.4441 | K58: 417.25 | L58: 2305.1518 | M58: 3 | N58: =M58+K58+L58+'Турочакский р-он'!K58+'Чойский р-он'!K58 -> 2726.9787 | O58: 3506.3025 | P58: 83.731 | Q58: 15.3846 | R58: =N58/J58% -> 97.936198 | S58: 405.35 | T58: -447.8923 | U58: -16.5 | V58: =N58-J58 -> -57.4654 | W58: 5.8477 | X58: 3.3549 | Y58: 1.2902 | Z58: 3.5824
... A66: ПРОЧИЕ НЕНАЛОГОВЫЕ ДОХОДЫ | B66: 00011700000000000000 | C66: 57.3 | D66: 0 | E66: 267.4 | F66: =C66+D66+E66+'Турочакский р-он'!E66+'Чойский р-он'!E66 -> 444.7 | G66: 1.9677 | H66: 52.9871 | I66: 167.3797 | J66: 222.3345 | K66: 452.455 | L66: 22.4089 | M66: 0.1449 | N66: =M66+K66+L66+'Турочакский р-он'!K66+'Чойский р-он'!K66 -> 475.0088 | O66: 22994.105 | P66: 42.2912 | Q66: 0.0865 | R66: =N66/J66% -> 213.64602 | S66: 450.4873 | T66: -30.5782 | U66: -167.2348 | V66: =N66-J66 -> 252.6743 | W66: 789.6247 | X66: 0 | Y66: 0.0541 | Z66: 146.2915
A67: в т.ч.невыясненные поступления | B67: 00011701000000000180 | C67: 0 | D67: 0 | E67: 0 | F67: =C67+D67+E67+'Турочакский р-он'!E67+'Чойский р-он'!E67 -> 0 | G67: -0.36 | H67: 52.9871 | I67: 167.3797 | J67: 220.0068 | K67: 391.983 | L67: 22.4089 | M67: 0.1449 | N67: 414.5368 | O67: -108884.17 | P67: 42.2912 | Q67: 0.0865 | R67: 188.4199 | S67: 392.343 | T67: -30.5782 | U67: -167.2348 | V67: 194.53 | W67: 0 | X67: 0 | Y67: 0 | Z67: 0
A68: прочие неналоговые доходы | B68: 00011705000000000180 | C68: 57.3 | D68: 0 | E68: 150 | F68: =C68+D68+E68+'Турочакский р-он'!E68+'Чойский р-он'!E68 -> 327.3 | G68: 2.3277 | H68: 0 | I68: 0 | J68: 2.3277 | K68: 60.472 | L68: 0 | M68: 0 | N68: 60.472 | O68: 2597.9292 | P68: 0 | Q68: 0 | R68: 2597.9292 | S68: 58.1443 | T68: 0 | U68: 0 | V68: 58.1443 | W68: 105.5357 | X68: 0 | Y68: 0 | Z68: 29.1712
A69: средства самообложения | B69: 00011714000000000150 | C69: 0 | D69: 0 | E69: 117.4 | F69: =C69+D69+E69+'Турочакский р-он'!E69+'Чойский р-он'!E69 -> 117.4 | G69: 0 | H69: 0 | I69: 0 | J69: 0 | K69: 0 | L69: 0 | M69: 0 | N69: 0 | O69: 0 | P69: 0 | Q69: 0 | R69: 0 | S69: 0 | T69: 0 | U69: 0 | V69: 0 | W69: 0 | X69: 0 | Y69: 0 | Z69: 0
A70: инициативные платежи | B70: 000 1171500000 0000 150 | C70: 0 | D70: 0 | E70: 0 | F70: =C70+D70+E70+'Турочакский р-он'!E70+'Чойский р-он'!E70 -> 0 | G70: 0 | H70: 0 | I70: 0 | J70: 0 | K70: 0 | L70: 0 | M70: 0 | N70: 0 | O70: 0 | P70: 0 | Q70: 0 | R70: 0 | S70: 0 | T70: 0 | U70: 0 | V70: 0 | W70: 0 | X70: 0 | Y70: 0 | Z70: 0
